Workbook

Sheet TRESORERIE
C1: 1ère SEM 01/2015 | D1: 02/01 - 03/01 | E1: 2ème SEMAINE 01/2015 | J1: 05/01 - 09/01 | K1: 3ème SEMAINE 01/2015 | O1: 12/01 - 16/01 | P1: 4ème SEMAINE 01/2015 | U1: 19/01 - 23/01 | V1: 5ème SEMAINE 01/2015 | AA1: 26/01 - 30/01 | AB1: 42005 | AC1: 1ère SEMAINE 02/2015 | AH1: 02/02 - 06/02 | AI1: 2ème SEMAINE 02/2015 | AN1: 09/02 - 14/02 | AO1: 3ème SEMAINE 02/2015 | AT1: 16/02 - 20/02 | AU1: 4ème SEMAINE 02/2015 | AZ1: 23/02 - 28/02 | BA1: 42036 | BB1: 1ère SEMAINE 03/2015 | BG1: 02/03 - 06/03 | BH1: 2ème SEMAINE 03/2015 | BM1: 09/03 - 13/03 | BN1: 3ème SEMAINE 03/2015 | BR1: 16/03 - 19/03 | BS1: 4ème SEMAINE 03/2015 | BX1: 23/03 - 27/03 | CA1: 30/03 - 31/03 | CB1: 42064 | CC1: 1ère SEMAINE 04/2015 | CF1: 01/04 - 05/04 | CG1: 2éme SEMAINE 04/2015 | CK1: 06/04 - 12/04 | CL1: 3éme SEMAINE 04/2015 | CQ1: 13/04 - 19/04 | CR1: 4éme SEMAINE 04/2015 | CW1: 20/04 - 26/04 | CX1: 5éme SEMAINE 05/2015 | DB1: 27/04 - 30/04 | DC1: 42095 | DD1: 1ère SEMAINE 05/2015 | DI1: 01/05 - 09/05 | DJ1: 2éme SEMAINE 05/2015 | DO1: 11/05 - 17/05 | DP1: 3éme SEMAINE 05/2015 | DU1: 18/05 - 24/05 | DV1: 4éme SEMAINE 05/2015 | EA1: 25/05 - 31/05 | EB1: 42125 | EC1: 1ère SEMAINE 06/2015 | EH1: 01/06 - 07/06 | EI1: 2ème SEMAINE 06/2015 | EN1: 08/06 - 14/06 | EO1: 3ème SEMAINE 06/2015 | ET1: 15/06 - 21/06 | EU1: 4ème SEMAINE 06/2015 | FB1: 22/06 - 30/06 | FC1: 42156 | FD1: 1ère SEMAINE 07/2015 | FG1: 01/07 - 05/07 | FH1: 2ème SEMAINE 07/2015 | FM1: 06/07 - 12/07 | FN1: 3ème SEMAINE 07/2015 | FR1: 13/07 - 19/07 | FS1: 4ème SEMAINE 07/2015 | FX1: 20/07 - 26/07 | FY1: 5ème SEMAINE 07/2015 | GD1: 27/07 - 31/07 | GE1: 42186 | GF1: 1ère SEMAINE 08/2015 | GK1: 01/08 - 09/08 | GL1: 2ème SEMAINE 08/2015 | GP1: 10/08 - 16/08 | GQ1: 3ème SEMAINE 08/2015 | GV1: 17/08 - 23/08 | GW1: 4ème SEMAINE 08/2015 | HC1: 24/08 - 31/08 | HD1: 42217 | HE1: 1ère SEMAINE 09/2015 | HI1: 01/09 - 06/09 | HJ1: 2ème SEMAINE 09/2015 | HO1: 07/09 - 13/09 | HP1: 3ème SEMAINE 09/2015 | HU1: 14/09 - 20/09 | HV1: 4ème SEMAINE 09/2015 | HY1: 21/09 - 27/09 | HZ1: 5ème SEMAINE 09/2015 | IC1: 29/09 - 30/09 | ID1: 42248 | IE1: 1er SEMAINE 10/2015 | IG1: 01/10 - 04/10 | IH1: 2ème SEMAINE 10/2015 | IM1: 05/10 - 11/10 | IN1: 3ème SEMAINE 10/2015 | IQ1: 12/10 - 18/10 | IR1: 4ème SEMAINE 10/2015 | IW1: 19/10 - 25/10 | IX1: 5ème SEMAINE 10/2015 | JC1: 26/10 - 31/10 | JD1: 42278 | JE1: 1er SEMAINE 11/2015 | JJ1: 01/11 - 08/11 | JK1: 2ème SEMAINE 11/2015 | JP1: 09/11 - 15/11 | JQ1: 3ème SEMAINE 11/2015 | JV1: 16/11 - 22/11 | JW1: 4ème SEMAINE 11/2015 | KC1: 23/11 - 30/11 | KD1: 42309 | KE1: 1er SEMAINE 12/2015 | KJ1: 01/12 - 07/12 | KK1: 2ème SEMAINE 12/2015 | KP1: 08/12 - 15/12 | KQ1: 3ème SEMAINE 12/2015 | KV1: 15/12 - 21/12 | KW1: 4ème SEMAINE 12/2015 | LB1: 22/12 - 28/12 | LC1: 5ème SEMAINE 12/2015 | LF1: 29/12 - 31/12 | LG1: 42339
C2: 42006 | E2: 42009 | F2: 42010 | G2: 42011 | H2: 42012 | I2: 42013 | K2: 42016 | L2: 42017 | M2: 42019 | N2: 42020 | P2: 42023 | Q2: 42024 | R2: 42025 | S2: 42026 | T2: 42027 | V2: 42030 | W2: 42031 | X2: 42032 | Y2: 42033 | Z2: 42034 | AC2: 42037 | AD2: 42038 | AE2: 42039 | AF2: 42040 | AG2: 42041 | AI2: 42044 | AJ2: 42045 | AK2: 42046 | AL2: 42047 | AM2: 42048 | AO2: 42051 | AP2: 42052 | AQ2: 42053 | AR2: 42054 | AS2: 42055 | AU2: 42058 | AV2: 42059 | AW2: 42060 | AX2: 42061 | AY2: 42062 | BB2: 42065 | BC2: 42066 | BD2: 42067 | BE2: 42068 | BF2: 42069 | BH2: 42072 | BI2: 42073 | BJ2: 42074 | BK2: 42075 | BL2: 42076 | BN2: 42079 | BO2: 42080 | BP2: 42081 | BQ2: 42082 | BS2: 42086 | BT2: 42087 | BU2: 42088 | BV2: 42089 | BW2: 42090 | BY2: 42093 | BZ2: 42094 | CC2: 41730 | CD2: 41731 | CE2: 41732 | CG2: 42100 | CH2: 42101 | CI2: 42102 | CJ2: 42104 | CL2: 42107 | CM2: 42108 | CN2: 42109 | CO2: 42110 | CP2: 42111 | CR2: 42114 | CS2: 42115 | CT2: 42116 | CU2: 42117 | CV2: 42118 | CX2: 42121 | CY2: 42122 | CZ2: 41758 | DA2: 41759 | DD2: 42128 | DE2: 42129 | DF2: 42130 | DG2: 41766 | DH2: 41767 | DJ2: 42135 | DK2: 42136 | DL2: 42137 | DM2: 42138 | DN2: 42139 | DP2: 42142 | DQ2: 42143 | DR2: 42144 | DS2: 42145 | DT2: 42146 | DV2: 42149 | DW2: 42150 | DX2: 42151 | DY2: 42152 | DZ2: 42153 | EC2: 42156 | ED2: 42157 | EE2: 42158 | EF2: 42159 | EG2: 42160 | EI2: 42163 | EJ2: 42164 | EK2: 42165 | EL2: 42166 | EM2: 42167 | EO2: 42170 | EP2: 42171 | EQ2: 42172 | ER2: 42173 | ES2: 42174 | EU2: 42177 | EV2: 42178 | EW2: 42179 | EX2: 42180 | EY2: 42181 | EZ2: 42184 | FA2: 42185 | FD2: 42186 | FE2: 42187 | FF2: 42188 | FH2: 42191 | FI2: 42192 | FJ2: 42193 | FK2: 42194 | FL2: 42195 | FN2: 42198 | FO2: 42199 | FP2: 42200 | FQ2: 42201 | FS2: 42205 | FT2: 42206 | FU2: 42207 | FV2: 42208 | FW2: 42209 | FY2: 42212 | FZ2: 42213 | GA2: 42214 | GB2: 42215 | GC2: 42216 | GF2: 42219 | GG2: 42220 | GH2: 42221 | GI2: 41857 | GJ2: 41858 | GL2: 42226 | GM2: 42227 | GN2: 42228 | GO2: 42230 | GQ2: 42233 | GR2: 42234 | GS2: 42235 | GT2: 42236 | GU2: 42237 | GW2: 42240 | GX2: 42241 | GY2: 42242 | GZ2: 42243 | HA2: 41879 | HB2: 42247 | HE2: 41883 | HF2: 41884 | HG2: 41885 | HH2: 41886 | HJ2: 42254 | HK2: 42255 | HL2: 42256 | HM2: 42257 | HN2: 42258 | HP2: 42261 | HQ2: 42262 | HR2: 42263 | HS2: 42264 | HT2: 42265 | HV2: 42268 | HW2: 42269 | HX2: 42270 | HZ2: 42275 | IA2: 42276 | IB2: 42277 | IE2: 42278 | IF2: 42279 | IH2: 42282 | II2: 42283 | IJ2: 42284 | IK2: 42285 | IL2: 42286 | IN2: 42289 | IO2: 42290 | IP2: 42293 | IR2: 42296 | IS2: 42297 | IT2: 42298 | IU2: 42299 | IV2: 42300 | IX2: 42303 | IY2: 42304 | IZ2: 42305 | JA2: 42306 | JB2: 42307 | JE2: 42310 | JF2: 42311 | JG2: 42312 | JH2: 42313 | JI2: 42314 | JK2: 42317 | JL2: 42318 | JM2: 42319 | JN2: 42320 | JO2: 42321 | JQ2: 42324 | JR2: 42325 | JS2: 42326 | JT2: 42327 | JU2: 42328 | JW2: 42331 | JX2: 42332 | JY2: 42333 | JZ2: 42334 | KA2: 42335 | KB2: 42338 | KE2: 41974 | KF2: 41975 | KG2: 41976 | KH2: 41977 | KI2: 41978 | KK2: 41981 | KL2: 41982 | KM2: 41983 | KN2: 41984 | KO2: 41985 | KQ2: 41988 | KR2: 41989 | KS2: 41990 | KT2: 41991 | KU2: 41992 | KW2: 41995 | KX2: 41996 | KY2: 41997 | KZ2: 41998 | LA2: 41999 | LC2: 42002 | LD2: 42003 | LE2: 42004
B3: S N D
B4: Dépense | C4: =SUM(C5:C37) -> 70337.314 | D4: =SUM(D5:D37) -> 70337.314 | E4: =SUM(E5:E37) -> 82.01 | F4: =SUM(F5:F37) -> 156308.6 | G4: =SUM(G5:G37) -> 8.829 | H4: =SUM(H5:H37) -> 7.906 | I4: =SUM(I5:I37) -> 145384.86 | J4: =SUM(J5:J37) -> 301792.2 | ... AH4: =SUM(AH5:AH37) -> 208490.28 | AI4: =SUM(AI5:AI30) -> 129.956 | AJ4: =SUM(AJ5:AJ30) -> 244680.71 | AK4: =SUM(AK5:AK30) -> 16.88 | AL4: =SUM(AL5:AL30) -> 350018.76 | AM4: =SUM(AM5:AM30) -> 25313.74 | AN4: =SUM(AN5:AN37) -> 620206.34 | AO4: =SUM(AO5:AO37) -> 44464.406 | AP4: =SUM(AP5:AP37) -> 1311.992 | AQ4: =SUM(AQ5:AQ37) -> 56.054 | AR4: =SUM(AR5:AR37) -> 110017.82 | AS4: =SUM(AS5:AS37) -> 53643.528 | AT4: =SUM(AT5:AT37) -> 209493.8 | AU4: =SUM(AU5:AU37) -> 300008.85 | ... AZ4: =SUM(AZ5:AZ37) -> 311420.95 | BA4: =SUM(BA5:BA38) -> 1349611.4 | BB4: =SUM(BB5:BB38) -> 271322.28 | BC4: =SUM(BC5:BC38) -> 84489.107 | BD4: =SUM(BD5:BD38) -> 233421.81 | BE4: =SUM(BE5:BE38) -> 40025.376 | BF4: =SUM(BF5:BF38) -> 428.648 | BG4: =SUM(BG5:BG38) -> 629687.22 | BH4: =SUM(BH5:BH38) -> 170407.01 | ... LG4: =SUM(LG5:LG38) -> 1241161
B5: Autre achat import | D5: =SUM(C5:C5) -> 0 | J5: =SUM(E5:I5) -> 0 | O5: =SUM(K5:N5) -> 0 | U5: =SUM(P5:T5) -> 0 | AA5: =SUM(V5:Z5) -> 0 | AB5: =AA5+U5+O5+J5+D5 -> 0 | AH5: =SUM(AC5:AG5) -> 0 | AN5: =SUM(AI5:AM5) -> 0 | AT5: =SUM(AO5:AS5) -> 0 | AZ5: =SUM(AU5:AY5) -> 0 | BA5: =AZ5+AT5+AN5+AH5 -> 0 | BG5: =SUM(BB5:BF5) -> 0 | BM5: =SUM(BH5:BL5) -> 0 | BR5: =SUM(BN5:BQ5) -> 0 | BX5: =SUM(BS5:BW5) -> 0 | CA5: =SUM(BY5:BZ5) -> 0 | CB5: =CA5+BX5+BR5+BM5+BG5 -> 0 | CF5: =SUM(CC5:CE5) -> 0 | CK5: =SUM(CG5:CJ5) -> 0 | CQ5: =SUM(CL5:CP5) -> 0 | CW5: =SUM(CR5:CV5) -> 0 | DB5: =SUM(CX5:DA5) -> 0 | DC5: =DB5+CW5+CQ5+CK5+CF5 -> 0 | DI5: =SUM(DD5:DH5) -> 0 | DO5: =SUM(DJ5:DN5) -> 0 | DU5: =SUM(DP5:DT5) -> 0 | EA5: =SUM(DV5:DZ5) -> 0 | EB5: =DI5+DO5+DU5+EA5 -> 0 | EH5: =SUM(EC5:EG5) -> 0 | EN5: =SUM(EI5:EM5) -> 0 | ET5: =SUM(EO5:ES5) -> 0 | FB5: =SUM(EU5:FA5) -> 0 | FC5: =EH5+EN5+ET5+FB5 -> 0 | FG5: =SUM(FD5:FF5) -> 0 | FM5: =SUM(FH5:FL5) -> 0 | FR5: =SUM(FN5:FQ5) -> 0 | FX5: =SUM(FS5:FW5) -> 0 | GD5: =SUM(FY5:GC5) -> 0 | GE5: =FG5+FM5+FR5+FX5+GD5 -> 0 | GK5: =SUM(GF5:GJ5) -> 0 | GP5: =SUM(GL5:GO5) -> 0 | GV5: =SUM(GQ5:GU5) -> 0 | HC5: =SUM(GW5:HB5) -> 0 | HD5: =GK5+GP5+GV5+HC5 -> 0 | HI5: =SUM(HE5:HH5) -> 0 | HO5: =SUM(HJ5:HN5) -> 0 | HU5: =SUM(HP5:HT5) -> 0 | HY5: =SUM(HV5:HX5) -> 0 | IC5: =SUM(HZ5:IB5) -> 0 | ID5: =HI5+HO5+HU5+HY5+IC5 -> 0 | IG5: =SUM(IE5:IF5) -> 0 | IM5: =SUM(IH5:IL5) -> 0 | IQ5: =SUM(IN5:IP5) -> 0 | IW5: =SUM(IR5:IV5) -> 0 | JC5: =SUM(IX5:JB5) -> 0 | JD5: =IG5+IM5+IQ5+IW5+JC5 -> 0 | JJ5: =SUM(JE5:JI5) -> 0 | JP5: =SUM(JK5:JO5) -> 0 | JV5: =SUM(JQ5:JU5) -> 0 | KC5: =SUM(JW5:KB5) -> 0 | KD5: =JJ5+JP5+JV5+KC5 -> 0 | KJ5: =SUM(KE5:KI5) -> 0 | KP5: =SUM(KK5:KO5) -> 0 | KV5: =SUM(KQ5:KU5) -> 0 | LB5: =SUM(KW5:LA5) -> 0 | LF5: =SUM(LC5:LE5) -> 0 | LG5: =LF5+LB5+KV5+KP5+KJ5 -> 0
B6: Autre achat local | D6: =SUM(C6:C6) -> 0 | J6: =SUM(E6:I6) -> 0 | O6: =SUM(K6:N6) -> 0 | U6: =SUM(P6:T6) -> 0 | AA6: =SUM(V6:Z6) -> 0 | AB6: =AA6+U6+O6+J6+D6 -> 0 | AH6: =SUM(AC6:AG6) -> 0 | AN6: =SUM(AI6:AM6) -> 0 | AT6: =SUM(AO6:AS6) -> 0 | AZ6: =SUM(AU6:AY6) -> 0 | BA6: =AZ6+AT6+AN6+AH6 -> 0 | BG6: =SUM(BB6:BF6) -> 0 | BM6: =SUM(BH6:BL6) -> 0 | BR6: =SUM(BN6:BQ6) -> 0 | BX6: =SUM(BS6:BW6) -> 0 | CA6: =SUM(BY6:BZ6) -> 0 | CB6: =CA6+BX6+BR6+BM6+BG6 -> 0 | CF6: =SUM(CC6:CE6) -> 0 | CK6: =SUM(CG6:CJ6) -> 0 | CQ6: =SUM(CL6:CP6) -> 0 | CW6: =SUM(CR6:CV6) -> 0 | DB6: =SUM(CX6:DA6) -> 0 | DC6: =DB6+CW6+CQ6+CK6+CF6 -> 0 | DI6: =SUM(DD6:DH6) -> 0 | DO6: =SUM(DJ6:DN6) -> 0 | DU6: =SUM(DP6:DT6) -> 0 | EA6: =SUM(DV6:DZ6) -> 0 | EB6: =DI6+DO6+DU6+EA6 -> 0 | EH6: =SUM(EC6:EG6) -> 0 | EN6: =SUM(EI6:EM6) -> 0 | ET6: =SUM(EO6:ES6) -> 0 | FB6: =SUM(EU6:FA6) -> 0 | FC6: =EH6+EN6+ET6+FB6 -> 0 | FG6: =SUM(FD6:FF6) -> 0 | FM6: =SUM(FH6:FL6) -> 0 | FR6: =SUM(FN6:FQ6) -> 0 | FX6: =SUM(FS6:FW6) -> 0 | GD6: =SUM(FY6:GC6) -> 0 | GE6: =FG6+FM6+FR6+FX6+GD6 -> 0 | GK6: =SUM(GF6:GJ6) -> 0 | GP6: =SUM(GL6:GO6) -> 0 | GV6: =SUM(GQ6:GU6) -> 0 | HC6: =SUM(GW6:HB6) -> 0 | HD6: =GK6+GP6+GV6+HC6 -> 0 | HI6: =SUM(HE6:HH6) -> 0 | HO6: =SUM(HJ6:HN6) -> 0 | HU6: =SUM(HP6:HT6) -> 0 | HY6: =SUM(HV6:HX6) -> 0 | IC6: =SUM(HZ6:IB6) -> 0 | ID6: =HI6+HO6+HU6+HY6+IC6 -> 0 | IG6: =SUM(IE6:IF6) -> 0 | IM6: =SUM(IH6:IL6) -> 0 | IQ6: =SUM(IN6:IP6) -> 0 | IW6: =SUM(IR6:IV6) -> 0 | JC6: =SUM(IX6:JB6) -> 0 | JD6: =IG6+IM6+IQ6+IW6+JC6 -> 0 | JJ6: =SUM(JE6:JI6) -> 0 | JP6: =SUM(JK6:JO6) -> 0 | JV6: =SUM(JQ6:JU6) -> 0 | KC6: =SUM(JW6:KB6) -> 0 | KD6: =JJ6+JP6+JV6+KC6 -> 0 | KJ6: =SUM(KE6:KI6) -> 0 | KP6: =SUM(KK6:KO6) -> 0 | KV6: =SUM(KQ6:KU6) -> 0 | LB6: =SUM(KW6:LA6) -> 0 | LF6: =SUM(LC6:LE6) -> 0 | LG6: =LF6+LB6+KV6+KP6+KJ6 -> 0
B7: Participation | D7: =SUM(C7:C7) -> 0 | J7: =SUM(E7:I7) -> 0 | O7: =SUM(K7:N7) -> 0 | U7: =SUM(P7:T7) -> 0 | AA7: =SUM(V7:Z7) -> 0 | AB7: =AA7+U7+O7+J7+D7 -> 0 | AH7: =SUM(AC7:AG7) -> 0 | AN7: =SUM(AI7:AM7) -> 0 | AT7: =SUM(AO7:AS7) -> 0 | AZ7: =SUM(AU7:AY7) -> 0 | BA7: =AZ7+AT7+AN7+AH7 -> 0 | BG7: =SUM(BB7:BF7) -> 0 | BM7: =SUM(BH7:BL7) -> 0 | BR7: =SUM(BN7:BQ7) -> 0 | BX7: =SUM(BS7:BW7) -> 0 | CA7: =SUM(BY7:BZ7) -> 0 | CB7: =CA7+BX7+BR7+BM7+BG7 -> 0 | CF7: =SUM(CC7:CE7) -> 0 | CK7: =SUM(CG7:CJ7) -> 0 | CQ7: =SUM(CL7:CP7) -> 0 | CW7: =SUM(CR7:CV7) -> 0 | DB7: =SUM(CX7:DA7) -> 0 | DC7: =DB7+CW7+CQ7+CK7+CF7 -> 0 | DI7: =SUM(DD7:DH7) -> 0 | DO7: =SUM(DJ7:DN7) -> 0 | DU7: =SUM(DP7:DT7) -> 0 | EA7: =SUM(DV7:DZ7) -> 0 | EB7: =DI7+DO7+DU7+EA7 -> 0 | EH7: =SUM(EC7:EG7) -> 0 | EN7: =SUM(EI7:EM7) -> 0 | ET7: =SUM(EO7:ES7) -> 0 | FB7: =SUM(EU7:FA7) -> 0 | FC7: =EH7+EN7+ET7+FB7 -> 0 | FG7: =SUM(FD7:FF7) -> 0 | FM7: =SUM(FH7:FL7) -> 0 | FR7: =SUM(FN7:FQ7) -> 0 | FX7: =SUM(FS7:FW7) -> 0 | GD7: =SUM(FY7:GC7) -> 0 | GE7: =FG7+FM7+FR7+FX7+GD7 -> 0 | GK7: =SUM(GF7:GJ7) -> 0 | GP7: =SUM(GL7:GO7) -> 0 | GV7: =SUM(GQ7:GU7) -> 0 | HC7: =SUM(GW7:HB7) -> 0 | HD7: =GK7+GP7+GV7+HC7 -> 0 | HI7: =SUM(HE7:HH7) -> 0 | HO7: =SUM(HJ7:HN7) -> 0 | HU7: =SUM(HP7:HT7) -> 0 | HY7: =SUM(HV7:HX7) -> 0 | IC7: =SUM(HZ7:IB7) -> 0 | ID7: =HI7+HO7+HU7+HY7+IC7 -> 0 | IG7: =SUM(IE7:IF7) -> 0 | IM7: =SUM(IH7:IL7) -> 0 | IQ7: =SUM(IN7:IP7) -> 0 | IW7: =SUM(IR7:IV7) -> 0 | JC7: =SUM(IX7:JB7) -> 0 | JD7: =IG7+IM7+IQ7+IW7+JC7 -> 0 | JJ7: =SUM(JE7:JI7) -> 0 | JP7: =SUM(JK7:JO7) -> 0 | JV7: =SUM(JQ7:JU7) -> 0 | KC7: =SUM(JW7:KB7) -> 0 | KD7: =JJ7+JP7+JV7+KC7 -> 0 | KJ7: =SUM(KE7:KI7) -> 0 | KP7: =SUM(KK7:KO7) -> 0 | KV7: =SUM(KQ7:KU7) -> 0 | LB7: =SUM(KW7:LA7) -> 0 | LF7: =SUM(LC7:LE7) -> 0 | LG7: =LF7+LB7+KV7+KP7+KJ7 -> 0
B8: Réparation | C8: =354.079+116.69 -> 470.769 | D8: =SUM(C8:C8) -> 470.769 | J8: =SUM(E8:I8) -> 0 | O8: =SUM(K8:N8) -> 0 | P8: 322.027 | U8: =SUM(P8:T8) -> 322.027 | W8: =584.219+295.451+228.131+220.196 -> 1327.997 | AA8: =SUM(V8:Z8) -> 1327.997 | AB8: =AA8+U8+O8+J8+D8 -> 2120.793 | AE8: 583.42 | AG8: 1129.385 | AH8: =SUM(AC8:AG8) -> 1712.805 | AN8: =SUM(AI8:AM8) -> 0 | AT8: =SUM(AO8:AS8) -> 0 | AZ8: =SUM(AU8:AY8) -> 0 | BA8: =AZ8+AT8+AN8+AH8 -> 1712.805 | BD8: 116.954 | BG8: =SUM(BB8:BF8) -> 116.954 | BJ8: 617.555 | BM8: =SUM(BH8:BL8) -> 617.555 | BR8: =SUM(BN8:BQ8) -> 0 | BX8: =SUM(BS8:BW8) -> 0 | CA8: =SUM(BY8:BZ8) -> 0 | CB8: =CA8+BX8+BR8+BM8+BG8 -> 734.509 | CF8: =SUM(CC8:CE8) -> 0 | CH8: 357.179 | CJ8: =732.1+453.705 -> 1185.805 | CK8: =SUM(CG8:CJ8) -> 1542.984 | CP8: 617.896 | CQ8: =SUM(CL8:CP8) -> 617.896 | CR8: 60.798 | CU8: =133.497+443.543+188.734+727.051+1125.086+360.661 -> 2978.572 | CV8: 244.495 | CW8: =SUM(CR8:CV8) -> 3283.865 | DB8: =SUM(CX8:DA8) -> 0 | DC8: =DB8+CW8+CQ8+CK8+CF8 -> 5444.745 | DG8: 540.07 | DH8: 243.675 | DI8: =SUM(DD8:DH8) -> 783.745 | DJ8: 4396.336 | DO8: =SUM(DJ8:DN8) -> 4396.336 | DS8: 3707.103 | DT8: =248.3+1408.55 -> 1656.85 | DU8: =SUM(DP8:DT8) -> 5363.953 | DV8: 100.503 | EA8: =SUM(DV8:DZ8) -> 100.503 | EB8: =DI8+DO8+DU8+EA8 -> 10644.537 | EH8: =SUM(EC8:EG8) -> 0 | EJ8: 254.218 | EL8: 1507.613 | EN8: =SUM(EI8:EM8) -> 1761.831 | ER8: 372.375 | ET8: =SUM(EO8:ES8) -> 372.375 | EV8: 1362.709 | FB8: =SUM(EU8:FA8) -> 1362.709 | FC8: =EH8+EN8+ET8+FB8 -> 3496.915 | FG8: =SUM(FD8:FF8) -> 0 | FM8: =SUM(FH8:FL8) -> 0 | FN8: 868.284 | FR8: =SUM(FN8:FQ8) -> 868.284 | FS8: 618.401 | FU8: 200 | FW8: 250.749 | FX8: =SUM(FS8:FW8) -> 1069.15 | FY8: 370 | GA8: 748.16 | GD8: =SUM(FY8:GC8) -> 1118.16 | GE8: =FG8+FM8+FR8+FX8+GD8 -> 3055.594 | GI8: 829.985 | GK8: =SUM(GF8:GJ8) -> 829.985 | GP8: =SUM(GL8:GO8) -> 0 | GR8: 524.28 | GV8: =SUM(GQ8:GU8) -> 524.28 | HC8: =SUM(GW8:HB8) -> 0 | HD8: =GK8+GP8+GV8+HC8 -> 1354.265 | HI8: =SUM(HE8:HH8) -> 0 | HM8: 452.101 | HO8: =SUM(HJ8:HN8) -> 452.101 | HU8: =SUM(HP8:HT8) -> 0 | HW8: 659.624 | HY8: =SUM(HV8:HX8) -> 659.624 | IC8: =SUM(HZ8:IB8) -> 0 | ID8: =HI8+HO8+HU8+HY8+IC8 -> 1111.725 | IE8: =189.434+416.628+836.603+515.034+133.512+157.902 -> 2249.113 | IG8: =SUM(IE8:IF8) -> 2249.113 | II8: 90 | IM8: =SUM(IH8:IL8) -> 90 | IQ8: =SUM(IN8:IP8) -> 0 | IS8: =1862.802+2415.769 -> 4278.571 | IW8: =SUM(IR8:IV8) -> 4278.571 | JC8: =SUM(IX8:JB8) -> 0 | JD8: =IG8+IM8+IQ8+IW8+JC8 -> 6617.684 | JF8: 778.698 | JI8: 1260.065 | JJ8: =SUM(JE8:JI8) -> 2038.763 | JP8: =SUM(JK8:JO8) -> 0 | JV8: =SUM(JQ8:JU8) -> 0 | KC8: =SUM(JW8:KB8) -> 0 | KD8: =JJ8+JP8+JV8+KC8 -> 2038.763 | LF8: =SUM(LC8:LE8) -> 0 | LG8: 1200
B9: STA NOUR Chq | C9: 68500 | D9: =SUM(C9:C9) -> 68500 | J9: =SUM(E9:I9) -> 0 | K9: 49500 | M9: 21000 | O9: =SUM(K9:N9) -> 70500 | P9: 40000 | R9: 50000 | U9: =SUM(P9:T9) -> 90000 | V9: =50000+100000 -> 150000 | W9: =25000+200000 -> 225000 | Y9: 24000 | AA9: =SUM(V9:Z9) -> 399000 | AB9: =AA9+U9+O9+J9+D9 -> 628000 | AC9: =10000+150000 -> 160000 | AF9: 30000 | AH9: =SUM(AC9:AG9) -> 190000 | AJ9: =30000+200000 -> 230000 | AL9: 250000 | AM9: 25000 | AN9: =SUM(AI9:AM9) -> 505000 | AR9: 60000 | AT9: =SUM(AO9:AS9) -> 60000 | AU9: 100000 | AZ9: =SUM(AU9:AY9) -> 100000 | BA9: =AZ9+AT9+AN9+AH9 -> 855000 | BB9: 50000 | BC9: =25000+40000 -> 65000 | BD9: 100000 | BE9: 40000 | BG9: =SUM(BB9:BF9) -> 255000 | BL9: 50000 | BM9: =SUM(BH9:BL9) -> 50000 | BN9: 40000 | BR9: =SUM(BN9:BQ9) -> 40000 | BW9: 10000 | BX9: =SUM(BS9:BW9) -> 10000 | BZ9: 150000 | CA9: =SUM(BY9:BZ9) -> 150000 | CB9: =CA9+BX9+BR9+BM9+BG9 -> 505000 | CC9: =25000+23000 -> 48000 | CF9: =SUM(CC9:CE9) -> 48000 | CG9: 200000 | CH9: =10000+30000 -> 40000 | CJ9: 20000 | CK9: =SUM(CG9:CJ9) -> 260000 | CN9: 5000 | CO9: 30000 | CP9: 15000 | CQ9: =SUM(CL9:CP9) -> 50000 | CT9: 20000 | CW9: =SUM(CR9:CV9) -> 20000 | DA9: 35000 | DB9: =SUM(CX9:DA9) -> 35000 | DC9: =DB9+CW9+CQ9+CK9+CF9 -> 413000 | DD9: =40000+100000+25000 -> 165000 | DF9: 10000 | DG9: 10000 | DI9: =SUM(DD9:DH9) -> 185000 | DO9: =SUM(DJ9:DN9) -> 0 | DR9: 150000 | DU9: =SUM(DP9:DT9) -> 150000 | DV9: 30000 | EA9: =SUM(DV9:DZ9) -> 30000 | EB9: =DI9+DO9+DU9+EA9 -> 365000 | ED9: 60000 | EF9: 20000 | EH9: =SUM(EC9:EG9) -> 80000 | EN9: =SUM(EI9:EM9) -> 0 | EP9: 20000 | ET9: =SUM(EO9:ES9) -> 20000 | EY9: 50000 | EZ9: 20000 | FB9: =SUM(EU9:FA9) -> 70000 | FC9: =EH9+EN9+ET9+FB9 -> 170000 | FE9: 50000 | FG9: =SUM(FD9:FF9) -> 50000 | FK9: 110000 | FL9: 25000 | FM9: =SUM(FH9:FL9) -> 135000 | FN9: 15000 | FQ9: 25000 | FR9: =SUM(FN9:FQ9) -> 40000 | FX9: =SUM(FS9:FW9) -> 0 | GA9: 25000 | GC9: 100000 | GD9: =SUM(FY9:GC9) -> 125000 | GE9: =FG9+FM9+FR9+FX9+GD9 -> 350000 | GF9: 55000 | GJ9: 100000 | GK9: =SUM(GF9:GJ9) -> 155000 | GN9: 30000 | GP9: =SUM(GL9:GO9) -> 30000 | GR9: 30000 | GV9: =SUM(GQ9:GU9) -> 30000 | HB9: 50000 | HC9: =SUM(GW9:HB9) -> 50000 | HD9: =GK9+GP9+GV9+HC9 -> 265000 | HE9: =20000+70000 -> 90000 | HI9: =SUM(HE9:HH9) -> 90000 | HM9: 20000 | HO9: =SUM(HJ9:HN9) -> 20000 | HQ9: 100000 | HR9: 85000 | HU9: =SUM(HP9:HT9) -> 185000 | HV9: 45000 | HY9: =SUM(HV9:HX9) -> 45000 | IB9: 100000 | IC9: =SUM(HZ9:IB9) -> 100000 | ID9: =HI9+HO9+HU9+HY9+IC9 -> 440000 | IE9: =50000+50000 -> 100000 | IG9: =SUM(IE9:IF9) -> 100000 | IM9: =SUM(IH9:IL9) -> 0 | IN9: 100000 | IO9: 45000 | IQ9: =SUM(IN9:IP9) -> 145000 | IW9: =SUM(IR9:IV9) -> 0 | JB9: 80000 | JC9: =SUM(IX9:JB9) -> 80000 | JD9: =IG9+IM9+IQ9+IW9+JC9 -> 325000 | JJ9: =SUM(JE9:JI9) -> 0 | JP9: =SUM(JK9:JO9) -> 0 | JV9: =SUM(JQ9:JU9) -> 0 | KC9: =SUM(JW9:KB9) -> 0 | KD9: =JJ9+JP9+JV9+KC9 -> 0 | KJ9: =SUM(KE9:KI9) -> 0 | KP9: =SUM(KK9:KO9) -> 0 | KV9: =SUM(KQ9:KU9) -> 0 | LB9: =SUM(KW9:LA9) -> 0 | LF9: =SUM(LC9:LE9) -> 0 | LG9: 850000
B10: STA NOUR Trt | D10: =SUM(C10:C10) -> 0 | J10: =SUM(E10:I10) -> 0 | O10: =SUM(K10:N10) -> 0 | Q10: 50001.57 | U10: =SUM(P10:T10) -> 50001.57 | AA10: =SUM(V10:Z10) -> 0 | AB10: =AA10+U10+O10+J10+D10 -> 50001.57 | AH10: =SUM(AC10:AG10) -> 0 | AN10: =SUM(AI10:AM10) -> 0 | AS10: 50001.57 | AT10: =SUM(AO10:AS10) -> 50001.57 | AZ10: =SUM(AU10:AY10) -> 0 | BA10: =AZ10+AT10+AN10+AH10 -> 50001.57 | BG10: =SUM(BB10:BF10) -> 0 | BM10: =SUM(BH10:BL10) -> 0 | BR10: =SUM(BN10:BQ10) -> 0 | BS10: 50001.57 | BX10: =SUM(BS10:BW10) -> 50001.57 | CA10: =SUM(BY10:BZ10) -> 0 | CB10: =CA10+BX10+BR10+BM10+BG10 -> 50001.57 | CF10: =SUM(CC10:CE10) -> 0 | CK10: =SUM(CG10:CJ10) -> 0 | CN10: 50001.57 | CQ10: =SUM(CL10:CP10) -> 50001.57 | CW10: =SUM(CR10:CV10) -> 0 | DB10: =SUM(CX10:DA10) -> 0 | DC10: =DB10+CW10+CQ10+CK10+CF10 -> 50001.57 | DG10: 25000 | DI10: =SUM(DD10:DH10) -> 25000 | DO10: =SUM(DJ10:DN10) -> 0 | DP10: 25000 | DR10: 50001.57 | DU10: =SUM(DP10:DT10) -> 75001.57 | DX10: 25000 | EA10: =SUM(DV10:DZ10) -> 25000 | EB10: =DI10+DO10+DU10+EA10 -> 125001.57 | EE10: 25000 | EH10: =SUM(EC10:EG10) -> 25000 | EL10: 25000 | EN10: =SUM(EI10:EM10) -> 25000 | ET10: =SUM(EO10:ES10) -> 0 | EU10: 25000 | FA10: 25000 | FB10: =SUM(EU10:FA10) -> 50000 | FC10: =EH10+EN10+ET10+FB10 -> 100000 | FG10: =SUM(FD10:FF10) -> 0 | FM10: =SUM(FH10:FL10) -> 0 | FP10: 50001.57 | FR10: =SUM(FN10:FQ10) -> 50001.57 | FX10: =SUM(FS10:FW10) -> 0 | GD10: =SUM(FY10:GC10) -> 0 | GE10: =FG10+FM10+FR10+FX10+GD10 -> 50001.57 | GK10: =SUM(GF10:GJ10) -> 0 | GP10: =SUM(GL10:GO10) -> 0 | GQ10: 175001.57 | GV10: =SUM(GQ10:GU10) -> 175001.57 | HC10: =SUM(GW10:HB10) -> 0 | HD10: =GK10+GP10+GV10+HC10 -> 175001.57 | HI10: =SUM(HE10:HH10) -> 0 | HO10: =SUM(HJ10:HN10) -> 0 | HU10: =SUM(HP10:HT10) -> 0 | HY10: =SUM(HV10:HX10) -> 0 | HZ10: 75001.57 | IC10: =SUM(HZ10:IB10) -> 75001.57 | ID10: =HI10+HO10+HU10+HY10+IC10 -> 75001.57 | IG10: =SUM(IE10:IF10) -> 0 | IM10: =SUM(IH10:IL10) -> 0 | IN10: 75001.57 | IQ10: =SUM(IN10:IP10) -> 75001.57 | IW10: =SUM(IR10:IV10) -> 0 | JC10: =SUM(IX10:JB10) -> 0 | JD10: =IG10+IM10+IQ10+IW10+JC10 -> 75001.57 | JJ10: =SUM(JE10:JI10) -> 0 | JP10: =SUM(JK10:JO10) -> 0 | JV10: =SUM(JQ10:JU10) -> 0 | KC10: =SUM(JW10:KB10) -> 0 | KD10: =JJ10+JP10+JV10+KC10 -> 0 | KJ10: =SUM(KE10:KI10) -> 0 | KP10: =SUM(KK10:KO10) -> 0 | KV10: =SUM(KQ10:KU10) -> 0 | LB10: =SUM(KW10:LA10) -> 0 | LF10: =SUM(LC10:LE10) -> 0 | LG10: =LF10+LB10+KV10+KP10+KJ10 -> 0
B11: SNA NOUR Chq | D11: =SUM(C11:C11) -> 0 | F11: 150000 | I11: 120000 | J11: =SUM(E11:I11) -> 270000 | L11: =50000+100000 -> 150000 | O11: =SUM(K11:N11) -> 150000 | R11: 50000 | U11: =SUM(P11:T11) -> 50000 | V11: 200000 | X11: 100000 | Y11: 45000 | AA11: =SUM(V11:Z11) -> 345000 | AB11: =AA11+U11+O11+J11+D11 -> 815000 | AH11: =SUM(AC11:AG11) -> 0 | AL11: 100000 | AN11: =SUM(AI11:AM11) -> 100000 | AR11: 50000 | AT11: =SUM(AO11:AS11) -> 50000 | AU11: 200000 | AZ11: =SUM(AU11:AY11) -> 200000 | BA11: =AZ11+AT11+AN11+AH11 -> 350000 | BB11: 150000 | BD11: 100000 | BG11: =SUM(BB11:BF11) -> 250000 | BH11: 150000 | BJ11: 40000 | BL11: 200000 | BM11: =SUM(BH11:BL11) -> 390000 | BO11: 100000 | BR11: =SUM(BN11:BQ11) -> 100000 | BS11: 150000 | BT11: 40000 | BV11: =50000+120000 -> 170000 | BW11: 30000 | BX11: =SUM(BS11:BW11) -> 390000 | BZ11: 120000 | CA11: =SUM(BY11:BZ11) -> 120000 | CB11: =CA11+BX11+BR11+BM11+BG11 -> 1250000 | CD11: 120000 | CF11: =SUM(CC11:CE11) -> 120000 | CG11: 100000 | CK11: =SUM(CG11:CJ11) -> 100000 | CN11: =100000+50000 -> 150000 | CO11: 1000 | CQ11: =SUM(CL11:CP11) -> 151000 | CS11: 150000 | CV11: 130000 | CW11: =SUM(CR11:CV11) -> 280000 | DA11: 150000 | DB11: =SUM(CX11:DA11) -> 150000 | DC11: =DB11+CW11+CQ11+CK11+CF11 -> 801000 | DD11: 50000 | DF11: 50000 | DI11: =SUM(DD11:DH11) -> 100000 | DJ11: 110000 | DO11: =SUM(DJ11:DN11) -> 110000 | DQ11: 80000 | DR11: 100000 | DU11: =SUM(DP11:DT11) -> 180000 | EA11: =SUM(DV11:DZ11) -> 0 | EB11: =DI11+DO11+DU11+EA11 -> 390000 | EC11: 60000 | ED11: 50000 | EH11: =SUM(EC11:EG11) -> 110000 | EJ11: 150000 | EL11: 75000 | EN11: =SUM(EI11:EM11) -> 225000 | EO11: 100000 | ER11: 70000 | ET11: =SUM(EO11:ES11) -> 170000 | EV11: 60000 | EY11: 50000 | FB11: =SUM(EU11:FA11) -> 110000 | FC11: =EH11+EN11+ET11+FB11 -> 615000 | FD11: 150000 | FG11: =SUM(FD11:FF11) -> 150000 | FH11: 150000 | FM11: =SUM(FH11:FL11) -> 150000 | FR11: =SUM(FN11:FQ11) -> 0 | FV11: 150000 | FX11: =SUM(FS11:FW11) -> 150000 | GD11: =SUM(FY11:GC11) -> 0 | GE11: =FG11+FM11+FR11+FX11+GD11 -> 450000 | GJ11: 50000 | GK11: =SUM(GF11:GJ11) -> 50000 | GM11: =50000+100000 -> 150000 | GP11: =SUM(GL11:GO11) -> 150000 | GR11: 40000 | GU11: 40000 | GV11: =SUM(GQ11:GU11) -> 80000 | HB11: 80000 | HC11: =SUM(GW11:HB11) -> 80000 | HD11: =GK11+GP11+GV11+HC11 -> 360000 | HH11: 120000 | HI11: =SUM(HE11:HH11) -> 120000 | HJ11: 35000 | HK11: 100000 | HN11: 25000 | HO11: =SUM(HJ11:HN11) -> 160000 | HQ11: 50000 | HR11: =120000+70000 -> 190000 | HU11: =SUM(HP11:HT11) -> 240000 | HY11: =SUM(HV11:HX11) -> 0 | IB11: 100000 | IC11: =SUM(HZ11:IB11) -> 100000 | ID11: =HI11+HO11+HU11+HY11+IC11 -> 620000 | IG11: =SUM(IE11:IF11) -> 0 | IJ11: 90000 | IM11: =SUM(IH11:IL11) -> 90000 | IN11: 200000 | IQ11: =SUM(IN11:IP11) -> 200000 | IR11: 70000 | IT11: 40000 | IU11: =175000+25000 -> 200000 | IW11: =SUM(IR11:IV11) -> 310000 | JB11: 200000 | JC11: =SUM(IX11:JB11) -> 200000 | JD11: =IG11+IM11+IQ11+IW11+JC11 -> 800000 | JJ11: =SUM(JE11:JI11) -> 0 | JP11: =SUM(JK11:JO11) -> 0 | JV11: =SUM(JQ11:JU11) -> 0 | KC11: =SUM(JW11:KB11) -> 0 | KD11: =JJ11+JP11+JV11+KC11 -> 0 | KJ11: =SUM(KE11:KI11) -> 0 | KP11: =SUM(KK11:KO11) -> 0 | KV11: =SUM(KQ11:KU11) -> 0 | LB11: =SUM(KW11:LA11) -> 0 | LF11: =SUM(LC11:LE11) -> 0 | LG11: 280000
B12: SNA NOUR Trt | D12: =SUM(C12:C12) -> 0 | J12: =SUM(E12:I12) -> 0 | M12: 40001.57 | O12: =SUM(K12:N12) -> 40001.57 | U12: =SUM(P12:T12) -> 0 | AA12: =SUM(V12:Z12) -> 0 | AB12: =AA12+U12+O12+J12+D12 -> 40001.57 | AH12: =SUM(AC12:AG12) -> 0 | AN12: =SUM(AI12:AM12) -> 0 | AO12: 40001.57 | AT12: =SUM(AO12:AS12) -> 40001.57 | AZ12: =SUM(AU12:AY12) -> 0 | BA12: =AZ12+AT12+AN12+AH12 -> 40001.57 | BB12: 40001.57 | BG12: =SUM(BB12:BF12) -> 40001.57 | BM12: =SUM(BH12:BL12) -> 0 | BN12: 40001.57 | BR12: =SUM(BN12:BQ12) -> 40001.57 | BX12: =SUM(BS12:BW12) -> 0 | CA12: =SUM(BY12:BZ12) -> 0 | CB12: =CA12+BX12+BR12+BM12+BG12 -> 80003.14 | CF12: =SUM(CC12:CE12) -> 0 | CJ12: 50001.57 | CK12: =SUM(CG12:CJ12) -> 50001.57 | CQ12: =SUM(CL12:CP12) -> 0 | CW12: =SUM(CR12:CV12) -> 0 | DA12: 50001.57 | DB12: =SUM(CX12:DA12) -> 50001.57 | DC12: =DB12+CW12+CQ12+CK12+CF12 -> 100003.14 | DG12: 25000 | DI12: =SUM(DD12:DH12) -> 25000 | DN12: 50001.57 | DO12: =SUM(DJ12:DN12) -> 50001.57 | DP12: 25000 | DU12: =SUM(DP12:DT12) -> 25000 | DX12: 25000 | EA12: =SUM(DV12:DZ12) -> 25000 | EB12: =DI12+DO12+DU12+EA12 -> 125001.57 | EC12: 40001.57 | EE12: 25000 | EH12: =SUM(EC12:EG12) -> 65001.57 | EL12: 25000 | EN12: =SUM(EI12:EM12) -> 25000 | EO12: 40001.57 | ET12: =SUM(EO12:ES12) -> 40001.57 | EU12: 25000 | FA12: =25000+40001.57 -> 65001.57 | FB12: =SUM(EU12:FA12) -> 90001.57 | FC12: =EH12+EN12+ET12+FB12 -> 220004.71 | FG12: =SUM(FD12:FF12) -> 0 | FM12: =SUM(FH12:FL12) -> 0 | FP12: 100001.57 | FR12: =SUM(FN12:FQ12) -> 100001.57 | FX12: =SUM(FS12:FW12) -> 0 | GC12: 50001.57 | GD12: =SUM(FY12:GC12) -> 50001.57 | GE12: =FG12+FM12+FR12+FX12+GD12 -> 150003.14 | GK12: =SUM(GF12:GJ12) -> 0 | GP12: =SUM(GL12:GO12) -> 0 | GQ12: 175001.57 | GV12: =SUM(GQ12:GU12) -> 175001.57 | HB12: 50001.57 | HC12: =SUM(GW12:HB12) -> 50001.57 | HD12: =GK12+GP12+GV12+HC12 -> 225003.14 | HI12: =SUM(HE12:HH12) -> 0 | HO12: =SUM(HJ12:HN12) -> 0 | HU12: =SUM(HP12:HT12) -> 0 | HY12: =SUM(HV12:HX12) -> 0 | HZ12: 75001.57 | IB12: 50001.57 | IC12: =SUM(HZ12:IB12) -> 125003.14 | ID12: =HI12+HO12+HU12+HY12+IC12 -> 125003.14 | IG12: =SUM(IE12:IF12) -> 0 | IM12: =SUM(IH12:IL12) -> 0 | IN12: 75001.57 | IQ12: =SUM(IN12:IP12) -> 75001.57 | IW12: =SUM(IR12:IV12) -> 0 | JC12: =SUM(IX12:JB12) -> 0 | JD12: =IG12+IM12+IQ12+IW12+JC12 -> 75001.57 | JE12: 75001.57 | JJ12: =SUM(JE12:JI12) -> 75001.57 | JP12: =SUM(JK12:JO12) -> 0 | JV12: =SUM(JQ12:JU12) -> 0 | KC12: =SUM(JW12:KB12) -> 0 | KD12: =JJ12+JP12+JV12+KC12 -> 75001.57 | KJ12: =SUM(KE12:KI12) -> 0 | KP12: =SUM(KK12:KO12) -> 0 | KV12: =SUM(KQ12:KU12) -> 0 | LB12: =SUM(KW12:LA12) -> 0 | LF12: =SUM(LC12:LE12) -> 0 | LG12: =LF12+LB12+KV12+KP12+KJ12 -> 0
B13: Leasing | D13: =SUM(C13:C13) -> 0 | J13: =SUM(E13:I13) -> 0 | K13: =3444.94+3371.372+1220.983+3703.535+857.764+951.497 -> 13550.091 | O13: =SUM(K13:N13) -> 13550.091 | U13: =SUM(P13:T13) -> 0 | V13: =2841.492+6739.173 -> 9580.665 | AA13: =SUM(V13:Z13) -> 9580.665 | AB13: =AA13+U13+O13+J13+D13 -> 23130.756 | AH13: =SUM(AC13:AG13) -> 0 | AJ13: =3444.94+3371.372+1222.283+3703.535+857.764+951.497 -> 13551.391 | AN13: =SUM(AI13:AM13) -> 13551.391 | AT13: =SUM(AO13:AS13) -> 0 | AW13: =2841.492+6739.173 -> 9580.665 | AZ13: =SUM(AU13:AY13) -> 9580.665 | BA13: =AZ13+AT13+AN13+AH13 -> 23132.056 | BG13: =SUM(BB13:BF13) -> 0 | BH13: =3446.24+3371.372+3704.835+951.497+857.764 -> 12331.708 | BM13: =SUM(BH13:BL13) -> 12331.708 | BR13: =SUM(BN13:BQ13) -> 0 | BU13: =2841.492+6739.173 -> 9580.665 | BX13: =SUM(BS13:BW13) -> 9580.665 | CA13: =SUM(BY13:BZ13) -> 0 | CB13: =CA13+BX13+BR13+BM13+BG13 -> 21912.373 | CF13: =SUM(CC13:CE13) -> 0 | CJ13: =3371.372+857.764+951.497 -> 5180.633 | CK13: =SUM(CG13:CJ13) -> 5180.633 | CQ13: =SUM(CL13:CP13) -> 0 | CW13: =SUM(CR13:CV13) -> 0 | CX13: =2841.492+6739.173 -> 9580.665 | DB13: =SUM(CX13:DA13) -> 9580.665 | DC13: =DB13+CW13+CQ13+CK13+CF13 -> 14761.298 | DI13: =SUM(DD13:DH13) -> 0 | DJ13: =3371.372+857.764+951.497 -> 5180.633 | DO13: =SUM(DJ13:DN13) -> 5180.633 | DU13: =SUM(DP13:DT13) -> 0 | DW13: =2841.492+6739.173 -> 9580.665 | EA13: =SUM(DV13:DZ13) -> 9580.665 | EB13: =DI13+DO13+DU13+EA13 -> 14761.298 | EH13: =SUM(EC13:EG13) -> 0 | EK13: =951.497+3371.372+857.764 -> 5180.633 | EN13: =SUM(EI13:EM13) -> 5180.633 | ET13: =SUM(EO13:ES13) -> 0 | EX13: 9580.665 | FB13: =SUM(EU13:FA13) -> 9580.665 | FC13: =EH13+EN13+ET13+FB13 -> 14761.298 | FG13: =SUM(FD13:FF13) -> 0 | FL13: =857.764+951.497+3371.372 -> 5180.633 | FM13: =SUM(FH13:FL13) -> 5180.633 | FR13: =SUM(FN13:FQ13) -> 0 | FX13: =SUM(FS13:FW13) -> 0 | FY13: =2841.492+6739.173 -> 9580.665 | GD13: =SUM(FY13:GC13) -> 9580.665 | GE13: =FG13+FM13+FR13+FX13+GD13 -> 14761.298 | GK13: =SUM(GF13:GJ13) -> 0 | GL13: =857.764+951.497+3371.372 -> 5180.633 | GP13: =SUM(GL13:GO13) -> 5180.633 | GV13: =SUM(GQ13:GU13) -> 0 | GX13: =2841.492+6739.173 -> 9580.665 | HC13: =SUM(GW13:HB13) -> 9580.665 | HD13: =GK13+GP13+GV13+HC13 -> 14761.298 | HI13: =SUM(HE13:HH13) -> 0 | HM13: =857.764+951.497+3371.372 -> 5180.633 | HO13: =SUM(HJ13:HN13) -> 5180.633 | HU13: =SUM(HP13:HT13) -> 0 | HY13: =SUM(HV13:HX13) -> 0 | HZ13: =2841.492+6739.173 -> 9580.665 | IC13: =SUM(HZ13:IB13) -> 9580.665 | ID13: =HI13+HO13+HU13+HY13+IC13 -> 14761.298 | IG13: =SUM(IE13:IF13) -> 0 | IM13: =SUM(IH13:IL13) -> 0 | IN13: =3371.372+951.497+857.764 -> 5180.633 | IQ13: =SUM(IN13:IP13) -> 5180.633 | IW13: =SUM(IR13:IV13) -> 0 | IX13: =2841.492+6739.173 -> 9580.665 | JC13: =SUM(IX13:JB13) -> 9580.665 | JD13: =IG13+IM13+IQ13+IW13+JC13 -> 14761.298 | JJ13: =SUM(JE13:JI13) -> 0 | JP13: =SUM(JK13:JO13) -> 0 | JV13: =SUM(JQ13:JU13) -> 0 | KC13: =SUM(JW13:KB13) -> 0 | KD13: =JJ13+JP13+JV13+KC13 -> 0 | KJ13: =SUM(KE13:KI13) -> 0 | KP13: =SUM(KK13:KO13) -> 0 | KV13: =SUM(KQ13:KU13) -> 0 | LB13: =SUM(KW13:LA13) -> 0 | LF13: =SUM(LC13:LE13) -> 0 | LG13: 14761
B14: Transport | D14: =SUM(C14:C14) -> 0 | J14: =SUM(E14:I14) -> 0 | O14: =SUM(K14:N14) -> 0 | U14: =SUM(P14:T14) -> 0 | AA14: =SUM(V14:Z14) -> 0 | AB14: =AA14+U14+O14+J14+D14 -> 0 | AH14: =SUM(AC14:AG14) -> 0 | AN14: =SUM(AI14:AM14) -> 0 | AT14: =SUM(AO14:AS14) -> 0 | AZ14: =SUM(AU14:AY14) -> 0 | BA14: =AZ14+AT14+AN14+AH14 -> 0 | BG14: =SUM(BB14:BF14) -> 0 | BM14: =SUM(BH14:BL14) -> 0 | BR14: =SUM(BN14:BQ14) -> 0 | BX14: =SUM(BS14:BW14) -> 0 | CA14: =SUM(BY14:BZ14) -> 0 | CB14: =CA14+BX14+BR14+BM14+BG14 -> 0 | CF14: =SUM(CC14:CE14) -> 0 | CK14: =SUM(CG14:CJ14) -> 0 | CQ14: =SUM(CL14:CP14) -> 0 | CW14: =SUM(CR14:CV14) -> 0 | DB14: =SUM(CX14:DA14) -> 0 | DC14: =DB14+CW14+CQ14+CK14+CF14 -> 0 | DI14: =SUM(DD14:DH14) -> 0 | DO14: =SUM(DJ14:DN14) -> 0 | DU14: =SUM(DP14:DT14) -> 0 | EA14: =SUM(DV14:DZ14) -> 0 | EB14: =DI14+DO14+DU14+EA14 -> 0 | EH14: =SUM(EC14:EG14) -> 0 | EN14: =SUM(EI14:EM14) -> 0 | ET14: =SUM(EO14:ES14) -> 0 | FB14: =SUM(EU14:FA14) -> 0 | FC14: =EH14+EN14+ET14+FB14 -> 0 | FG14: =SUM(FD14:FF14) -> 0 | FM14: =SUM(FH14:FL14) -> 0 | FR14: =SUM(FN14:FQ14) -> 0 | FX14: =SUM(FS14:FW14) -> 0 | GD14: =SUM(FY14:GC14) -> 0 | GE14: =FG14+FM14+FR14+FX14+GD14 -> 0 | GK14: =SUM(GF14:GJ14) -> 0 | GP14: =SUM(GL14:GO14) -> 0 | GV14: =SUM(GQ14:GU14) -> 0 | HC14: =SUM(GW14:HB14) -> 0 | HD14: =GK14+GP14+GV14+HC14 -> 0 | HI14: =SUM(HE14:HH14) -> 0 | HO14: =SUM(HJ14:HN14) -> 0 | HU14: =SUM(HP14:HT14) -> 0 | HY14: =SUM(HV14:HX14) -> 0 | IC14: =SUM(HZ14:IB14) -> 0 | ID14: =HI14+HO14+HU14+HY14+IC14 -> 0 | IG14: =SUM(IE14:IF14) -> 0 | IM14: =SUM(IH14:IL14) -> 0 | IQ14: =SUM(IN14:IP14) -> 0 | IW14: =SUM(IR14:IV14) -> 0 | JC14: =SUM(IX14:JB14) -> 0 | JD14: =IG14+IM14+IQ14+IW14+JC14 -> 0 | JJ14: =SUM(JE14:JI14) -> 0 | JP14: =SUM(JK14:JO14) -> 0 | JV14: =SUM(JQ14:JU14) -> 0 | KC14: =SUM(JW14:KB14) -> 0 | KD14: =JJ14+JP14+JV14+KC14 -> 0 | KJ14: =SUM(KE14:KI14) -> 0 | KP14: =SUM(KK14:KO14) -> 0 | KV14: =SUM(KQ14:KU14) -> 0 | LB14: =SUM(KW14:LA14) -> 0 | LF14: =SUM(LC14:LE14) -> 0 | LG14: =LF14+LB14+KV14+KP14+KJ14 -> 0
B15: Energie | D15: =SUM(C15:C15) -> 0 | J15: =SUM(E15:I15) -> 0 | O15: =SUM(K15:N15) -> 0 | Q15: 9594.904 | U15: =SUM(P15:T15) -> 9594.904 | AA15: =SUM(V15:Z15) -> 0 | AB15: =AA15+U15+O15+J15+D15 -> 9594.904 | AC15: 10794.204 | AH15: =SUM(AC15:AG15) -> 10794.204 | AN15: =SUM(AI15:AM15) -> 0 | AT15: =SUM(AO15:AS15) -> 0 | AZ15: =SUM(AU15:AY15) -> 0 | BA15: =AZ15+AT15+AN15+AH15 -> 10794.204 | BG15: =SUM(BB15:BF15) -> 0 | BH15: 7196.303 | BM15: =SUM(BH15:BL15) -> 7196.303 | BR15: =SUM(BN15:BQ15) -> 0 | BX15: =SUM(BS15:BW15) -> 0 | CA15: =SUM(BY15:BZ15) -> 0 | CB15: =CA15+BX15+BR15+BM15+BG15 -> 7196.303 | CF15: =SUM(CC15:CE15) -> 0 | CG15: 8395.603 | CK15: =SUM(CG15:CJ15) -> 8395.603 | CQ15: =SUM(CL15:CP15) -> 0 | CW15: =SUM(CR15:CV15) -> 0 | DB15: =SUM(CX15:DA15) -> 0 | DC15: =DB15+CW15+CQ15+CK15+CF15 -> 8395.603 | DE15: 10794.704 | DI15: =SUM(DD15:DH15) -> 10794.704 | DO15: =SUM(DJ15:DN15) -> 0 | DU15: =SUM(DP15:DT15) -> 0 | EA15: =SUM(DV15:DZ15) -> 0 | EB15: =DI15+DO15+DU15+EA15 -> 10794.704 | EH15: =SUM(EC15:EG15) -> 0 | EJ15: 9594.904 | EN15: =SUM(EI15:EM15) -> 9594.904 | ET15: =SUM(EO15:ES15) -> 0 | FB15: =SUM(EU15:FA15) -> 0 | FC15: =EH15+EN15+ET15+FB15 -> 9594.904 | FG15: =SUM(FD15:FF15) -> 0 | FH15: 10794.204 | FM15: =SUM(FH15:FL15) -> 10794.204 | FR15: =SUM(FN15:FQ15) -> 0 | FX15: =SUM(FS15:FW15) -> 0 | GD15: =SUM(FY15:GC15) -> 0 | GE15: =FG15+FM15+FR15+FX15+GD15 -> 10794.204 | GK15: =SUM(GF15:GJ15) -> 0 | GP15: =SUM(GL15:GO15) -> 0 | GV15: =SUM(GQ15:GU15) -> 0 | HC15: =SUM(GW15:HB15) -> 0 | HD15: =GK15+GP15+GV15+HC15 -> 0 | HI15: =SUM(HE15:HH15) -> 0 | HO15: =SUM(HJ15:HN15) -> 0 | HU15: =SUM(HP15:HT15) -> 0 | HY15: =SUM(HV15:HX15) -> 0 | IC15: =SUM(HZ15:IB15) -> 0 | ID15: =HI15+HO15+HU15+HY15+IC15 -> 0 | IG15: =SUM(IE15:IF15) -> 0 | IM15: =SUM(IH15:IL15) -> 0 | IN15: =8395.603+9594.904 -> 17990.507 | IQ15: =SUM(IN15:IP15) -> 17990.507 | IW15: =SUM(IR15:IV15) -> 0 | JC15: =SUM(IX15:JB15) -> 0 | JD15: =IG15+IM15+IQ15+IW15+JC15 -> 17990.507 | JJ15: =SUM(JE15:JI15) -> 0 | JP15: =SUM(JK15:JO15) -> 0 | JV15: =SUM(JQ15:JU15) -> 0 | KC15: =SUM(JW15:KB15) -> 0 | KD15: =JJ15+JP15+JV15+KC15 -> 0 | KJ15: =SUM(KE15:KI15) -> 0 | KP15: =SUM(KK15:KO15) -> 0 | KV15: =SUM(KQ15:KU15) -> 0 | LB15: =SUM(KW15:LA15) -> 0 | LF15: =SUM(LC15:LE15) -> 0 | LG15: 10000
B16: Steg | D16: =SUM(C16:C16) -> 0 | J16: =SUM(E16:I16) -> 0 | O16: =SUM(K16:N16) -> 0 | U16: =SUM(P16:T16) -> 0 | AA16: =SUM(V16:Z16) -> 0 | AB16: =AA16+U16+O16+J16+D16 -> 0 | AH16: =SUM(AC16:AG16) -> 0 | AN16: =SUM(AI16:AM16) -> 0 | AT16: =SUM(AO16:AS16) -> 0 | AZ16: =SUM(AU16:AY16) -> 0 | BA16: =AZ16+AT16+AN16+AH16 -> 0 | BG16: =SUM(BB16:BF16) -> 0 | BM16: =SUM(BH16:BL16) -> 0 | BR16: =SUM(BN16:BQ16) -> 0 | BX16: =SUM(BS16:BW16) -> 0 | BZ16: 506.9 | CA16: =SUM(BY16:BZ16) -> 506.9 | CB16: =CA16+BX16+BR16+BM16+BG16 -> 506.9 | CF16: =SUM(CC16:CE16) -> 0 | CK16: =SUM(CG16:CJ16) -> 0 | CQ16: =SUM(CL16:CP16) -> 0 | CW16: =SUM(CR16:CV16) -> 0 | DB16: =SUM(CX16:DA16) -> 0 | DC16: =DB16+CW16+CQ16+CK16+CF16 -> 0 | DI16: =SUM(DD16:DH16) -> 0 | DN16: 273.8 | DO16: =SUM(DJ16:DN16) -> 273.8 | DU16: =SUM(DP16:DT16) -> 0 | EA16: =SUM(DV16:DZ16) -> 0 | EB16: =DI16+DO16+DU16+EA16 -> 273.8 | EH16: =SUM(EC16:EG16) -> 0 | EL16: 343.8 | EN16: =SUM(EI16:EM16) -> 343.8 | ET16: =SUM(EO16:ES16) -> 0 | FB16: =SUM(EU16:FA16) -> 0 | FC16: =EH16+EN16+ET16+FB16 -> 343.8 | FG16: =SUM(FD16:FF16) -> 0 | FM16: =SUM(FH16:FL16) -> 0 | FR16: =SUM(FN16:FQ16) -> 0 | FX16: =SUM(FS16:FW16) -> 0 | GD16: =SUM(FY16:GC16) -> 0 | GE16: =FG16+FM16+FR16+FX16+GD16 -> 0 | GK16: =SUM(GF16:GJ16) -> 0 | GP16: =SUM(GL16:GO16) -> 0 | GV16: =SUM(GQ16:GU16) -> 0 | GW16: 174.8 | HC16: =SUM(GW16:HB16) -> 174.8 | HD16: =GK16+GP16+GV16+HC16 -> 174.8 | HI16: =SUM(HE16:HH16) -> 0 | HO16: =SUM(HJ16:HN16) -> 0 | HU16: =SUM(HP16:HT16) -> 0 | HY16: =SUM(HV16:HX16) -> 0 | IC16: =SUM(HZ16:IB16) -> 0 | ID16: =HI16+HO16+HU16+HY16+IC16 -> 0 | IG16: =SUM(IE16:IF16) -> 0 | IM16: =SUM(IH16:IL16) -> 0 | IQ16: =SUM(IN16:IP16) -> 0 | IW16: =SUM(IR16:IV16) -> 0 | JC16: =SUM(IX16:JB16) -> 0 | JD16: =IG16+IM16+IQ16+IW16+JC16 -> 0 | JI16: 421.1 | JJ16: =SUM(JE16:JI16) -> 421.1 | JP16: =SUM(JK16:JO16) -> 0 | JV16: =SUM(JQ16:JU16) -> 0 | KC16: =SUM(JW16:KB16) -> 0 | KD16: =JJ16+JP16+JV16+KC16 -> 421.1 | KJ16: =SUM(KE16:KI16) -> 0 | KP16: =SUM(KK16:KO16) -> 0 | KV16: =SUM(KQ16:KU16) -> 0 | LB16: =SUM(KW16:LA16) -> 0 | LF16: =SUM(LC16:LE16) -> 0 | LG16: =LF16+LB16+KV16+KP16+KJ16 -> 0
B17: Sonede | D17: =SUM(C17:C17) -> 0 | J17: =SUM(E17:I17) -> 0 | O17: =SUM(K17:N17) -> 0 | U17: =SUM(P17:T17) -> 0 | AA17: =SUM(V17:Z17) -> 0 | AB17: =AA17+U17+O17+J17+D17 -> 0 | AH17: =SUM(AC17:AG17) -> 0 | AN17: =SUM(AI17:AM17) -> 0 | AT17: =SUM(AO17:AS17) -> 0 | AZ17: =SUM(AU17:AY17) -> 0 | BA17: =AZ17+AT17+AN17+AH17 -> 0 | BG17: =SUM(BB17:BF17) -> 0 | BM17: =SUM(BH17:BL17) -> 0 | BR17: =SUM(BN17:BQ17) -> 0 | BX17: =SUM(BS17:BW17) -> 0 | CA17: =SUM(BY17:BZ17) -> 0 | CB17: =CA17+BX17+BR17+BM17+BG17 -> 0 | CF17: =SUM(CC17:CE17) -> 0 | CK17: =SUM(CG17:CJ17) -> 0 | CQ17: =SUM(CL17:CP17) -> 0 | CW17: =SUM(CR17:CV17) -> 0 | DB17: =SUM(CX17:DA17) -> 0 | DC17: =DB17+CW17+CQ17+CK17+CF17 -> 0 | DI17: =SUM(DD17:DH17) -> 0 | DO17: =SUM(DJ17:DN17) -> 0 | DU17: =SUM(DP17:DT17) -> 0 | EA17: =SUM(DV17:DZ17) -> 0 | EB17: =DI17+DO17+DU17+EA17 -> 0 | EH17: =SUM(EC17:EG17) -> 0 | EN17: =SUM(EI17:EM17) -> 0 | ET17: =SUM(EO17:ES17) -> 0 | FB17: =SUM(EU17:FA17) -> 0 | FC17: =EH17+EN17+ET17+FB17 -> 0 | FG17: =SUM(FD17:FF17) -> 0 | FM17: =SUM(FH17:FL17) -> 0 | FR17: =SUM(FN17:FQ17) -> 0 | FX17: =SUM(FS17:FW17) -> 0 | GD17: =SUM(FY17:GC17) -> 0 | GE17: =FG17+FM17+FR17+FX17+GD17 -> 0 | GK17: =SUM(GF17:GJ17) -> 0 | GP17: =SUM(GL17:GO17) -> 0 | GV17: =SUM(GQ17:GU17) -> 0 | HC17: =SUM(GW17:HB17) -> 0 | HD17: =GK17+GP17+GV17+HC17 -> 0 | HI17: =SUM(HE17:HH17) -> 0 | HO17: =SUM(HJ17:HN17) -> 0 | HU17: =SUM(HP17:HT17) -> 0 | HY17: =SUM(HV17:HX17) -> 0 | IC17: =SUM(HZ17:IB17) -> 0 | ID17: =HI17+HO17+HU17+HY17+IC17 -> 0 | IG17: =SUM(IE17:IF17) -> 0 | IM17: =SUM(IH17:IL17) -> 0 | IQ17: =SUM(IN17:IP17) -> 0 | IW17: =SUM(IR17:IV17) -> 0 | JC17: =SUM(IX17:JB17) -> 0 | JD17: =IG17+IM17+IQ17+IW17+JC17 -> 0 | JJ17: =SUM(JE17:JI17) -> 0 | JP17: =SUM(JK17:JO17) -> 0 | JV17: =SUM(JQ17:JU17) -> 0 | KC17: =SUM(JW17:KB17) -> 0 | KD17: =JJ17+JP17+JV17+KC17 -> 0 | KJ17: =SUM(KE17:KI17) -> 0 | KP17: =SUM(KK17:KO17) -> 0 | KV17: =SUM(KQ17:KU17) -> 0 | LB17: =SUM(KW17:LA17) -> 0 | LF17: =SUM(LC17:LE17) -> 0 | LG17: =LF17+LB17+KV17+KP17+KJ17 -> 0
B18: Frais Recouvrement | D18: =SUM(C18:C18) -> 0 | J18: =SUM(E18:I18) -> 0 | O18: =SUM(K18:N18) -> 0 | U18: =SUM(P18:T18) -> 0 | AA18: =SUM(V18:Z18) -> 0 | AB18: =AA18+U18+O18+J18+D18 -> 0 | AH18: =SUM(AC18:AG18) -> 0 | AJ18: =671.2+285.6 -> 956.8 | AM18: 307.3 | AN18: =SUM(AI18:AM18) -> 1264.1 | AT18: =SUM(AO18:AS18) -> 0 | AZ18: =SUM(AU18:AY18) -> 0 | BA18: =AZ18+AT18+AN18+AH18 -> 1264.1 | BG18: =SUM(BB18:BF18) -> 0 | BM18: =SUM(BH18:BL18) -> 0 | BR18: =SUM(BN18:BQ18) -> 0 | BW18: 354.5 | BX18: =SUM(BS18:BW18) -> 354.5 | CA18: =SUM(BY18:BZ18) -> 0 | CB18: =CA18+BX18+BR18+BM18+BG18 -> 354.5 | CF18: =SUM(CC18:CE18) -> 0 | CG18: 195.98 | CK18: =SUM(CG18:CJ18) -> 195.98 | CQ18: =SUM(CL18:CP18) -> 0 | CW18: =SUM(CR18:CV18) -> 0 | DB18: =SUM(CX18:DA18) -> 0 | DC18: =DB18+CW18+CQ18+CK18+CF18 -> 195.98 | DH18: 354.5 | DI18: =SUM(DD18:DH18) -> 354.5 | DO18: =SUM(DJ18:DN18) -> 0 | DS18: 87.96 | DU18: =SUM(DP18:DT18) -> 87.96 | EA18: =SUM(DV18:DZ18) -> 0 | EB18: =DI18+DO18+DU18+EA18 -> 442.46 | ED18: 283.7 | EH18: =SUM(EC18:EG18) -> 283.7 | EN18: =SUM(EI18:EM18) -> 0 | ET18: =SUM(EO18:ES18) -> 0 | FA18: 354.5 | FB18: =SUM(EU18:FA18) -> 354.5 | FC18: =EH18+EN18+ET18+FB18 -> 638.2 | FG18: =SUM(FD18:FF18) -> 0 | FM18: =SUM(FH18:FL18) -> 0 | FR18: =SUM(FN18:FQ18) -> 0 | FX18: =SUM(FS18:FW18) -> 0 | GD18: =SUM(FY18:GC18) -> 0 | GE18: =FG18+FM18+FR18+FX18+GD18 -> 0 | GK18: =SUM(GF18:GJ18) -> 0 | GP18: =SUM(GL18:GO18) -> 0 | GV18: =SUM(GQ18:GU18) -> 0 | HC18: =SUM(GW18:HB18) -> 0 | HD18: =GK18+GP18+GV18+HC18 -> 0 | HI18: =SUM(HE18:HH18) -> 0 | HN18: 566.9 | HO18: =SUM(HJ18:HN18) -> 566.9 | HU18: =SUM(HP18:HT18) -> 0 | HY18: =SUM(HV18:HX18) -> 0 | IC18: =SUM(HZ18:IB18) -> 0 | ID18: =HI18+HO18+HU18+HY18+IC18 -> 566.9 | IG18: =SUM(IE18:IF18) -> 0 | IM18: =SUM(IH18:IL18) -> 0 | IQ18: =SUM(IN18:IP18) -> 0 | IW18: =SUM(IR18:IV18) -> 0 | JC18: =SUM(IX18:JB18) -> 0 | JD18: =IG18+IM18+IQ18+IW18+JC18 -> 0 | JE18: 236.5 | JJ18: =SUM(JE18:JI18) -> 236.5 | JP18: =SUM(JK18:JO18) -> 0 | JV18: =SUM(JQ18:JU18) -> 0 | KC18: =SUM(JW18:KB18) -> 0 | KD18: =JJ18+JP18+JV18+KC18 -> 236.5 | KJ18: =SUM(KE18:KI18) -> 0 | KP18: =SUM(KK18:KO18) -> 0 | KV18: =SUM(KQ18:KU18) -> 0 | LB18: =SUM(KW18:LA18) -> 0 | LF18: =SUM(LC18:LE18) -> 0 | LG18: =LF18+LB18+KV18+KP18+KJ18 -> 0
B19: Telecommunication | C19: 647.75 | D19: =SUM(C19:C19) -> 647.75 | J19: =SUM(E19:I19) -> 0 | O19: =SUM(K19:N19) -> 0 | U19: =SUM(P19:T19) -> 0 | AA19: =SUM(V19:Z19) -> 0 | AB19: =AA19+U19+O19+J19+D19 -> 647.75 | AE19: 291.258 | AH19: =SUM(AC19:AG19) -> 291.258 | AN19: =SUM(AI19:AM19) -> 0 | AT19: =SUM(AO19:AS19) -> 0 | AZ19: =SUM(AU19:AY19) -> 0 | BA19: =AZ19+AT19+AN19+AH19 -> 291.258 | BD19: 652.3 | BF19: 286.345 | BG19: =SUM(BB19:BF19) -> 938.645 | BM19: =SUM(BH19:BL19) -> 0 | BR19: =SUM(BN19:BQ19) -> 0 | BX19: =SUM(BS19:BW19) -> 0 | BZ19: 647.625 | CA19: =SUM(BY19:BZ19) -> 647.625 | CB19: =CA19+BX19+BR19+BM19+BG19 -> 1586.27 | CF19: =SUM(CC19:CE19) -> 0 | CK19: =SUM(CG19:CJ19) -> 0 | CQ19: =SUM(CL19:CP19) -> 0 | CW19: =SUM(CR19:CV19) -> 0 | CX19: 647.765 | DB19: =SUM(CX19:DA19) -> 647.765 | DC19: =DB19+CW19+CQ19+CK19+CF19 -> 647.765 | DI19: =SUM(DD19:DH19) -> 0 | DM19: 546.16 | DO19: =SUM(DJ19:DN19) -> 546.16 | DU19: =SUM(DP19:DT19) -> 0 | DW19: 647.625 | EA19: =SUM(DV19:DZ19) -> 647.625 | EB19: =DI19+DO19+DU19+EA19 -> 1193.785 | EH19: =SUM(EC19:EG19) -> 0 | EN19: =SUM(EI19:EM19) -> 0 | ET19: =SUM(EO19:ES19) -> 0 | FB19: =SUM(EU19:FA19) -> 0 | FC19: =EH19+EN19+ET19+FB19 -> 0 | FG19: =SUM(FD19:FF19) -> 0 | FM19: =SUM(FH19:FL19) -> 0 | FO19: 652.861 | FR19: =SUM(FN19:FQ19) -> 652.861 | FX19: =SUM(FS19:FW19) -> 0 | GD19: =SUM(FY19:GC19) -> 0 | GE19: =FG19+FM19+FR19+FX19+GD19 -> 652.861 | GK19: =SUM(GF19:GJ19) -> 0 | GP19: =SUM(GL19:GO19) -> 0 | GR19: 25 | GV19: =SUM(GQ19:GU19) -> 25 | GW19: 329.955 | GX19: 656.975 | HC19: =SUM(GW19:HB19) -> 986.93 | HD19: =GK19+GP19+GV19+HC19 -> 1011.93 | HI19: =SUM(HE19:HH19) -> 0 | HL19: 310.35 | HO19: =SUM(HJ19:HN19) -> 310.35 | HU19: =SUM(HP19:HT19) -> 0 | HY19: =SUM(HV19:HX19) -> 0 | IC19: =SUM(HZ19:IB19) -> 0 | ID19: =HI19+HO19+HU19+HY19+IC19 -> 310.35 | IG19: =SUM(IE19:IF19) -> 0 | II19: 25 | IM19: =SUM(IH19:IL19) -> 25 | IQ19: =SUM(IN19:IP19) -> 0 | IW19: =SUM(IR19:IV19) -> 0 | JC19: =SUM(IX19:JB19) -> 0 | JD19: =IG19+IM19+IQ19+IW19+JC19 -> 25 | JJ19: =SUM(JE19:JI19) -> 0 | JP19: =SUM(JK19:JO19) -> 0 | JV19: =SUM(JQ19:JU19) -> 0 | KC19: =SUM(JW19:KB19) -> 0 | KD19: =JJ19+JP19+JV19+KC19 -> 0 | KJ19: =SUM(KE19:KI19) -> 0 | KP19: =SUM(KK19:KO19) -> 0 | KV19: =SUM(KQ19:KU19) -> 0 | LB19: =SUM(KW19:LA19) -> 0 | LF19: =SUM(LC19:LE19) -> 0 | LG19: =LF19+LB19+KV19+KP19+KJ19 -> 0
B20: Compagne Marketing | D20: =SUM(C20:C20) -> 0 | J20: =SUM(E20:I20) -> 0 | O20: =SUM(K20:N20) -> 0 | U20: =SUM(P20:T20) -> 0 | V20: 7261.283 | Y20: 11736.396 | AA20: =SUM(V20:Z20) -> 18997.679 | AB20: =AA20+U20+O20+J20+D20 -> 18997.679 | AH20: =SUM(AC20:AG20) -> 0 | AN20: =SUM(AI20:AM20) -> 0 | AP20: 1302.17 | AS20: 1585.289 | AT20: =SUM(AO20:AS20) -> 2887.459 | AZ20: =SUM(AU20:AY20) -> 0 | BA20: =AZ20+AT20+AN20+AH20 -> 2887.459 | BC20: 14775 | BG20: =SUM(BB20:BF20) -> 14775 | BH20: 849.85 | BM20: =SUM(BH20:BL20) -> 849.85 | BO20: 13295.723 | BR20: =SUM(BN20:BQ20) -> 13295.723 | BX20: =SUM(BS20:BW20) -> 0 | CA20: =SUM(BY20:BZ20) -> 0 | CB20: =CA20+BX20+BR20+BM20+BG20 -> 28920.573 | CF20: =SUM(CC20:CE20) -> 0 | CJ20: =6759.585+2567.907 -> 9327.492 | CK20: =SUM(CG20:CJ20) -> 9327.492 | CL20: 824.355 | CO20: =427.466+649.5 -> 1076.966 | CQ20: =SUM(CL20:CP20) -> 1901.321 | CW20: =SUM(CR20:CV20) -> 0 | DB20: =SUM(CX20:DA20) -> 0 | DC20: =DB20+CW20+CQ20+CK20+CF20 -> 11228.813 | DD20: 1302.17 | DI20: =SUM(DD20:DH20) -> 1302.17 | DL20: 1853.573 | DO20: =SUM(DJ20:DN20) -> 1853.573 | DU20: =SUM(DP20:DT20) -> 0 | DZ20: =909.145+955.364 -> 1864.509 | EA20: =SUM(DV20:DZ20) -> 1864.509 | EB20: =DI20+DO20+DU20+EA20 -> 5020.252 | ED20: 3086.005 | EH20: =SUM(EC20:EG20) -> 3086.005 | EN20: =SUM(EI20:EM20) -> 0 | ET20: =SUM(EO20:ES20) -> 0 | FB20: =SUM(EU20:FA20) -> 0 | FC20: =EH20+EN20+ET20+FB20 -> 3086.005 | FE20: 4925 | FF20: 1627.614 | FG20: =SUM(FD20:FF20) -> 6552.614 | FM20: =SUM(FH20:FL20) -> 0 | FP20: 4925 | FR20: =SUM(FN20:FQ20) -> 4925 | FX20: =SUM(FS20:FW20) -> 0 | FZ20: 13467.464 | GD20: =SUM(FY20:GC20) -> 13467.464 | GE20: =FG20+FM20+FR20+FX20+GD20 -> 24945.078 | GG20: 2955 | GI20: 472.5 | GK20: =SUM(GF20:GJ20) -> 3427.5 | GO20: 12343.922 | GP20: =SUM(GL20:GO20) -> 12343.922 | GV20: =SUM(GQ20:GU20) -> 0 | HC20: =SUM(GW20:HB20) -> 0 | HD20: =GK20+GP20+GV20+HC20 -> 15771.422 | HI20: =SUM(HE20:HH20) -> 0 | HJ20: =2836.8+236.5+3299.5 -> 6372.8 | HN20: 2465.731 | HO20: =SUM(HJ20:HN20) -> 8838.531 | HQ20: 850.015 | HR20: =3250.447+2941.525 -> 6191.972 | HU20: =SUM(HP20:HT20) -> 7041.987 | HY20: =SUM(HV20:HX20) -> 0 | IB20: 2836.406 | IC20: =SUM(HZ20:IB20) -> 2836.406 | ID20: =HI20+HO20+HU20+HY20+IC20 -> 18716.924 | IG20: =SUM(IE20:IF20) -> 0 | II20: 5000.5 | IM20: =SUM(IH20:IL20) -> 5000.5 | IO20: 11474.29 | IQ20: =SUM(IN20:IP20) -> 11474.29 | IW20: =SUM(IR20:IV20) -> 0 | JC20: =SUM(IX20:JB20) -> 0 | JD20: =IG20+IM20+IQ20+IW20+JC20 -> 16474.79 | JI20: 5000.5 | JJ20: =SUM(JE20:JI20) -> 5000.5 | JP20: =SUM(JK20:JO20) -> 0 | JV20: =SUM(JQ20:JU20) -> 0 | KC20: =SUM(JW20:KB20) -> 0 | KD20: =JJ20+JP20+JV20+KC20 -> 5000.5 | KJ20: =SUM(KE20:KI20) -> 0 | KP20: =SUM(KK20:KO20) -> 0 | KV20: =SUM(KQ20:KU20) -> 0 | LB20: =SUM(KW20:LA20) -> 0 | LF20: =SUM(LC20:LE20) -> 0 | LG20: =LF20+LB20+KV20+KP20+KJ20 -> 0
B21: Salaire | D21: =SUM(C21:C21) -> 0 | J21: =SUM(E21:I21) -> 0 | O21: =SUM(K21:N21) -> 0 | T21: 417.69 | U21: =SUM(P21:T21) -> 417.69 | W21: 1387.68 | Z21: 27577.734 | AA21: =SUM(V21:Z21) -> 28965.414 | AB21: =AA21+U21+O21+J21+D21 -> 29383.104 | AG21: 539.414 | AH21: =SUM(AC21:AG21) -> 539.414 | AN21: =SUM(AI21:AM21) -> 0 | AT21: =SUM(AO21:AS21) -> 0 | AZ21: =SUM(AU21:AY21) -> 0 | BA21: =AZ21+AT21+AN21+AH21 -> 539.414 | BB21: 30683.366 | BG21: =SUM(BB21:BF21) -> 30683.366 | BM21: =SUM(BH21:BL21) -> 0 | BR21: =SUM(BN21:BQ21) -> 0 | BV21: 412.45 | BX21: =SUM(BS21:BW21) -> 412.45 | BZ21: 28049.672 | CA21: =SUM(BY21:BZ21) -> 28049.672 | CB21: =CA21+BX21+BR21+BM21+BG21 -> 59145.488 | CF21: =SUM(CC21:CE21) -> 0 | CK21: =SUM(CG21:CJ21) -> 0 | CQ21: =SUM(CL21:CP21) -> 0 | CR21: 1200 | CW21: =SUM(CR21:CV21) -> 1200 | DA21: 28014.432 | DB21: =SUM(CX21:DA21) -> 28014.432 | DC21: =DB21+CW21+CQ21+CK21+CF21 -> 29214.432 | DI21: =SUM(DD21:DH21) -> 0 | DO21: =SUM(DJ21:DN21) -> 0 | DU21: =SUM(DP21:DT21) -> 0 | EA21: =SUM(DV21:DZ21) -> 0 | EB21: =DI21+DO21+DU21+EA21 -> 0 | EC21: 26873.598 | EH21: =SUM(EC21:EG21) -> 26873.598 | EI21: 1000 | EN21: =SUM(EI21:EM21) -> 1000 | ES21: 500 | ET21: =SUM(EO21:ES21) -> 500 | FB21: =SUM(EU21:FA21) -> 0 | FC21: =EH21+EN21+ET21+FB21 -> 28373.598 | FD21: 26724.19 | FG21: =SUM(FD21:FF21) -> 26724.19 | FL21: 2400 | FM21: =SUM(FH21:FL21) -> 2400 | FP21: 500 | FR21: =SUM(FN21:FQ21) -> 500 | FX21: =SUM(FS21:FW21) -> 0 | GC21: 26915.532 | GD21: =SUM(FY21:GC21) -> 26915.532 | GE21: =FG21+FM21+FR21+FX21+GD21 -> 56539.722 | GJ21: 1000 | GK21: =SUM(GF21:GJ21) -> 1000 | GP21: =SUM(GL21:GO21) -> 0 | GV21: =SUM(GQ21:GU21) -> 0 | HB21: 26755.031 | HC21: =SUM(GW21:HB21) -> 26755.031 | HD21: =GK21+GP21+GV21+HC21 -> 27755.031 | HI21: =SUM(HE21:HH21) -> 0 | HO21: =SUM(HJ21:HN21) -> 0 | HQ21: 5400 | HU21: =SUM(HP21:HT21) -> 5400 | HY21: =SUM(HV21:HX21) -> 0 | IB21: 26124.032 | IC21: =SUM(HZ21:IB21) -> 26124.032 | ID21: =HI21+HO21+HU21+HY21+IC21 -> 31524.032 | IG21: =SUM(IE21:IF21) -> 0 | IK21: 1000 | IM21: =SUM(IH21:IL21) -> 1000 | IQ21: =SUM(IN21:IP21) -> 0 | IU21: 300 | IW21: =SUM(IR21:IV21) -> 300 | JB21: 26385.85 | JC21: =SUM(IX21:JB21) -> 26385.85 | JD21: =IG21+IM21+IQ21+IW21+JC21 -> 27685.85 | JJ21: =SUM(JE21:JI21) -> 0 | JP21: =SUM(JK21:JO21) -> 0 | JV21: =SUM(JQ21:JU21) -> 0 | KC21: =SUM(JW21:KB21) -> 0 | KD21: =JJ21+JP21+JV21+KC21 -> 0 | KJ21: =SUM(KE21:KI21) -> 0 | KP21: =SUM(KK21:KO21) -> 0 | KV21: =SUM(KQ21:KU21) -> 0 | LB21: =SUM(KW21:LA21) -> 0 | LF21: =SUM(LC21:LE21) -> 0 | LG21: 29000
B22: Avance | D22: =SUM(C22:C22) -> 0 | J22: =SUM(E22:I22) -> 0 | N22: 550 | O22: =SUM(K22:N22) -> 550 | U22: =SUM(P22:T22) -> 0 | AA22: =SUM(V22:Z22) -> 0 | AB22: =AA22+U22+O22+J22+D22 -> 550 | AH22: =SUM(AC22:AG22) -> 0 | AN22: =SUM(AI22:AM22) -> 0 | AO22: =150+350 -> 500 | AT22: =SUM(AO22:AS22) -> 500 | AZ22: =SUM(AU22:AY22) -> 0 | BA22: =AZ22+AT22+AN22+AH22 -> 500 | BG22: =SUM(BB22:BF22) -> 0 | BM22: =SUM(BH22:BL22) -> 0 | BO22: 350 | BR22: =SUM(BN22:BQ22) -> 350 | BX22: =SUM(BS22:BW22) -> 0 | CA22: =SUM(BY22:BZ22) -> 0 | CB22: =CA22+BX22+BR22+BM22+BG22 -> 350 | CF22: =SUM(CC22:CE22) -> 0 | CK22: =SUM(CG22:CJ22) -> 0 | CN22: 300 | CQ22: =SUM(CL22:CP22) -> 300 | CW22: =SUM(CR22:CV22) -> 0 | DB22: =SUM(CX22:DA22) -> 0 | DC22: =DB22+CW22+CQ22+CK22+CF22 -> 300 | DI22: =SUM(DD22:DH22) -> 0 | DO22: =SUM(DJ22:DN22) -> 0 | DP22: 550 | DS22: 150 | DU22: =SUM(DP22:DT22) -> 700 | EA22: =SUM(DV22:DZ22) -> 0 | EB22: =DI22+DO22+DU22+EA22 -> 700 | EH22: =SUM(EC22:EG22) -> 0 | EN22: =SUM(EI22:EM22) -> 0 | EO22: 750 | ES22: 100 | ET22: =SUM(EO22:ES22) -> 850 | FB22: =SUM(EU22:FA22) -> 0 | FC22: =EH22+EN22+ET22+FB22 -> 850 | FG22: =SUM(FD22:FF22) -> 0 | FM22: =SUM(FH22:FL22) -> 0 | FP22: 1000 | FR22: =SUM(FN22:FQ22) -> 1000 | FX22: =SUM(FS22:FW22) -> 0 | GD22: =SUM(FY22:GC22) -> 0 | GE22: =FG22+FM22+FR22+FX22+GD22 -> 1000 | GK22: =SUM(GF22:GJ22) -> 0 | GP22: =SUM(GL22:GO22) -> 0 | GQ22: 450 | GV22: =SUM(GQ22:GU22) -> 450 | HC22: =SUM(GW22:HB22) -> 0 | HD22: =GK22+GP22+GV22+HC22 -> 450 | HI22: =SUM(HE22:HH22) -> 0 | HO22: =SUM(HJ22:HN22) -> 0 | HQ22: 450 | HU22: =SUM(HP22:HT22) -> 450 | HY22: =SUM(HV22:HX22) -> 0 | IC22: =SUM(HZ22:IB22) -> 0 | ID22: =HI22+HO22+HU22+HY22+IC22 -> 450 | IG22: =SUM(IE22:IF22) -> 0 | IM22: =SUM(IH22:IL22) -> 0 | IP22: 250 | IQ22: =SUM(IN22:IP22) -> 250 | IW22: =SUM(IR22:IV22) -> 0 | JC22: =SUM(IX22:JB22) -> 0 | JD22: =IG22+IM22+IQ22+IW22+JC22 -> 250 | JJ22: =SUM(JE22:JI22) -> 0 | JP22: =SUM(JK22:JO22) -> 0 | JV22: =SUM(JQ22:JU22) -> 0 | KC22: =SUM(JW22:KB22) -> 0 | KD22: =JJ22+JP22+JV22+KC22 -> 0 | LG22: =LF22+LB22+KV22+KP22+KJ22 -> 0
B23: Prime | D23: =SUM(C23:C23) -> 0 | I23: =1470.312+16482.858 -> 17953.17 | J23: =SUM(E23:I23) -> 17953.17 | O23: =SUM(K23:N23) -> 0 | U23: =SUM(P23:T23) -> 0 | AA23: =SUM(V23:Z23) -> 0 | AB23: =AA23+U23+O23+J23+D23 -> 17953.17 | AH23: =SUM(AC23:AG23) -> 0 | AN23: =SUM(AI23:AM23) -> 0 | AT23: =SUM(AO23:AS23) -> 0 | AZ23: =SUM(AU23:AY23) -> 0 | BA23: =AZ23+AT23+AN23+AH23 -> 0 | BG23: =SUM(BB23:BF23) -> 0 | BM23: =SUM(BH23:BL23) -> 0 | BR23: =SUM(BN23:BQ23) -> 0 | BX23: =SUM(BS23:BW23) -> 0 | CA23: =SUM(BY23:BZ23) -> 0 | CB23: =CA23+BX23+BR23+BM23+BG23 -> 0 | CF23: =SUM(CC23:CE23) -> 0 | CK23: =SUM(CG23:CJ23) -> 0 | CQ23: =SUM(CL23:CP23) -> 0 | CW23: =SUM(CR23:CV23) -> 0 | DB23: =SUM(CX23:DA23) -> 0 | DC23: =DB23+CW23+CQ23+CK23+CF23 -> 0 | DI23: =SUM(DD23:DH23) -> 0 | DO23: =SUM(DJ23:DN23) -> 0 | DU23: =SUM(DP23:DT23) -> 0 | EA23: =SUM(DV23:DZ23) -> 0 | EB23: =DI23+DO23+DU23+EA23 -> 0 | EH23: =SUM(EC23:EG23) -> 0 | EN23: =SUM(EI23:EM23) -> 0 | ET23: =SUM(EO23:ES23) -> 0 | FB23: =SUM(EU23:FA23) -> 0 | FC23: =EH23+EN23+ET23+FB23 -> 0 | FG23: =SUM(FD23:FF23) -> 0 | FM23: =SUM(FH23:FL23) -> 0 | FR23: =SUM(FN23:FQ23) -> 0 | FX23: =SUM(FS23:FW23) -> 0 | GD23: =SUM(FY23:GC23) -> 0 | GE23: =FG23+FM23+FR23+FX23+GD23 -> 0 | GK23: =SUM(GF23:GJ23) -> 0 | GP23: =SUM(GL23:GO23) -> 0 | GV23: =SUM(GQ23:GU23) -> 0 | HC23: =SUM(GW23:HB23) -> 0 | HD23: =GK23+GP23+GV23+HC23 -> 0 | HI23: =SUM(HE23:HH23) -> 0 | HM23: 638 | HO23: =SUM(HJ23:HN23) -> 638 | HQ23: 2590 | HU23: =SUM(HP23:HT23) -> 2590 | HY23: =SUM(HV23:HX23) -> 0 | IC23: =SUM(HZ23:IB23) -> 0 | ID23: =HI23+HO23+HU23+HY23+IC23 -> 3228 | IG23: =SUM(IE23:IF23) -> 0 | IM23: =SUM(IH23:IL23) -> 0 | IQ23: =SUM(IN23:IP23) -> 0 | IW23: =SUM(IR23:IV23) -> 0 | JC23: =SUM(IX23:JB23) -> 0 | JD23: =IG23+IM23+IQ23+IW23+JC23 -> 0 | JJ23: =SUM(JE23:JI23) -> 0 | JP23: =SUM(JK23:JO23) -> 0 | JV23: =SUM(JQ23:JU23) -> 0 | KC23: =SUM(JW23:KB23) -> 0 | KD23: =JJ23+JP23+JV23+KC23 -> 0 | LG23: =LF23+LB23+KV23+KP23+KJ23 -> 0
B24: Charge Social | D24: =SUM(C24:C24) -> 0 | J24: =SUM(E24:I24) -> 0 | O24: =SUM(K24:N24) -> 0 | R24: 37154.545 | S24: =142.303+550.7 -> 693.003 | U24: =SUM(P24:T24) -> 37847.548 | X24: 142.303 | AA24: =SUM(V24:Z24) -> 142.303 | AB24: =AA24+U24+O24+J24+D24 -> 37989.851 | AD24: =453.552+355.09+227.319 -> 1035.961 | AH24: =SUM(AC24:AG24) -> 1035.961 | AJ24: 116.682 | AN24: =SUM(AI24:AM24) -> 116.682 | AT24: =SUM(AO24:AS24) -> 0 | AZ24: =SUM(AU24:AY24) -> 0 | BA24: =AZ24+AT24+AN24+AH24 -> 1152.643 | BF24: 142.303 | BG24: =SUM(BB24:BF24) -> 142.303 | BM24: =SUM(BH24:BL24) -> 0 | BN24: 142.303 | BR24: =SUM(BN24:BQ24) -> 142.303 | BX24: =SUM(BS24:BW24) -> 0 | CA24: =SUM(BY24:BZ24) -> 0 | CB24: =CA24+BX24+BR24+BM24+BG24 -> 284.606 | CF24: =SUM(CC24:CE24) -> 0 | CK24: =SUM(CG24:CJ24) -> 0 | CN24: 142.303 | CO24: 31007.793 | CQ24: =SUM(CL24:CP24) -> 31150.096 | CW24: =SUM(CR24:CV24) -> 0 | DB24: =SUM(CX24:DA24) -> 0 | DC24: =DB24+CW24+CQ24+CK24+CF24 -> 31150.096 | DI24: =SUM(DD24:DH24) -> 0 | DN24: 142.303 | DO24: =SUM(DJ24:DN24) -> 142.303 | DU24: =SUM(DP24:DT24) -> 0 | EA24: =SUM(DV24:DZ24) -> 0 | EB24: =DI24+DO24+DU24+EA24 -> 142.303 | EH24: =SUM(EC24:EG24) -> 0 | EN24: =SUM(EI24:EM24) -> 0 | EQ24: 142.303 | ET24: =SUM(EO24:ES24) -> 142.303 | FB24: =SUM(EU24:FA24) -> 0 | FC24: =EH24+EN24+ET24+FB24 -> 142.303 | FG24: =SUM(FD24:FF24) -> 0 | FM24: =SUM(FH24:FL24) -> 0 | FR24: =SUM(FN24:FQ24) -> 0 | FU24: 142.303 | FV24: 29124.802 | FX24: =SUM(FS24:FW24) -> 29267.105 | GD24: =SUM(FY24:GC24) -> 0 | GE24: =FG24+FM24+FR24+FX24+GD24 -> 29267.105 | GK24: =SUM(GF24:GJ24) -> 0 | GP24: =SUM(GL24:GO24) -> 0 | GR24: 142.303 | GV24: =SUM(GQ24:GU24) -> 142.303 | HC24: =SUM(GW24:HB24) -> 0 | HD24: =GK24+GP24+GV24+HC24 -> 142.303 | HI24: =SUM(HE24:HH24) -> 0 | HO24: =SUM(HJ24:HN24) -> 0 | HS24: 142.303 | HU24: =SUM(HP24:HT24) -> 142.303 | HY24: =SUM(HV24:HX24) -> 0 | IC24: =SUM(HZ24:IB24) -> 0 | ID24: =HI24+HO24+HU24+HY24+IC24 -> 142.303 | IG24: =SUM(IE24:IF24) -> 0 | IM24: =SUM(IH24:IL24) -> 0 | IQ24: =SUM(IN24:IP24) -> 0 | IT24: 142.303 | IW24: =SUM(IR24:IV24) -> 142.303 | IZ24: 28419.39 | JC24: =SUM(IX24:JB24) -> 28419.39 | JD24: =IG24+IM24+IQ24+IW24+JC24 -> 28561.693 | JJ24: =SUM(JE24:JI24) -> 0 | JP24: =SUM(JK24:JO24) -> 0 | JV24: =SUM(JQ24:JU24) -> 0 | KC24: =SUM(JW24:KB24) -> 0 | KD24: =JJ24+JP24+JV24+KC24 -> 0 | KJ24: =SUM(KE24:KI24) -> 0 | KP24: =SUM(KK24:KO24) -> 0 | KV24: =SUM(KQ24:KU24) -> 0 | LB24: =SUM(KW24:LA24) -> 0 | LF24: =SUM(LC24:LE24) -> 0 | LG24: =LF24+LB24+KV24+KP24+KJ24 -> 0
B25: Loyer Agence | D25: =SUM(C25:C25) -> 0 | F25: 4800.003 | J25: =SUM(E25:I25) -> 4800.003 | K25: 2850 | O25: =SUM(K25:N25) -> 2850 | U25: =SUM(P25:T25) -> 0 | Z25: 240.001 | AA25: =SUM(V25:Z25) -> 240.001 | AB25: =AA25+U25+O25+J25+D25 -> 7890.004 | AH25: =SUM(AC25:AG25) -> 0 | AN25: =SUM(AI25:AM25) -> 0 | AT25: =SUM(AO25:AS25) -> 0 | AZ25: =SUM(AU25:AY25) -> 0 | BA25: =AZ25+AT25+AN25+AH25 -> 0 | BG25: =SUM(BB25:BF25) -> 0 | BL25: 2073.752 | BM25: =SUM(BH25:BL25) -> 2073.752 | BR25: =SUM(BN25:BQ25) -> 0 | BX25: =SUM(BS25:BW25) -> 0 | CA25: =SUM(BY25:BZ25) -> 0 | CB25: =CA25+BX25+BR25+BM25+BG25 -> 2073.752 | CF25: =SUM(CC25:CE25) -> 0 | CK25: =SUM(CG25:CJ25) -> 0 | CM25: 2850 | CQ25: =SUM(CL25:CP25) -> 2850 | CS25: 2233.454 | CW25: =SUM(CR25:CV25) -> 2233.454 | DB25: =SUM(CX25:DA25) -> 0 | DC25: =DB25+CW25+CQ25+CK25+CF25 -> 5083.454 | DI25: =SUM(DD25:DH25) -> 0 | DO25: =SUM(DJ25:DN25) -> 0 | DU25: =SUM(DP25:DT25) -> 0 | EA25: =SUM(DV25:DZ25) -> 0 | EB25: =DI25+DO25+DU25+EA25 -> 0 | EH25: =SUM(EC25:EG25) -> 0 | EN25: =SUM(EI25:EM25) -> 0 | ET25: =SUM(EO25:ES25) -> 0 | FB25: =SUM(EU25:FA25) -> 0 | FC25: =EH25+EN25+ET25+FB25 -> 0 | FF25: 2073.752 | FG25: =SUM(FD25:FF25) -> 2073.752 | FH25: 5040 | FM25: =SUM(FH25:FL25) -> 5040 | FN25: 2850 | FR25: =SUM(FN25:FQ25) -> 2850 | FX25: =SUM(FS25:FW25) -> 0 | GD25: =SUM(FY25:GC25) -> 0 | GE25: =FG25+FM25+FR25+FX25+GD25 -> 9963.752 | GK25: =SUM(GF25:GJ25) -> 0 | GP25: =SUM(GL25:GO25) -> 0 | GV25: =SUM(GQ25:GU25) -> 0 | HC25: =SUM(GW25:HB25) -> 0 | HD25: =GK25+GP25+GV25+HC25 -> 0 | HI25: =SUM(HE25:HH25) -> 0 | HO25: =SUM(HJ25:HN25) -> 0 | HU25: =SUM(HP25:HT25) -> 0 | HY25: =SUM(HV25:HX25) -> 0 | IC25: =SUM(HZ25:IB25) -> 0 | ID25: =HI25+HO25+HU25+HY25+IC25 -> 0 | IG25: =SUM(IE25:IF25) -> 0 | IM25: =SUM(IH25:IL25) -> 0 | IN25: 2992.499 | IQ25: =SUM(IN25:IP25) -> 2992.499 | IW25: =SUM(IR25:IV25) -> 0 | JC25: =SUM(IX25:JB25) -> 0 | JD25: =IG25+IM25+IQ25+IW25+JC25 -> 2992.499 | JJ25: =SUM(JE25:JI25) -> 0 | JP25: =SUM(JK25:JO25) -> 0 | JV25: =SUM(JQ25:JU25) -> 0 | KC25: =SUM(JW25:KB25) -> 0 | KD25: =JJ25+JP25+JV25+KC25 -> 0 | KJ25: =SUM(KE25:KI25) -> 0 | KP25: =SUM(KK25:KO25) -> 0 | KV25: =SUM(KQ25:KU25) -> 0 | LB25: =SUM(KW25:LA25) -> 0 | LF25: =SUM(LC25:LE25) -> 0 | LG25: =LF25+LB25+KV25+KP25+KJ25 -> 0
B26: Autre | D26: =SUM(C26:C26) -> 0 | J26: =SUM(E26:I26) -> 0 | O26: =SUM(K26:N26) -> 0 | U26: =SUM(P26:T26) -> 0 | V26: 2086.72 | X26: 1976.403 | Z26: 590 | AA26: =SUM(V26:Z26) -> 4653.123 | AB26: =AA26+U26+O26+J26+D26 -> 4653.123 | AD26: 921.838 | AG26: 1324.912 | AH26: =SUM(AC26:AG26) -> 2246.75 | AI26: 106.34 | AN26: =SUM(AI26:AM26) -> 106.34 | AO26: =1976.403+1976.403 -> 3952.806 | AS26: =1528.356+160+368.313 -> 2056.669 | AT26: =SUM(AO26:AS26) -> 6009.475 | AW26: 877.1 | AY26: 793.159 | AZ26: =SUM(AU26:AY26) -> 1670.259 | BA26: =AZ26+AT26+AN26+AH26 -> 10032.824 | BC26: =1599.887+3076.291 -> 4676.178 | BG26: =SUM(BB26:BF26) -> 4676.178 | BI26: 509.164 | BM26: =SUM(BH26:BL26) -> 509.164 | BO26: =2942.416+262.46+226.823 -> 3431.699 | BP26: 407.5 | BQ26: 93.46 | BR26: =SUM(BN26:BQ26) -> 3932.659 | BV26: 1976.403 | BX26: =SUM(BS26:BW26) -> 1976.403 | BZ26: 1536.055 | CA26: =SUM(BY26:BZ26) -> 1536.055 | CB26: =CA26+BX26+BR26+BM26+BG26 -> 12630.459 | CD26: 270.499 | CF26: =SUM(CC26:CE26) -> 270.499 | CG26: =1472.809+5852 -> 7324.809 | CJ26: 1307.613 | CK26: =SUM(CG26:CJ26) -> 8632.422 | CN26: 1976.403 | CQ26: =SUM(CL26:CP26) -> 1976.403 | CW26: =SUM(CR26:CV26) -> 0 | CX26: =1883.354+2877.098 -> 4760.452 | CZ26: 3894.397 | DB26: =SUM(CX26:DA26) -> 8654.849 | DC26: =DB26+CW26+CQ26+CK26+CF26 -> 19534.173 | DE26: 170.94 | DF26: 1172.646 | DH26: 737.127 | DI26: =SUM(DD26:DH26) -> 2080.713 | DJ26: 675.5 | DK26: 1284.215 | DN26: =390.82+1012.226+2094.203 -> 3497.249 | DO26: =SUM(DJ26:DN26) -> 5456.964 | DP26: 1206.844 | DS26: =161.78+1976.403 -> 2138.183 | DU26: =SUM(DP26:DT26) -> 3345.027 | DV26: 2000 | DY26: 1516.35 | EA26: =SUM(DV26:DZ26) -> 3516.35 | EB26: =DI26+DO26+DU26+EA26 -> 14399.054 | EH26: =SUM(EC26:EG26) -> 0 | EK26: 255 | EL26: 899.65 | EN26: =SUM(EI26:EM26) -> 1154.65 | EO26: =142.1+1976.403 -> 2118.503 | EP26: 2050.548 | ER26: 273.95 | ET26: =SUM(EO26:ES26) -> 4443.001 | EV26: =814.7+4000 -> 4814.7 | EZ26: 1667.04 | FB26: =SUM(EU26:FA26) -> 6481.74 | FC26: =EH26+EN26+ET26+FB26 -> 12079.391 | FF26: 71.3 | FG26: =SUM(FD26:FF26) -> 71.3 | FL26: 2547.631 | FM26: =SUM(FH26:FL26) -> 2547.631 | FQ26: 1976.403 | FR26: =SUM(FN26:FQ26) -> 1976.403 | FS26: 391.64 | FT26: 956.418 | FX26: 5000 | GD26: =SUM(FY26:GC26) -> 0 | GE26: =FG26+FM26+FR26+FX26+GD26 -> 9595.334 | GH26: 447.15 | GI26: 1311 | GJ26: =59.86+118.5 -> 178.36 | GK26: =SUM(GF26:GJ26) -> 1936.51 | GP26: =SUM(GL26:GO26) -> 0 | GU26: 1647.293 | GV26: =SUM(GQ26:GU26) -> 1647.293 | GW26: 1976.403 | HC26: =SUM(GW26:HB26) -> 1976.403 | HD26: =GK26+GP26+GV26+HC26 -> 5560.206 | HE26: 1926.543 | HG26: 35.9 | HI26: =SUM(HE26:HH26) -> 1962.443 | HK26: 490.687 | HM26: 715.76 | HN26: =113.125+78.9 -> 192.025 | HO26: =SUM(HJ26:HN26) -> 1398.472 | HQ26: 1647.02 | HU26: =SUM(HP26:HT26) -> 1647.02 | HX26: 617.13 | HY26: =SUM(HV26:HX26) -> 617.13 | IC26: =SUM(HZ26:IB26) -> 0 | ID26: =HI26+HO26+HU26+HY26+IC26 -> 5625.065 | IE26: 1976.403 | IG26: =SUM(IE26:IF26) -> 1976.403 | IJ26: =2113.579+1688.635 -> 3802.214 | IM26: =SUM(IH26:IL26) -> 3802.214 | IP26: =600+1104.627 -> 1704.627 | IQ26: =SUM(IN26:IP26) -> 1704.627 | IR26: 5554.289 | IS26: 300 | IU26: 2243.875 | IW26: =SUM(IR26:IV26) -> 8098.164 | JB26: =1976.403+2953.194 -> 4929.597 | JC26: =SUM(IX26:JB26) -> 4929.597 | JD26: =IG26+IM26+IQ26+IW26+JC26 -> 20511.005 | JJ26: =SUM(JE26:JI26) -> 0 | JP26: =SUM(JK26:JO26) -> 0 | JV26: =SUM(JQ26:JU26) -> 0 | KC26: =SUM(JW26:KB26) -> 0 | KD26: =JJ26+JP26+JV26+KC26 -> 0 | KJ26: =SUM(KE26:KI26) -> 0 | KP26: =SUM(KK26:KO26) -> 0 | KV26: =SUM(KQ26:KU26) -> 0 | LB26: =SUM(KW26:LA26) -> 0 | LF26: =SUM(LC26:LE26) -> 0 | LG26: 20000
B27: Recette des Finances | D27: =SUM(C27:C27) -> 0 | I27: 7380 | J27: =SUM(E27:I27) -> 7380 | O27: =SUM(K27:N27) -> 0 | U27: =SUM(P27:T27) -> 0 | Z27: 30727.24 | AA27: =SUM(V27:Z27) -> 30727.24 | AB27: =AA27+U27+O27+J27+D27 -> 38107.24 | AF27: 1040 | AH27: =SUM(AC27:AG27) -> 1040 | AJ27: 40 | AN27: =SUM(AI27:AM27) -> 40 | AT27: =SUM(AO27:AS27) -> 0 | AW27: 75 | AZ27: =SUM(AU27:AY27) -> 75 | BA27: =AZ27+AT27+AN27+AH27 -> 1155 | BD27: =9331.877+23217.544 -> 32549.421 | BG27: =SUM(BB27:BF27) -> 32549.421 | BM27: =SUM(BH27:BL27) -> 0 | BR27: =SUM(BN27:BQ27) -> 0 | BW27: 120 | BX27: =SUM(BS27:BW27) -> 120 | CA27: =SUM(BY27:BZ27) -> 0 | CB27: =CA27+BX27+BR27+BM27+BG27 -> 32669.421 | CC27: 23143.82 | CE27: 75 | CF27: =SUM(CC27:CE27) -> 23218.82 | CK27: =SUM(CG27:CJ27) -> 0 | CM27: 170 | CQ27: =SUM(CL27:CP27) -> 170 | CW27: =SUM(CR27:CV27) -> 0 | DA27: =180+17993.554 -> 18173.554 | DB27: =SUM(CX27:DA27) -> 18173.554 | DC27: =DB27+CW27+CQ27+CK27+CF27 -> 41562.374 | DH27: 311.28 | DI27: =SUM(DD27:DH27) -> 311.28 | DO27: =SUM(DJ27:DN27) -> 0 | DU27: =SUM(DP27:DT27) -> 0 | EA27: =SUM(DV27:DZ27) -> 0 | EB27: =DI27+DO27+DU27+EA27 -> 311.28 | EC27: 17371.465 | EH27: =SUM(EC27:EG27) -> 17371.465 | EN27: =SUM(EI27:EM27) -> 0 | ET27: =SUM(EO27:ES27) -> 0 | FA27: 19157.31 | FB27: =SUM(EU27:FA27) -> 19157.31 | FC27: =EH27+EN27+ET27+FB27 -> 36528.775 | FG27: =SUM(FD27:FF27) -> 0 | FM27: =SUM(FH27:FL27) -> 0 | FN27: 197.685 | FP27: 787.65 | FR27: =SUM(FN27:FQ27) -> 985.335 | FX27: =SUM(FS27:FW27) -> 0 | GB27: 64201.269 | GD27: =SUM(FY27:GC27) -> 64201.269 | GE27: =FG27+FM27+FR27+FX27+GD27 -> 65186.604 | GK27: =SUM(GF27:GJ27) -> 0 | GM27: 59.7 | GP27: =SUM(GL27:GO27) -> 59.7 | GV27: =SUM(GQ27:GU27) -> 0 | HC27: =SUM(GW27:HB27) -> 0 | HD27: =GK27+GP27+GV27+HC27 -> 59.7 | HE27: 55748.815 | HI27: =SUM(HE27:HH27) -> 55748.815 | HO27: =SUM(HJ27:HN27) -> 0 | HU27: =SUM(HP27:HT27) -> 0 | HY27: =SUM(HV27:HX27) -> 0 | IB27: 20523.459 | IC27: =SUM(HZ27:IB27) -> 20523.459 | ID27: =HI27+HO27+HU27+HY27+IC27 -> 76272.274 | IG27: =SUM(IE27:IF27) -> 0 | II27: 480 | IM27: =SUM(IH27:IL27) -> 480 | IN27: 167.2 | IQ27: =SUM(IN27:IP27) -> 167.2 | IW27: =SUM(IR27:IV27) -> 0 | JB27: 16961.818 | JC27: =SUM(IX27:JB27) -> 16961.818 | JD27: =IG27+IM27+IQ27+IW27+JC27 -> 17609.018 | JJ27: =SUM(JE27:JI27) -> 0 | JP27: =SUM(JK27:JO27) -> 0 | JV27: =SUM(JQ27:JU27) -> 0 | KC27: =SUM(JW27:KB27) -> 0 | KD27: =JJ27+JP27+JV27+KC27 -> 0 | KJ27: =SUM(KE27:KI27) -> 0 | KP27: =SUM(KK27:KO27) -> 0 | KV27: =SUM(KQ27:KU27) -> 0 | LB27: =SUM(KW27:LA27) -> 0 | LF27: =SUM(LC27:LE27) -> 0 | LG27: 35000
B28: Agios | D28: =SUM(C28:C28) -> 0 | F28: 1386.395 | I28: 33.488 | J28: =SUM(E28:I28) -> 1419.883 | O28: =SUM(K28:N28) -> 0 | U28: =SUM(P28:T28) -> 0 | Y28: 1.416 | AA28: =SUM(V28:Z28) -> 1.416 | AB28: =AA28+U28+O28+J28+D28 -> 1421.299 | AH28: =SUM(AC28:AG28) -> 0 | AI28: 1.416 | AN28: =SUM(AI28:AM28) -> 1.416 | AT28: =SUM(AO28:AS28) -> 0 | AZ28: =SUM(AU28:AY28) -> 0 | BA28: =AZ28+AT28+AN28+AH28 -> 1.416 | BG28: =SUM(BB28:BF28) -> 0 | BM28: =SUM(BH28:BL28) -> 0 | BR28: =SUM(BN28:BQ28) -> 0 | BX28: =SUM(BS28:BW28) -> 0 | CA28: =SUM(BY28:BZ28) -> 0 | CB28: =CA28+BX28+BR28+BM28+BG28 -> 0 | CF28: =SUM(CC28:CE28) -> 0 | CG28: =80.282+4064.604 -> 4144.886 | CK28: =SUM(CG28:CJ28) -> 4144.886 | CQ28: =SUM(CL28:CP28) -> 0 | CW28: =SUM(CR28:CV28) -> 0 | DB28: =SUM(CX28:DA28) -> 0 | DC28: =DB28+CW28+CQ28+CK28+CF28 -> 4144.886 | DI28: =SUM(DD28:DH28) -> 0 | DO28: =SUM(DJ28:DN28) -> 0 | DU28: =SUM(DP28:DT28) -> 0 | EA28: =SUM(DV28:DZ28) -> 0 | EB28: =DI28+DO28+DU28+EA28 -> 0 | EF28: 2.832 | EH28: =SUM(EC28:EG28) -> 2.832 | EN28: =SUM(EI28:EM28) -> 0 | ET28: =SUM(EO28:ES28) -> 0 | FB28: =SUM(EU28:FA28) -> 0 | FC28: =EH28+EN28+ET28+FB28 -> 2.832 | FE28: 853.29 | FG28: =SUM(FD28:FF28) -> 853.29 | FH28: 8053.259 | FM28: =SUM(FH28:FL28) -> 8053.259 | FR28: =SUM(FN28:FQ28) -> 0 | FX28: =SUM(FS28:FW28) -> 0 | GD28: =SUM(FY28:GC28) -> 0 | GE28: =FG28+FM28+FR28+FX28+GD28 -> 8906.549 | GK28: =SUM(GF28:GJ28) -> 0 | GP28: =SUM(GL28:GO28) -> 0 | GV28: =SUM(GQ28:GU28) -> 0 | HC28: =SUM(GW28:HB28) -> 0 | HD28: =GK28+GP28+GV28+HC28 -> 0 | HI28: =SUM(HE28:HH28) -> 0 | HO28: =SUM(HJ28:HN28) -> 0 | HP28: 1.416 | HU28: =SUM(HP28:HT28) -> 1.416 | HY28: =SUM(HV28:HX28) -> 0 | IC28: =SUM(HZ28:IB28) -> 0 | ID28: =HI28+HO28+HU28+HY28+IC28 -> 1.416 | IG28: =SUM(IE28:IF28) -> 0 | IH28: =7801.421+30.479 -> 7831.9 | IM28: =SUM(IH28:IL28) -> 7831.9 | IQ28: =SUM(IN28:IP28) -> 0 | IW28: =SUM(IR28:IV28) -> 0 | JC28: =SUM(IX28:JB28) -> 0 | JD28: =IG28+IM28+IQ28+IW28+JC28 -> 7831.9 | JJ28: =SUM(JE28:JI28) -> 0 | JP28: =SUM(JK28:JO28) -> 0 | JV28: =SUM(JQ28:JU28) -> 0 | KC28: =SUM(JW28:KB28) -> 0 | KD28: =JJ28+JP28+JV28+KC28 -> 0 | KJ28: =SUM(KE28:KI28) -> 0 | KP28: =SUM(KK28:KO28) -> 0 | KV28: =SUM(KQ28:KU28) -> 0 | LB28: =SUM(KW28:LA28) -> 0 | LF28: =SUM(LC28:LE28) -> 0 | LG28: =LF28+LB28+KV28+KP28+KJ28 -> 0
B29: Frais Dépassement | D29: =SUM(C29:C29) -> 0 | F29: 119.721 | J29: =SUM(E29:I29) -> 119.721 | O29: =SUM(K29:N29) -> 0 | U29: =SUM(P29:T29) -> 0 | AA29: =SUM(V29:Z29) -> 0 | AB29: =AA29+U29+O29+J29+D29 -> 119.721 | AH29: =SUM(AC29:AG29) -> 0 | AN29: =SUM(AI29:AM29) -> 0 | AT29: =SUM(AO29:AS29) -> 0 | AZ29: =SUM(AU29:AY29) -> 0 | BA29: =AZ29+AT29+AN29+AH29 -> 0 | BG29: =SUM(BB29:BF29) -> 0 | BM29: =SUM(BH29:BL29) -> 0 | BR29: =SUM(BN29:BQ29) -> 0 | BX29: =SUM(BS29:BW29) -> 0 | CA29: =SUM(BY29:BZ29) -> 0 | CB29: =CA29+BX29+BR29+BM29+BG29 -> 0 | CF29: =SUM(CC29:CE29) -> 0 | CG29: 348.586 | CK29: =SUM(CG29:CJ29) -> 348.586 | CQ29: =SUM(CL29:CP29) -> 0 | CW29: =SUM(CR29:CV29) -> 0 | DB29: =SUM(CX29:DA29) -> 0 | DC29: =DB29+CW29+CQ29+CK29+CF29 -> 348.586 | DI29: =SUM(DD29:DH29) -> 0 | DO29: =SUM(DJ29:DN29) -> 0 | DU29: =SUM(DP29:DT29) -> 0 | EA29: =SUM(DV29:DZ29) -> 0 | EB29: =DI29+DO29+DU29+EA29 -> 0 | EH29: =SUM(EC29:EG29) -> 0 | EN29: =SUM(EI29:EM29) -> 0 | ET29: =SUM(EO29:ES29) -> 0 | FB29: =SUM(EU29:FA29) -> 0 | FC29: =EH29+EN29+ET29+FB29 -> 0 | FG29: =SUM(FD29:FF29) -> 0 | FH29: 771.246 | FM29: =SUM(FH29:FL29) -> 771.246 | FR29: =SUM(FN29:FQ29) -> 0 | FX29: =SUM(FS29:FW29) -> 0 | GD29: =SUM(FY29:GC29) -> 0 | GE29: =FG29+FM29+FR29+FX29+GD29 -> 771.246 | GK29: =SUM(GF29:GJ29) -> 0 | GP29: =SUM(GL29:GO29) -> 0 | GV29: =SUM(GQ29:GU29) -> 0 | HC29: =SUM(GW29:HB29) -> 0 | HD29: =GK29+GP29+GV29+HC29 -> 0 | HI29: =SUM(HE29:HH29) -> 0 | HO29: =SUM(HJ29:HN29) -> 0 | HU29: =SUM(HP29:HT29) -> 0 | HY29: =SUM(HV29:HX29) -> 0 | IC29: =SUM(HZ29:IB29) -> 0 | ID29: =HI29+HO29+HU29+HY29+IC29 -> 0 | IG29: =SUM(IE29:IF29) -> 0 | IH29: 739.986 | IM29: =SUM(IH29:IL29) -> 739.986 | IQ29: =SUM(IN29:IP29) -> 0 | IW29: =SUM(IR29:IV29) -> 0 | JC29: =SUM(IX29:JB29) -> 0 | JD29: =IG29+IM29+IQ29+IW29+JC29 -> 739.986 | JJ29: =SUM(JE29:JI29) -> 0 | JP29: =SUM(JK29:JO29) -> 0 | JV29: =SUM(JQ29:JU29) -> 0 | KC29: =SUM(JW29:KB29) -> 0 | KD29: =JJ29+JP29+JV29+KC29 -> 0 | LG29: =LF29+LB29+KV29+KP29+KJ29 -> 0
B30: Commission remise Chq | C30: =31.2+11.44+62.5 -> 105.14 | D30: =SUM(C30:C30) -> 105.14 | E30: 47.5 | F30: 2.1 | G30: =3.64+0.84 -> 4.48 | H30: 6.7 | I30: =9.62+5 -> 14.62 | J30: =SUM(E30:I30) -> 75.4 | K30: =23.7+0.26 -> 23.96 | L30: =9.4+7.02 -> 16.42 | M30: =3.9+18.6 -> 22.5 | N30: =5+2.34 -> 7.34 | O30: =SUM(K30:N30) -> 70.22 | P30: =4.94+4.6 -> 9.54 | Q30: 34.1 | R30: =1.56+11.24 -> 12.8 | S30: =1.3+15.2 -> 16.5 | T30: 2 | U30: =SUM(P30:T30) -> 74.94 | V30: 10.4 | W30: =8.58+2.8 -> 11.38 | X30: =1.04+19.4 -> 20.44 | Y30: =0.5+4.68 -> 5.18 | Z30: =2.86+0.5 -> 3.36 | AA30: =SUM(V30:Z30) -> 50.76 | AB30: =AA30+U30+O30+J30+D30 -> 376.46 | AC30: =17.6+46.371 -> 63.971 | AD30: =36.7+5.98 -> 42.68 | AE30: =48.5+1.56 -> 50.06 | AF30: =4.3+2.08 -> 6.38 | AG30: 1.8 | AH30: =SUM(AC30:AG30) -> 164.891 | AI30: =20.9+1.3 -> 22.2 | AJ30: =7+8.84 -> 15.84 | AK30: =13.5+3.38 -> 16.88 | AL30: =18.5+0.26 -> 18.76 | AM30: =2.8+3.64 -> 6.44 | AN30: =SUM(AI30:AM30) -> 80.12 | AO30: 2.5 | AP30: =2.6+5.72 -> 8.32 | AQ30: =30.3+5.2 -> 35.5 | AR30: =4.8+1.3 -> 6.1 | AT30: =SUM(AO30:AS30) -> 52.42 | AU30: 1.5 | AV30: =7.7+7.54 -> 15.24 | AW30: =23.3+3.9 -> 27.2 | AX30: 0.5 | AY30: =2.08+19 -> 21.08 | AZ30: =SUM(AU30:AY30) -> 65.52 | BA30: =AZ30+AT30+AN30+AH30 -> 362.951 | BB30: =5.5+1.82 -> 7.32 | BC30: =4.94+24.2 -> 29.14 | BD30: 63.4 | BE30: =13.7+7.8 -> 21.5 | BG30: =SUM(BB30:BF30) -> 121.36 | BH30: 15.7 | BI30: =4.16+7.1 -> 11.26 | BJ30: =2.34+10.3 -> 12.64 | BK30: =1.56+17.9 -> 19.46 | BL30: =1.3+2.6 -> 3.9 | BM30: =SUM(BH30:BL30) -> 62.96 | BN30: 1.3 | BO30: =4.68+9.6 -> 14.28 | BP30: 29.1 | BQ30: =3.12+4 -> 7.12 | BR30: =SUM(BN30:BQ30) -> 51.8 | BS30: =2.5+1.56 -> 4.06 | BT30: 3.6 | BU30: 31.5 | BV30: 1.5 | BW30: =12.1+8.32 -> 20.42 | BX30: =SUM(BS30:BW30) -> 61.08 | BY30: =4.42+4.5 -> 8.92 | BZ30: 5.3 | CA30: =SUM(BY30:BZ30) -> 14.22 | CB30: =CA30+BX30+BR30+BM30+BG30 -> 311.42 | CC30: =4.16+35.2 -> 39.36 | CD30: =4.16+45.3 -> 49.46 | CE30: =1.3+2.3 -> 3.6 | CF30: =SUM(CC30:CE30) -> 92.42 | CG30: 1.5 | CH30: =5.2+9.1 -> 14.3 | CI30: 21.6 | CJ30: =3.38+1.8 -> 5.18 | CK30: =SUM(CG30:CJ30) -> 42.58 | CL30: 2 | CM30: =3.12+23.2 -> 26.32 | CN30: =5.2+1.3 -> 6.5 | CO30: =0.78+8.9 -> 9.68 | CP30: =1.04+26 -> 27.04 | CQ30: =SUM(CL30:CP30) -> 71.54 | CR30: =0.26+7.5 -> 7.76 | CS30: 5.98 | CT30: 23.1 | CU30: =3.38+5.8 -> 9.18 | CV30: =0.332+1 -> 1.332 | CW30: =SUM(CR30:CV30) -> 47.352 | CX30: =1.04+7.3 -> 8.34 | CY30: =22.9+2.34 -> 25.24 | CZ30: =2.08+4.1 -> 6.18 | DA30: =1.5+1.82 -> 3.32 | DB30: =SUM(CX30:DA30) -> 43.08 | DC30: =DB30+CW30+CQ30+CK30+CF30 -> 296.972 | DD30: 17.3 | DE30: 65.5 | DF30: =14.04+8.3 -> 22.34 | DG30: 0.3 | DH30: =2.6+16.1 -> 18.7 | DI30: =SUM(DD30:DH30) -> 124.14 | DJ30: 8.4 | DK30: =3.9+5 -> 8.9 | DL30: 21.62 | DM30: 1.8 | DN30: 3.64 | DO30: =SUM(DJ30:DN30) -> 44.36 | DP30: 2.08 | DQ30: 31.6 | DR30: 3.28 | DS30: 18.06 | DT30: 13.56 | DU30: =SUM(DP30:DT30) -> 68.58 | DV30: 18 | DW30: 12.42 | DX30: 5.636 | DY30: 5.7 | DZ30: 3.04 | EA30: =SUM(DV30:DZ30) -> 44.796 | EB30: =DI30+DO30+DU30+EA30 -> 281.876 | EC30: 13.26 | ED30: 78.54 | EE30: 3.02 | EF30: 7.36 | EG30: 2.5 | EH30: =SUM(EC30:EG30) -> 104.68 | EI30: 8.5 | EJ30: =16.4+7.02 -> 23.42 | EK30: 9.06 | EL30: =19+1.82 -> 20.82 | EM30: 1.56 | EN30: =SUM(EI30:EM30) -> 63.36 | EO30: =11.1+3.12 -> 14.22 | EP30: =2.5+1.56 -> 4.06 | EQ30: =25.84+0.52 -> 26.36 | ER30: =2.8+2.34 -> 5.14 | ES30: =1.5+1.3 -> 2.8 | ET30: =SUM(EO30:ES30) -> 52.58 | EU30: =1.2+2.34 -> 3.54 | EV30: 7.3 | EW30: =22.34+4.68 -> 27.02 | EX30: =2+1.82 -> 3.82 | EY30: 0.52 | EZ30: 2.34 | FA30: 13.7 | FB30: =SUM(EU30:FA30) -> 58.24 | FC30: =EH30+EN30+ET30+FB30 -> 278.86 | FD30: 10.5 | FE30: =6.1+4.16 -> 10.26 | FF30: =63.84+6.76 -> 70.6 | FG30: =SUM(FD30:FF30) -> 91.36 | FH30: =6.8+3.9 -> 10.7 | FI30: =1.1+3.38 -> 4.48 | FJ30: =19.6+4.42 -> 24.02 | FK30: 4.1 | FL30: 1.64 | FM30: =SUM(FH30:FL30) -> 44.94 | FN30: 15.1 | FO30: 13.8 | FP30: 5.98 | FQ30: 4.8 | FR30: =SUM(FN30:FQ30) -> 39.68 | FS30: 19.2 | FT30: 4.84 | FU30: 1.8 | FV30: 17.6 | FW30: 1.3 | FX30: =SUM(FS30:FW30) -> 44.74 | FY30: =9.1+2.86 -> 11.96 | FZ30: =4+11.18 -> 15.18 | GA30: =15.2+6.24 -> 21.44 | GB30: 2 | GC30: =0.3+1.56 -> 1.86 | GD30: =SUM(FY30:GC30) -> 52.44 | GE30: =FG30+FM30+FR30+FX30+GD30 -> 273.16 | GF30: 33.9 | GG30: 42.8 | GI30: 2 | GJ30: 15.4 | GK30: =SUM(GF30:GJ30) -> 94.1 | GL30: 8.1 | GM30: =2.5+17.68 -> 20.18 | GN30: 15.2 | GO30: =8.06+7.3 -> 15.36 | GP30: =SUM(GL30:GO30) -> 58.84 | GQ30: 0.5 | GR30: =8.84+5.8 -> 14.64 | GS30: =35.9+2.34 -> 38.24 | GT30: =2.34+3.68 -> 6.02 | GV30: =SUM(GQ30:GU30) -> 59.4 | GW30: =3.12+14.8 -> 17.92 | GX30: 10.3 | GY30: =3.64+0.5 -> 4.14 | GZ30: =16.6+2.6 -> 19.2 | HA30: =1.3+2.6 -> 3.9 | HB30: =0.8+1.04 -> 1.84 | HC30: =SUM(GW30:HB30) -> 57.3 | HD30: =GK30+GP30+GV30+HC30 -> 269.64 | HE30: =5.5+1.3 -> 6.8 | HF30: =6.76+75 -> 81.76 | HG30: 0.5 | HH30: =1.82+4.1 -> 5.92 | HI30: =SUM(HE30:HH30) -> 94.98 | HJ30: =3+1.3 -> 4.3 | HK30: =1.3+5.9 -> 7.2 | HL30: 14.1 | HM30: =3.64+12 -> 15.64 | HO30: =SUM(HJ30:HN30) -> 41.24 | HP30: 11.6 | HQ30: 4 | HR30: =7.02+1.5 -> 8.52 | HS30: =20.3+15.6 -> 35.9 | HT30: =1.82+2.6 -> 4.42 | HU30: =SUM(HP30:HT30) -> 64.44 | HV30: =5.5+2.86 -> 8.36 | HW30: 9.7 | HX30: 18.7 | HY30: =SUM(HV30:HX30) -> 36.76 | HZ30: =5.3+7.8 -> 13.1 | IA30: 1 | IB30: =20.2+7.8 -> 28 | IC30: =SUM(HZ30:IB30) -> 42.1 | ID30: =HI30+HO30+HU30+HY30+IC30 -> 279.52 | IE30: =3.3+5.72 -> 9.02 | IF30: =1.82+63.7 -> 65.52 | IG30: =SUM(IE30:IF30) -> 74.54 | IH30: =10.9+4.42 -> 15.32 | II30: 6.4 | IJ30: =3.1+4.42 -> 7.52 | IK30: =1.82+9 -> 10.82 | IL30: =28.7+1.3 -> 30 | IM30: =SUM(IH30:IL30) -> 70.06 | IN30: 9 | IO30: =3.12+8.1 -> 11.22 | IP30: =22.5+2.86 -> 25.36 | IQ30: =SUM(IN30:IP30) -> 45.58 | IR30: =7.54+2.16 -> 9.7 | IS30: 26.5 | IT30: 2.08 | IU30: =19.7+6.24 -> 25.94 | IV30: 0.5 | IW30: =SUM(IR30:IV30) -> 64.72 | IX30: =8+4.42 -> 12.42 | IY30: =2.08+5.5 -> 7.58 | IZ30: =24.8+4.16 -> 28.96 | JA30: =1.56+1.74 -> 3.3 | JB30: 0.78 | JC30: =SUM(IX30:JB30) -> 53.04 | JD30: =IG30+IM30+IQ30+IW30+JC30 -> 307.94 | JE30: 6.8 | JF30: =73.6+4.42 -> 78.02 | JG30: =1.3+0.5 -> 1.8 | JH30: =9.1+3.64 -> 12.74 | JJ30: =SUM(JE30:JI30) -> 99.36 | JP30: =SUM(JK30:JO30) -> 0 | JV30: =SUM(JQ30:JU30) -> 0 | KC30: =SUM(JW30:KB30) -> 0 | KD30: =JJ30+JP30+JV30+KC30 -> 99.36 | KJ30: =SUM(KE30:KI30) -> 0 | KP30: =SUM(KK30:KO30) -> 0 | KV30: =SUM(KQ30:KU30) -> 0 | LB30: =SUM(KW30:LA30) -> 0 | LF30: =SUM(LC30:LE30) -> 0 | LG30: 1200
B31: Commission remise TRT | D31: =SUM(C31:C31) -> 0 | J31: =SUM(E31:I31) -> 0 | N31: 15 | O31: =SUM(K31:N31) -> 15 | R31: 6 | U31: =SUM(P31:T31) -> 6 | V31: 6 | AA31: =SUM(V31:Z31) -> 6 | AB31: =AA31+U31+O31+J31+D31 -> 27 | AD31: =1.416+3 -> 4.416 | AE31: 1.416 | AF31: 3 | AH31: =SUM(AC31:AG31) -> 8.832 | AJ31: 18 | AN31: =SUM(AI31:AM31) -> 18 | AO31: 6 | AQ31: 3 | AR31: 9 | AT31: =SUM(AO31:AS31) -> 18 | AU31: 6 | AZ31: =SUM(AU31:AY31) -> 6 | BA31: =AZ31+AT31+AN31+AH31 -> 50.832 | BC31: 3 | BG31: =SUM(BB31:BF31) -> 3 | BI31: 3 | BL31: 18 | BM31: =SUM(BH31:BL31) -> 21 | BQ31: 6 | BR31: =SUM(BN31:BQ31) -> 6 | BT31: 6 | BX31: =SUM(BS31:BW31) -> 6 | BY31: 3 | CA31: =SUM(BY31:BZ31) -> 3 | CB31: =CA31+BX31+BR31+BM31+BG31 -> 39 | CD31: 3 | CF31: =SUM(CC31:CE31) -> 3 | CG31: 15 | CJ31: 9 | CK31: =SUM(CG31:CJ31) -> 24 | CN31: 6 | CQ31: =SUM(CL31:CP31) -> 6 | CR31: 3 | CW31: =SUM(CR31:CV31) -> 3 | CZ31: 6 | DB31: =SUM(CX31:DA31) -> 6 | DC31: =DB31+CW31+CQ31+CK31+CF31 -> 42 | DH31: 9 | DI31: =SUM(DD31:DH31) -> 9 | DN31: 9 | DO31: =SUM(DJ31:DN31) -> 9 | DR31: 6 | DU31: =SUM(DP31:DT31) -> 6 | EA31: =SUM(DV31:DZ31) -> 0 | EB31: =DI31+DO31+DU31+EA31 -> 24 | EH31: =SUM(EC31:EG31) -> 0 | EM31: 12 | EN31: =SUM(EI31:EM31) -> 12 | EQ31: 12 | ET31: =SUM(EO31:ES31) -> 12 | FB31: =SUM(EU31:FA31) -> 0 | FC31: =EH31+EN31+ET31+FB31 -> 24 | FG31: =SUM(FD31:FF31) -> 0 | FM31: =SUM(FH31:FL31) -> 0 | FQ31: 9 | FR31: =SUM(FN31:FQ31) -> 9 | FX31: =SUM(FS31:FW31) -> 0 | FY31: 3 | GD31: =SUM(FY31:GC31) -> 3 | GE31: =FG31+FM31+FR31+FX31+GD31 -> 12 | GJ31: 3 | GK31: =SUM(GF31:GJ31) -> 3 | GM31: 12 | GO31: 6 | GP31: =SUM(GL31:GO31) -> 18 | GQ31: 12 | GS31: 6 | GV31: =SUM(GQ31:GU31) -> 18 | HC31: =SUM(GW31:HB31) -> 0 | HD31: =GK31+GP31+GV31+HC31 -> 39 | HE31: 18 | HH31: 6 | HI31: =SUM(HE31:HH31) -> 24 | HL31: 6 | HO31: =SUM(HJ31:HN31) -> 6 | HQ31: 12 | HU31: =SUM(HP31:HT31) -> 12 | HY31: =SUM(HV31:HX31) -> 0 | IB31: 1.416 | IC31: =SUM(HZ31:IB31) -> 1.416 | ID31: =HI31+HO31+HU31+HY31+IC31 -> 43.416 | IE31: 12 | IG31: =SUM(IE31:IF31) -> 12 | IM31: =SUM(IH31:IL31) -> 0 | IP31: 18 | IQ31: =SUM(IN31:IP31) -> 18 | IT31: 3 | IW31: =SUM(IR31:IV31) -> 3 | JB31: 18 | JC31: =SUM(IX31:JB31) -> 18 | JD31: =IG31+IM31+IQ31+IW31+JC31 -> 51 | JJ31: =SUM(JE31:JI31) -> 0 | JP31: =SUM(JK31:JO31) -> 0 | JV31: =SUM(JQ31:JU31) -> 0 | KC31: =SUM(JW31:KB31) -> 0 | KD31: =JJ31+JP31+JV31+KC31 -> 0 | LG31: =LF31+LB31+KV31+KP31+KJ31 -> 0
B32: Commission caution Def | C32: 342.001 | D32: =SUM(C32:C32) -> 342.001 | J32: =SUM(E32:I32) -> 0 | O32: =SUM(K32:N32) -> 0 | U32: =SUM(P32:T32) -> 0 | AA32: =SUM(V32:Z32) -> 0 | AB32: =AA32+U32+O32+J32+D32 -> 342.001 | AC32: 352.001 | AH32: =SUM(AC32:AG32) -> 352.001 | AN32: =SUM(AI32:AM32) -> 0 | AT32: =SUM(AO32:AS32) -> 0 | AZ32: =SUM(AU32:AY32) -> 0 | BA32: =AZ32+AT32+AN32+AH32 -> 352.001 | BB32: 342.001 | BG32: =SUM(BB32:BF32) -> 342.001 | BM32: =SUM(BH32:BL32) -> 0 | BR32: =SUM(BN32:BQ32) -> 0 | BX32: =SUM(BS32:BW32) -> 0 | CA32: =SUM(BY32:BZ32) -> 0 | CB32: =CA32+BX32+BR32+BM32+BG32 -> 342.001 | CD32: 342.001 | CF32: =SUM(CC32:CE32) -> 342.001 | CK32: =SUM(CG32:CJ32) -> 0 | CQ32: =SUM(CL32:CP32) -> 0 | CV32: 25 | CW32: =SUM(CR32:CV32) -> 25 | DB32: =SUM(CX32:DA32) -> 0 | DC32: =DB32+CW32+CQ32+CK32+CF32 -> 367.001 | DD32: 352.001 | DI32: =SUM(DD32:DH32) -> 352.001 | DN32: 25 | DO32: =SUM(DJ32:DN32) -> 25 | DU32: =SUM(DP32:DT32) -> 0 | EA32: =SUM(DV32:DZ32) -> 0 | EB32: =DI32+DO32+DU32+EA32 -> 377.001 | EC32: 372.001 | EH32: =SUM(EC32:EG32) -> 372.001 | EN32: =SUM(EI32:EM32) -> 0 | ET32: =SUM(EO32:ES32) -> 0 | FB32: =SUM(EU32:FA32) -> 0 | FC32: =EH32+EN32+ET32+FB32 -> 372.001 | FD32: 372.001 | FG32: =SUM(FD32:FF32) -> 372.001 | FM32: =SUM(FH32:FL32) -> 0 | FR32: =SUM(FN32:FQ32) -> 0 | FX32: =SUM(FS32:FW32) -> 0 | GD32: =SUM(FY32:GC32) -> 0 | GE32: =FG32+FM32+FR32+FX32+GD32 -> 372.001 | GG32: 412.098 | GK32: =SUM(GF32:GJ32) -> 412.098 | GO32: 25 | GP32: =SUM(GL32:GO32) -> 25 | GV32: =SUM(GQ32:GU32) -> 0 | HC32: =SUM(GW32:HB32) -> 0 | HD32: =GK32+GP32+GV32+HC32 -> 437.098 | HE32: 372.098 | HI32: =SUM(HE32:HH32) -> 372.098 | HO32: =SUM(HJ32:HN32) -> 0 | HU32: =SUM(HP32:HT32) -> 0 | HY32: =SUM(HV32:HX32) -> 0 | IC32: =SUM(HZ32:IB32) -> 0 | ID32: =HI32+HO32+HU32+HY32+IC32 -> 372.098 | IE32: =372.098 -> 372.098 | IG32: =SUM(IE32:IF32) -> 372.098 | IM32: =SUM(IH32:IL32) -> 0 | IQ32: =SUM(IN32:IP32) -> 0 | IW32: =SUM(IR32:IV32) -> 0 | JC32: =SUM(IX32:JB32) -> 0 | JD32: =IG32+IM32+IQ32+IW32+JC32 -> 372.098 | JF32: =372.098+25 -> 397.098 | JJ32: =SUM(JE32:JI32) -> 397.098 | JP32: =SUM(JK32:JO32) -> 0 | JV32: =SUM(JQ32:JU32) -> 0 | KC32: =SUM(JW32:KB32) -> 0 | KD32: =JJ32+JP32+JV32+KC32 -> 397.098 | LG32: =LF32+LB32+KV32+KP32+KJ32 -> 0
B33: Commission caution prov | C33: 150 | D33: =SUM(C33:C33) -> 150 | J33: =SUM(E33:I33) -> 0 | O33: =SUM(K33:N33) -> 0 | R33: 25 | U33: =SUM(P33:T33) -> 25 | AA33: =SUM(V33:Z33) -> 0 | AB33: =AA33+U33+O33+J33+D33 -> 175 | AC33: 160 | AH33: =SUM(AC33:AG33) -> 160 | AN33: =SUM(AI33:AM33) -> 0 | AT33: =SUM(AO33:AS33) -> 0 | AZ33: =SUM(AU33:AY33) -> 0 | BA33: =AZ33+AT33+AN33+AH33 -> 160 | BB33: 190 | BG33: =SUM(BB33:BF33) -> 190 | BM33: =SUM(BH33:BL33) -> 0 | BR33: =SUM(BN33:BQ33) -> 0 | BX33: =SUM(BS33:BW33) -> 0 | CA33: =SUM(BY33:BZ33) -> 0 | CB33: =CA33+BX33+BR33+BM33+BG33 -> 190 | CD33: 190 | CF33: =SUM(CC33:CE33) -> 190 | CK33: =SUM(CG33:CJ33) -> 0 | CQ33: =SUM(CL33:CP33) -> 0 | CW33: =SUM(CR33:CV33) -> 0 | DB33: =SUM(CX33:DA33) -> 0 | DC33: =DB33+CW33+CQ33+CK33+CF33 -> 190 | DD33: 190 | DH33: 25 | DI33: =SUM(DD33:DH33) -> 215 | DO33: =SUM(DJ33:DN33) -> 0 | DU33: =SUM(DP33:DT33) -> 0 | EA33: =SUM(DV33:DZ33) -> 0 | EB33: =DI33+DO33+DU33+EA33 -> 215 | EC33: 190 | EH33: =SUM(EC33:EG33) -> 190 | EN33: =SUM(EI33:EM33) -> 0 | ET33: =SUM(EO33:ES33) -> 0 | FB33: =SUM(EU33:FA33) -> 0 | FC33: =EH33+EN33+ET33+FB33 -> 190 | FD33: 150 | FG33: =SUM(FD33:FF33) -> 150 | FK33: 25 | FM33: =SUM(FH33:FL33) -> 25 | FR33: =SUM(FN33:FQ33) -> 0 | FX33: =SUM(FS33:FW33) -> 0 | FY33: 50 | GD33: =SUM(FY33:GC33) -> 50 | GE33: =FG33+FM33+FR33+FX33+GD33 -> 225 | GG33: 130 | GK33: =SUM(GF33:GJ33) -> 130 | GP33: =SUM(GL33:GO33) -> 0 | GV33: =SUM(GQ33:GU33) -> 0 | HC33: =SUM(GW33:HB33) -> 0 | HD33: =GK33+GP33+GV33+HC33 -> 130 | HE33: 120 | HI33: =SUM(HE33:HH33) -> 120 | HO33: =SUM(HJ33:HN33) -> 0 | HU33: =SUM(HP33:HT33) -> 0 | HY33: =SUM(HV33:HX33) -> 0 | IC33: =SUM(HZ33:IB33) -> 0 | ID33: =HI33+HO33+HU33+HY33+IC33 -> 120 | IE33: 110 | IG33: =SUM(IE33:IF33) -> 110 | IM33: =SUM(IH33:IL33) -> 0 | IQ33: =SUM(IN33:IP33) -> 0 | IW33: =SUM(IR33:IV33) -> 0 | JC33: =SUM(IX33:JB33) -> 0 | JD33: =IG33+IM33+IQ33+IW33+JC33 -> 110 | JF33: =80+25 -> 105 | JJ33: =SUM(JE33:JI33) -> 105 | JP33: =SUM(JK33:JO33) -> 0 | JV33: =SUM(JQ33:JU33) -> 0 | KC33: =SUM(JW33:KB33) -> 0 | KD33: =JJ33+JP33+JV33+KC33 -> 105 | LG33: =LF33+LB33+KV33+KP33+KJ33 -> 0
B34: Commission traite imp | C34: 14.16 | D34: =SUM(C34:C34) -> 14.16 | E34: 14.16 | G34: 3.54 | J34: =SUM(E34:I34) -> 17.7 | N34: 3.54 | O34: =SUM(K34:N34) -> 3.54 | Q34: 14.16 | S34: 3.54 | U34: =SUM(P34:T34) -> 17.7 | W34: 3.54 | X34: 3.54 | Y34: 3.54 | Z34: 3.54 | AA34: =SUM(V34:Z34) -> 14.16 | AB34: =AA34+U34+O34+J34+D34 -> 67.26 | AD34: 14.16 | AE34: 7.08 | AH34: =SUM(AC34:AG34) -> 21.24 | AK34: 3.54 | AL34: 7.08 | AN34: =SUM(AI34:AM34) -> 10.62 | AQ34: 10.62 | AT34: =SUM(AO34:AS34) -> 10.62 | AV34: 7.08 | AX34: 3.54 | AZ34: =SUM(AU34:AY34) -> 10.62 | BA34: =AZ34+AT34+AN34+AH34 -> 53.1 | BD34: 28.32 | BG34: =SUM(BB34:BF34) -> 28.32 | BH34: 10.62 | BM34: =SUM(BH34:BL34) -> 10.62 | BP34: 3.54 | BQ34: 3.54 | BR34: =SUM(BN34:BQ34) -> 7.08 | BU34: 10.62 | BW34: 3.54 | BX34: =SUM(BS34:BW34) -> 14.16 | BZ34: 3.54 | CA34: =SUM(BY34:BZ34) -> 3.54 | CB34: =CA34+BX34+BR34+BM34+BG34 -> 63.72 | CC34: 17.7 | CD34: 28.32 | CF34: =SUM(CC34:CE34) -> 46.02 | CI34: 3.54 | CK34: =SUM(CG34:CJ34) -> 3.54 | CN34: 7.08 | CP34: 10.62 | CQ34: =SUM(CL34:CP34) -> 17.7 | CU34: 10.62 | CW34: =SUM(CR34:CV34) -> 10.62 | CZ34: 3.54 | DB34: =SUM(CX34:DA34) -> 3.54 | DC34: =DB34+CW34+CQ34+CK34+CF34 -> 81.42 | DE34: 42.48 | DG34: 10.62 | DI34: =SUM(DD34:DH34) -> 53.1 | DJ34: 3.54 | DM34: 3.54 | DN34: 3.54 | DO34: =SUM(DJ34:DN34) -> 10.62 | DP34: 3.54 | DS34: 3.54 | DU34: =SUM(DP34:DT34) -> 7.08 | DV34: 14.16 | DX34: 3.54 | DY34: 3.54 | EA34: =SUM(DV34:DZ34) -> 21.24 | EB34: =DI34+DO34+DU34+EA34 -> 92.04 | EE34: 42.48 | EH34: =SUM(EC34:EG34) -> 42.48 | EJ34: 7.08 | EK34: 7.08 | EM34: 3.54 | EN34: =SUM(EI34:EM34) -> 17.7 | EP34: 3.54 | EQ34: 3.54 | ET34: =SUM(EO34:ES34) -> 7.08 | EX34: 7.08 | FB34: =SUM(EU34:FA34) -> 7.08 | FC34: =EH34+EN34+ET34+FB34 -> 74.34 | FE34: 31.86 | FG34: =SUM(FD34:FF34) -> 31.86 | FK34: 3.54 | FM34: =SUM(FH34:FL34) -> 3.54 | FR34: =SUM(FN34:FQ34) -> 0 | FS34: 3.54 | FU34: 7.08 | FX34: =SUM(FS34:FW34) -> 10.62 | FZ34: 3.54 | GA34: 3.54 | GB34: 3.54 | GC34: 3.54 | GD34: =SUM(FY34:GC34) -> 14.16 | GE34: =FG34+FM34+FR34+FX34+GD34 -> 60.18 | GG34: 10.62 | GJ34: 3.54 | GK34: =SUM(GF34:GJ34) -> 14.16 | GP34: =SUM(GL34:GO34) -> 0 | GS34: 17.7 | GT34: 3.54 | GV34: =SUM(GQ34:GU34) -> 21.24 | GZ34: 3.54 | HC34: =SUM(GW34:HB34) -> 3.54 | HD34: =GK34+GP34+GV34+HC34 -> 38.94 | HF34: 42.48 | HH34: 3.54 | HI34: =SUM(HE34:HH34) -> 46.02 | HL34: 7.08 | HO34: =SUM(HJ34:HN34) -> 7.08 | HP34: 3.54 | HS34: 10.62 | HU34: =SUM(HP34:HT34) -> 14.16 | HX34: 3.54 | HY34: =SUM(HV34:HX34) -> 3.54 | IB34: 7.08 | IC34: =SUM(HZ34:IB34) -> 7.08 | ID34: =HI34+HO34+HU34+HY34+IC34 -> 77.88 | IE34: 3.54 | IF34: 46.02 | IG34: =SUM(IE34:IF34) -> 49.56 | IJ34: 7.08 | IL34: 3.54 | IM34: =SUM(IH34:IL34) -> 10.62 | IQ34: =SUM(IN34:IP34) -> 0 | IR34: 3.54 | IW34: =SUM(IR34:IV34) -> 3.54 | IY34: 3.54 | JA34: 3.54 | JB34: 3.54 | JC34: =SUM(IX34:JB34) -> 10.62 | JD34: =IG34+IM34+IQ34+IW34+JC34 -> 74.34 | JF34: 21.24 | JG34: 10.62 | JJ34: =SUM(JE34:JI34) -> 31.86 | JP34: =SUM(JK34:JO34) -> 0 | JV34: =SUM(JQ34:JU34) -> 0 | KC34: =SUM(JW34:KB34) -> 0 | KD34: =JJ34+JP34+JV34+KC34 -> 31.86 | LG34: =LF34+LB34+KV34+KP34+KJ34 -> 0
B35: Commission D A D | D35: =SUM(C35:C35) -> 0 | E35: 10 | J35: =SUM(E35:I35) -> 10 | O35: =SUM(K35:N35) -> 0 | U35: =SUM(P35:T35) -> 0 | AA35: =SUM(V35:Z35) -> 0 | AB35: =AA35+U35+O35+J35+D35 -> 10 | AH35: =SUM(AC35:AG35) -> 0 | AN35: =SUM(AI35:AM35) -> 0 | AT35: =SUM(AO35:AS35) -> 0 | AZ35: =SUM(AU35:AY35) -> 0 | BA35: =AZ35+AT35+AN35+AH35 -> 0 | BG35: =SUM(BB35:BF35) -> 0 | BM35: =SUM(BH35:BL35) -> 0 | BR35: =SUM(BN35:BQ35) -> 0 | BX35: =SUM(BS35:BW35) -> 0 | CA35: =SUM(BY35:BZ35) -> 0 | CB35: =CA35+BX35+BR35+BM35+BG35 -> 0 | CF35: =SUM(CC35:CE35) -> 0 | CK35: =SUM(CG35:CJ35) -> 0 | CQ35: =SUM(CL35:CP35) -> 0 | CW35: =SUM(CR35:CV35) -> 0 | DB35: =SUM(CX35:DA35) -> 0 | DC35: =DB35+CW35+CQ35+CK35+CF35 -> 0 | DI35: =SUM(DD35:DH35) -> 0 | DO35: =SUM(DJ35:DN35) -> 0 | DU35: =SUM(DP35:DT35) -> 0 | EA35: =SUM(DV35:DZ35) -> 0 | EB35: =DI35+DO35+DU35+EA35 -> 0 | EH35: =SUM(EC35:EG35) -> 0 | EN35: =SUM(EI35:EM35) -> 0 | ET35: =SUM(EO35:ES35) -> 0 | FB35: =SUM(EU35:FA35) -> 0 | FC35: =EH35+EN35+ET35+FB35 -> 0 | FG35: =SUM(FD35:FF35) -> 0 | FM35: =SUM(FH35:FL35) -> 0 | FR35: =SUM(FN35:FQ35) -> 0 | FX35: =SUM(FS35:FW35) -> 0 | GD35: =SUM(FY35:GC35) -> 0 | GE35: =FG35+FM35+FR35+FX35+GD35 -> 0 | GK35: =SUM(GF35:GJ35) -> 0 | GP35: =SUM(GL35:GO35) -> 0 | GV35: =SUM(GQ35:GU35) -> 0 | HC35: =SUM(GW35:HB35) -> 0 | HD35: =GK35+GP35+GV35+HC35 -> 0 | HI35: =SUM(HE35:HH35) -> 0 | HO35: =SUM(HJ35:HN35) -> 0 | HU35: =SUM(HP35:HT35) -> 0 | HY35: =SUM(HV35:HX35) -> 0 | IC35: =SUM(HZ35:IB35) -> 0 | ID35: =HI35+HO35+HU35+HY35+IC35 -> 0 | IG35: =SUM(IE35:IF35) -> 0 | IM35: =SUM(IH35:IL35) -> 0 | IQ35: =SUM(IN35:IP35) -> 0 | IW35: =SUM(IR35:IV35) -> 0 | JC35: =SUM(IX35:JB35) -> 0 | JD35: =IG35+IM35+IQ35+IW35+JC35 -> 0 | JJ35: =SUM(JE35:JI35) -> 0 | JP35: =SUM(JK35:JO35) -> 0 | JV35: =SUM(JQ35:JU35) -> 0 | KC35: =SUM(JW35:KB35) -> 0 | KD35: =JJ35+JP35+JV35+KC35 -> 0 | LG35: =LF35+LB35+KV35+KP35+KJ35 -> 0
B36: Commission / Virement | D36: =SUM(C36:C36) -> 0 | I36: 0.944 | J36: =SUM(E36:I36) -> 0.944 | O36: =SUM(K36:N36) -> 0 | U36: =SUM(P36:T36) -> 0 | Z36: 0.944 | AA36: =SUM(V36:Z36) -> 0.944 | AB36: =AA36+U36+O36+J36+D36 -> 1.888 | AH36: =SUM(AC36:AG36) -> 0 | AN36: =SUM(AI36:AM36) -> 0 | AT36: =SUM(AO36:AS36) -> 0 | AZ36: =SUM(AU36:AY36) -> 0 | BA36: =AZ36+AT36+AN36+AH36 -> 0 | BB36: 0.944 | BG36: =SUM(BB36:BF36) -> 0.944 | BM36: =SUM(BH36:BL36) -> 0 | BR36: =SUM(BN36:BQ36) -> 0 | BX36: =SUM(BS36:BW36) -> 0 | BZ36: 0.944 | CA36: =SUM(BY36:BZ36) -> 0.944 | CB36: =CA36+BX36+BR36+BM36+BG36 -> 1.888 | CF36: =SUM(CC36:CE36) -> 0 | CK36: =SUM(CG36:CJ36) -> 0 | CQ36: =SUM(CL36:CP36) -> 0 | CW36: =SUM(CR36:CV36) -> 0 | DA36: 0.944 | DB36: =SUM(CX36:DA36) -> 0.944 | DC36: =DB36+CW36+CQ36+CK36+CF36 -> 0.944 | DI36: =SUM(DD36:DH36) -> 0 | DO36: =SUM(DJ36:DN36) -> 0 | DU36: =SUM(DP36:DT36) -> 0 | EA36: =SUM(DV36:DZ36) -> 0 | EB36: =DI36+DO36+DU36+EA36 -> 0 | EC36: 0.944 | EH36: =SUM(EC36:EG36) -> 0.944 | EN36: =SUM(EI36:EM36) -> 0 | ET36: =SUM(EO36:ES36) -> 0 | FB36: =SUM(EU36:FA36) -> 0 | FC36: =EH36+EN36+ET36+FB36 -> 0.944 | FD36: 0.944 | FG36: =SUM(FD36:FF36) -> 0.944 | FM36: =SUM(FH36:FL36) -> 0 | FR36: =SUM(FN36:FQ36) -> 0 | FX36: =SUM(FS36:FW36) -> 0 | GC36: 0.944 | GD36: =SUM(FY36:GC36) -> 0.944 | GE36: =FG36+FM36+FR36+FX36+GD36 -> 1.888 | GK36: =SUM(GF36:GJ36) -> 0 | GP36: =SUM(GL36:GO36) -> 0 | GV36: =SUM(GQ36:GU36) -> 0 | HB36: 0.944 | HC36: =SUM(GW36:HB36) -> 0.944 | HD36: =GK36+GP36+GV36+HC36 -> 0.944 | HI36: =SUM(HE36:HH36) -> 0 | HO36: =SUM(HJ36:HN36) -> 0 | HU36: =SUM(HP36:HT36) -> 0 | HY36: =SUM(HV36:HX36) -> 0 | IB36: 0.944 | IC36: =SUM(HZ36:IB36) -> 0.944 | ID36: =HI36+HO36+HU36+HY36+IC36 -> 0.944 | IG36: =SUM(IE36:IF36) -> 0 | IM36: =SUM(IH36:IL36) -> 0 | IQ36: =SUM(IN36:IP36) -> 0 | IW36: =SUM(IR36:IV36) -> 0 | JB36: 0.944 | JC36: =SUM(IX36:JB36) -> 0.944 | JD36: =IG36+IM36+IQ36+IW36+JC36 -> 0.944 | JJ36: =SUM(JE36:JI36) -> 0 | JP36: =SUM(JK36:JO36) -> 0 | JV36: =SUM(JQ36:JU36) -> 0 | KC36: =SUM(JW36:KB36) -> 0 | KD36: =JJ36+JP36+JV36+KC36 -> 0 | LG36: =LF36+LB36+KV36+KP36+KJ36 -> 0
B37: T V A | C37: =105.426+2.068 -> 107.494 | D37: =SUM(C37:C37) -> 107.494 | E37: =1.8+8.55 -> 10.35 | F37: 0.378 | G37: =0.658+0.151 -> 0.809 | H37: 1.206 | I37: =1.034+0.705+0.9 -> 2.639 | J37: =SUM(E37:I37) -> 15.382 | K37: =4.266+0.047 -> 4.313 | L37: =1.692+1.269 -> 2.961 | M37: =0.705+3.348 -> 4.053 | N37: =0.9+3.123 -> 4.023 | O37: =SUM(K37:N37) -> 15.35 | P37: =0.893+0.828 -> 1.721 | Q37: 6.138 | R37: =1.362+6.523 -> 7.885 | S37: =0.235+2.736 -> 2.971 | T37: 0.36 | U37: =SUM(P37:T37) -> 19.075 | V37: =1.08+1.872 -> 2.952 | W37: =1.551+0.504 -> 2.055 | X37: =0.188+3.492 -> 3.68 | Y37: =0.09+0.846 -> 0.936 | Z37: =0.09+0.517 -> 0.607 | AA37: =SUM(V37:Z37) -> 10.23 | AB37: =AA37+U37+O37+J37+D37 -> 167.531 | AC37: 103.675 | AD37: =6.606+1.621 -> 8.227 | AE37: =8.73+0.282 -> 9.012 | AF37: =0.774+0.916 -> 1.69 | AG37: 0.324 | AH37: =SUM(AC37:AG37) -> 122.928 | AI37: =3.762+0.235 -> 3.997 | AJ37: =1.26+4.838 -> 6.098 | AK37: =2.43+0.611 -> 3.041 | AL37: =3.33+0.047 -> 3.377 | AM37: =0.504+0.658 -> 1.162 | AN37: =SUM(AI37:AM37) -> 17.675 | AO37: =0.45+1.08 -> 1.53 | AP37: =0.468+1.034 -> 1.502 | AQ37: =5.454+1.48 -> 6.934 | AR37: =0.864+1.855 -> 2.719 | AT37: =SUM(AO37:AS37) -> 12.685 | AU37: =0.27+1.08 -> 1.35 | AV37: =1.386+1.363 -> 2.749 | AW37: =4.194+0.705 -> 4.899 | AX37: 0.09 | AY37: =0.376+3.42 -> 3.796 | AZ37: =SUM(AU37:AY37) -> 12.884 | BA37: =AZ37+AT37+AN37+AH37 -> 166.172 | BB37: =96.75+0.329 -> 97.079 | BC37: =1.433+4.356 -> 5.789 | BD37: 11.412 | BE37: =2.466+1.41 -> 3.876 | BG37: =SUM(BB37:BF37) -> 118.156 | BH37: 2.826 | BI37: =1.292+1.278 -> 2.57 | BJ37: =0.423+1.854 -> 2.277 | BK37: =3.222+0.282 -> 3.504 | BL37: =3.475+0.468 -> 3.943 | BM37: =SUM(BH37:BL37) -> 15.12 | BN37: 0.234 | BO37: =0.846+1.728 -> 2.574 | BP37: 5.238 | BQ37: =1.644+0.72 -> 2.364 | BR37: =SUM(BN37:BQ37) -> 10.41 | BS37: =0.45+0.282 -> 0.732 | BT37: =0.648+1.08 -> 1.728 | BU37: 5.67 | BV37: 0.27 | BW37: =2.178+1.504 -> 3.682 | BX37: =SUM(BS37:BW37) -> 12.082 | BY37: =1.339+0.81 -> 2.149 | BZ37: 0.954 | CA37: =SUM(BY37:BZ37) -> 3.103 | CB37: =CA37+BX37+BR37+BM37+BG37 -> 158.871 | CC37: =0.752+6.336 -> 7.088 | CD37: =1.292+103.914 -> 105.206 | CE37: =0.235+0.414 -> 0.649 | CF37: =SUM(CC37:CE37) -> 112.943 | CG37: =2.7+0.27 -> 2.97 | CH37: =0.94+1.638 -> 2.578 | CI37: 3.888 | CJ37: =2.231+0.324 -> 2.555 | CK37: =SUM(CG37:CJ37) -> 11.991 | CL37: 0.36 | CM37: =0.564+4.176 -> 4.74 | CN37: =2.02+0.234 -> 2.254 | CO37: =0.141+1.602 -> 1.743 | CP37: =0.188+11.68 -> 11.868 | CQ37: =SUM(CL37:CP37) -> 20.965 | CR37: =0.587+1.35 -> 1.937 | CS37: 1.081 | CT37: 4.158 | CU37: =0.611+1.044 -> 1.655 | CV37: =0.282+4.68 -> 4.962 | CW37: =SUM(CR37:CV37) -> 13.793 | CX37: =0.188+1.314 -> 1.502 | CY37: =4.122+0.423 -> 4.545 | CZ37: =1.456+0.738 -> 2.194 | DA37: =0.27+0.329 -> 0.599 | DB37: =SUM(CX37:DA37) -> 8.84 | DC37: =DB37+CW37+CQ37+CK37+CF37 -> 168.532 | DD37: 100.674 | DE37: 11.79 | DF37: =2.538+1.494 -> 4.032 | DG37: 0.054 | DH37: =2.09+7.398 -> 9.488 | DI37: =SUM(DD37:DH37) -> 126.038 | DJ37: 1.512 | DK37: =0.705+0.9 -> 1.605 | DL37: 3.895 | DM37: 0.324 | DN37: 6.778 | DO37: =SUM(DJ37:DN37) -> 14.114 | DP37: 0.376 | DQ37: 5.688 | DR37: 1.671 | DS37: 3.256 | DT37: 2.441 | DU37: =SUM(DP37:DT37) -> 13.432 | DV37: 3.246 | DW37: 2.237 | DX37: 0.761 | DY37: 1.026 | DZ37: 0.548 | EA37: =SUM(DV37:DZ37) -> 7.818 | EB37: =DI37+DO37+DU37+EA37 -> 161.402 | EC37: 103.551 | ED37: 14.138 | EE37: 0.543 | EF37: 1.327 | EG37: 0.45 | EH37: =SUM(EC37:EG37) -> 120.009 | EI37: 1.53 | EJ37: =2.952+1.269 -> 4.221 | EK37: =0.18+1.457 -> 1.637 | EL37: =3.42+0.329 -> 3.749 | EM37: 2.442 | EN37: =SUM(EI37:EM37) -> 13.579 | EO37: =1.998+0.564 -> 2.562 | EP37: =0.45+0.282 -> 0.732 | EQ37: =4.651+2.254 -> 6.905 | ER37: =0.504+0.423 -> 0.927 | ES37: =0.27+0.235 -> 0.505 | ET37: =SUM(EO37:ES37) -> 11.631 | EU37: =0.216+0.423 -> 0.639 | EV37: 1.314 | EW37: =4.021+0.846 -> 4.867 | EX37: =0.36+0.329 -> 0.689 | EY37: 0.094 | EZ37: 0.423 | FA37: 2.466 | FB37: =SUM(EU37:FA37) -> 10.492 | FC37: =EH37+EN37+ET37+FB37 -> 155.711 | FD37: 95.85 | FE37: =1.098+0.752 -> 1.85 | FF37: =11.491+1.222 -> 12.713 | FG37: =SUM(FD37:FF37) -> 110.413 | FH37: =1.224+0.705 -> 1.929 | FI37: =0.198+0.611 -> 0.809 | FJ37: =3.528+0.799 -> 4.327 | FK37: 5.238 | FL37: 0.295 | FM37: =SUM(FH37:FL37) -> 12.598 | FN37: 2.718 | FO37: 2.484 | FP37: 1.081 | FQ37: =0.864+1.62 -> 2.484 | FR37: =SUM(FN37:FQ37) -> 8.767 | FS37: 3.456 | FT37: 0.871 | FU37: 0.324 | FV37: 3.168 | FW37: 0.234 | FX37: =SUM(FS37:FW37) -> 8.053 | FY37: =10.638+1.057 -> 11.695 | FZ37: =0.72+2.021 -> 2.741 | GA37: =2.736+1.128 -> 3.864 | GB37: 0.36 | GC37: =0.054+0.282 -> 0.336 | GD37: =SUM(FY37:GC37) -> 18.996 | GE37: =FG37+FM37+FR37+FX37+GD37 -> 158.827 | GF37: 6.102 | GG37: 105.281 | GI37: 0.36 | GJ37: =2.772+0.54 -> 3.312 | GK37: =SUM(GF37:GJ37) -> 115.055 | GL37: 1.458 | GM37: =0.45+5.356 -> 5.806 | GN37: 2.736 | GO37: =2.537+5.814 -> 8.351 | GP37: =SUM(GL37:GO37) -> 18.351 | GQ37: =0.09+2.16 -> 2.25 | GR37: =1.598+1.044 -> 2.642 | GS37: =6.462+1.503 -> 7.965 | GT37: =0.423+0.662 -> 1.085 | GV37: =SUM(GQ37:GU37) -> 13.942 | GW37: =0.564+2.664 -> 3.228 | GX37: 1.854 | GY37: =0.658+0.09 -> 0.748 | GZ37: =2.988+0.47 -> 3.458 | HA37: =0.235+0.468 -> 0.703 | HB37: =0.144+0.188 -> 0.332 | HC37: =SUM(GW37:HB37) -> 10.323 | HD37: =GK37+GP37+GV37+HC37 -> 157.671 | HE37: =89.567+3.475 -> 93.042 | HF37: =1.222+13.5 -> 14.722 | HG37: 0.09 | HH37: =1.409+0.738 -> 2.147 | HI37: =SUM(HE37:HH37) -> 110.001 | HJ37: =0.54+0.235 -> 0.775 | HK37: =0.235+1.062 -> 1.297 | HL37: =2.538+1.08 -> 3.618 | HM37: =0.658+2.16 -> 2.818 | HO37: =SUM(HJ37:HN37) -> 8.508 | HP37: 2.088 | HQ37: =0.72+2.16 -> 2.88 | HR37: =1.269+0.27 -> 1.539 | HS37: =3.654+2.82 -> 6.474 | HT37: =0.329+0.468 -> 0.797 | HU37: =SUM(HP37:HT37) -> 13.778 | HV37: =0.99+0.517 -> 1.507 | HW37: 1.746 | HX37: 3.366 | HY37: =SUM(HV37:HX37) -> 6.619 | HZ37: =0.954+1.41 -> 2.364 | IA37: 0.18 | IB37: =3.636+1.41 -> 5.046 | IC37: =SUM(HZ37:IB37) -> 7.59 | ID37: =HI37+HO37+HU37+HY37+IC37 -> 146.496 | IE37: =87.371+3.194 -> 90.565 | IF37: =0.329+11.466 -> 11.795 | IG37: =SUM(IE37:IF37) -> 102.36 | IH37: =1.962+0.799 -> 2.761 | II37: 1.152 | IJ37: =0.558+0.799 -> 1.357 | IK37: =0.329+1.62 -> 1.949 | IL37: =5.166+0.235 -> 5.401 | IM37: =SUM(IH37:IL37) -> 12.62 | IN37: 1.62 | IO37: =0.564+1.458 -> 2.022 | IP37: =4.05+3.757 -> 7.807 | IQ37: =SUM(IN37:IP37) -> 11.449 | IR37: =1.363+0.389 -> 1.752 | IS37: 4.77 | IT37: 0.916 | IU37: =3.546+1.128 -> 4.674 | IV37: 0.09 | IW37: =SUM(IR37:IV37) -> 12.202 | IX37: =1.44+0.799 -> 2.239 | IY37: =0.376+0.99 -> 1.366 | IZ37: =4.464+0.752 -> 5.216 | JA37: =0.282+0.313 -> 0.595 | JB37: 3.381 | JC37: =SUM(IX37:JB37) -> 12.797 | JD37: =IG37+IM37+IQ37+IW37+JC37 -> 151.428 | JE37: 1.224 | JF37: =103.625+0.799 -> 104.424 | JG37: =0.235+0.09 -> 0.325 | JH37: =1.638+0.658 -> 2.296 | JJ37: =SUM(JE37:JI37) -> 108.269 | JP37: =SUM(JK37:JO37) -> 0 | JV37: =SUM(JQ37:JU37) -> 0 | KC37: =SUM(JW37:KB37) -> 0 | KD37: =JJ37+JP37+JV37+KC37 -> 108.269 | LG37: =LF37+LB37+KV37+KP37+KJ37 -> 0
B39: Recette | C39: =SUM(C40:C46) -> 135562.25 | D39: =SUM(D40:D46) -> 135562.25 | E39: =SUM(E40:E46) -> 166395.78 | F39: =SUM(F40:F46) -> 26823.995 | G39: =SUM(G40:G46) -> 36092.223 | H39: =SUM(H40:H46) -> 46009.981 | I39: =SUM(I40:I46) -> 175211.84 | J39: =SUM(J40:J46) -> 450533.82 | ... AZ39: =SUM(AZ40:AZ46) -> 274868.87 | BA39: =SUM(BA40:BA47) -> 1559095 | BB39: =SUM(BB40:BB47) -> 23580.284 | BC39: =SUM(BC40:BC47) -> 105436.58 | BD39: =SUM(BD40:BD47) -> 189936.83 | BE39: =SUM(BE40:BE47) -> 59820.367 | BF39: =SUM(BF40:BF47) -> 19951.122 | BG39: =SUM(BG40:BG47) -> 398725.18 | BH39: =SUM(BH40:BH47) -> 41637.705 | ... LG39: =SUM(LG40:LG47) -> 1240000
B40: Chèque P F | C40: 92570.058 | D40: =SUM(C40:C40) -> 92570.058 | E40: 160574.62 | F40: 2118.8 | G40: 2493.675 | H40: 7709.439 | I40: 7975.885 | J40: =SUM(E40:I40) -> 180872.42 | K40: 69080.837 | M40: 43650.653 | O40: =SUM(K40:N40) -> 112731.49 | P40: 9096.023 | Q40: 81956.574 | R40: 23477.03 | S40: 55376.208 | T40: 2069.786 | U40: =SUM(P40:T40) -> 171975.62 | V40: 10600 | W40: 2500 | X40: 45373.819 | Z40: 1721.452 | AA40: =SUM(V40:Z40) -> 60195.271 | AB40: =AA40+U40+O40+J40+D40 -> 618344.86 | AC40: 36705.644 | AD40: 94691.291 | AE40: 160971.56 | AG40: 1500 | AH40: =SUM(AC40:AG40) -> 293868.49 | AI40: 53690.696 | AJ40: 4040.424 | AK40: 20678.744 | AL40: 54610.51 | AM40: 6977.526 | AN40: =SUM(AI40:AM40) -> 139997.9 | AP40: 3798.629 | AQ40: 82863.884 | AT40: =SUM(AO40:AS40) -> 86662.513 | AV40: 7649.3 | AW40: 60211.193 | AY40: 47763.683 | AZ40: =SUM(AU40:AY40) -> 115624.18 | BA40: =AZ40+AT40+AN40+AH40 -> 636153.08 | BC40: 25010.34 | BD40: 199254.5 | BE40: 24763.729 | BG40: =SUM(BB40:BF40) -> 249028.57 | BH40: 25836.936 | BI40: 16600.042 | BJ40: 32745.068 | BK40: 38052.785 | BL40: 5387.321 | BM40: =SUM(BH40:BL40) -> 118622.15 | BO40: 17813.187 | BP40: 90773.19 | BQ40: 457.804 | BR40: =SUM(BN40:BQ40) -> 109044.18 | BS40: 985.104 | BT40: 6263.984 | BU40: 86704.804 | BV40: 5600 | BW40: 30086.5 | BX40: =SUM(BS40:BW40) -> 129640.39 | BZ40: 11152.63 | CA40: =SUM(BY40:BZ40) -> 11152.63 | CB40: =CA40+BX40+BR40+BM40+BG40 -> 617487.93 | CC40: 118640.65 | CD40: 155932.27 | CE40: 1500 | CF40: =SUM(CC40:CE40) -> 276072.92 | CH40: 14959.088 | CI40: 53102.436 | CJ40: 9860.013 | CK40: =SUM(CG40:CJ40) -> 77921.537 | CM40: 48247.993 | CN40: 4578.705 | CO40: 28333.313 | CP40: 69875.917 | CQ40: =SUM(CL40:CP40) -> 151035.93 | CR40: 3558.327 | CT40: 75389.63 | CU40: 9703.258 | CV40: 1560 | CW40: =SUM(CR40:CV40) -> 90211.215 | CY40: 78844.649 | DA40: 1122.928 | DB40: =SUM(CX40:DA40) -> 79967.577 | DC40: =DB40+CW40+CQ40+CK40+CF40 -> 675209.18 | DD40: 26979.302 | DE40: 209629.83 | DF40: 19450.532 | DH40: 32597.322 | DI40: =SUM(DD40:DH40) -> 288656.99 | DJ40: 20406.593 | DK40: 1500 | DL40: 52163.297 | DM40: 2825.247 | DO40: =SUM(DJ40:DN40) -> 76895.137 | DQ40: 75169.074 | DS40: 15527.178 | DT40: 30872.462 | DU40: =SUM(DP40:DT40) -> 121568.71 | DV40: 12415.998 | DW40: 23537.16 | DX40: 7972.596 | DY40: 7725.939 | DZ40: 5991.622 | EA40: =SUM(DV40:DZ40) -> 57643.315 | EB40: =DI40+DO40+DU40+EA40 -> 544764.15 | EC40: 8189.39 | ED40: 187680.44 | EE40: 2500 | EG40: 265.045 | EH40: =SUM(EC40:EG40) -> 198634.87 | EI40: 18707.989 | EJ40: 33625.654 | EL40: 60189.549 | EN40: =SUM(EI40:EM40) -> 112523.19 | EO40: 19037.997 | EQ40: 59987.573 | ET40: =SUM(EO40:ES40) -> 79025.57 | EV40: 5500 | EW40: 41305.448 | FA40: 25774.936 | FB40: =SUM(EU40:FA40) -> 72580.384 | FC40: =EH40+EN40+ET40+FB40 -> 462764.02 | FD40: 15650.834 | FF40: 170228.05 | FG40: =SUM(FD40:FF40) -> 185878.89 | FH40: 3800 | FI40: 1944.321 | FJ40: 25004.504 | FK40: 7624.71 | FL40: 4023.512 | FM40: =SUM(FH40:FL40) -> 42397.047 | FN40: 17439.342 | FO40: 28535.306 | FR40: =SUM(FN40:FQ40) -> 45974.648 | FS40: 48922.463 | FT40: 7759.124 | FV40: 34796.164 | FW40: 3620 | FX40: =SUM(FS40:FW40) -> 95097.751 | FY40: 21195.998 | GA40: 47054.096 | GC40: 620 | GD40: =SUM(FY40:GC40) -> 68870.094 | GE40: =FG40+FM40+FR40+FX40+GD40 -> 438218.42 | GF40: 76660.716 | GG40: 72505.467 | GJ40: 51173.296 | GK40: =SUM(GF40:GJ40) -> 200339.48 | GL40: 3612.19 | GN40: 60016.878 | GO40: 5075.877 | GP40: =SUM(GL40:GO40) -> 68704.945 | GS40: 50469.544 | GT40: 5735.788 | GV40: =SUM(GQ40:GU40) -> 56205.332 | GW40: 36114.866 | GX40: 3225.619 | GZ40: 57965.175 | HA40: 8341.207 | HB40: 2000 | HC40: =SUM(GW40:HB40) -> 107646.87 | HD40: =GK40+GP40+GV40+HC40 -> 432896.62 | HF40: 168170.71 | HH40: 3366.045 | HI40: =SUM(HE40:HH40) -> 171536.76 | HK40: 21370.551 | HL40: 38176.913 | HO40: =SUM(HJ40:HN40) -> 59547.464 | HP40: 32625.929 | HQ40: 1461.215 | HS40: 61756.33 | HU40: =SUM(HP40:HT40) -> 95843.474 | HX40: 36228.523 | HY40: =SUM(HV40:HX40) -> 36228.523 | HZ40: 3550 | IB40: 70171.372 | IC40: =SUM(HZ40:IB40) -> 73721.372 | ID40: =HI40+HO40+HU40+HY40+IC40 -> 436877.59 | IE40: 9693.302 | IF40: 176850.57 | IG40: =SUM(IE40:IF40) -> 186543.87 | II40: 10298.34 | IJ40: 2674.619 | IK40: 11902.005 | IL40: 82835.124 | IM40: =SUM(IH40:IL40) -> 107710.09 | IP40: 50454.913 | IQ40: =SUM(IN40:IP40) -> 50454.913 | IR40: 1117.964 | IS40: 45038.607 | IU40: 36348.27 | IW40: =SUM(IR40:IV40) -> 82504.841 | IX40: 4143.203 | IZ40: 63640.569 | JA40: 4975.067 | JC40: =SUM(IX40:JB40) -> 72758.839 | JD40: =IG40+IM40+IQ40+IW40+JC40 -> 499972.55 | JF40: 196595.86 | JH40: 7530.352 | JJ40: =SUM(JE40:JI40) -> 204126.22 | JP40: =SUM(JK40:JO40) -> 0 | JV40: =SUM(JQ40:JU40) -> 0 | KC40: =SUM(JW40:KB40) -> 0 | KD40: =JJ40+JP40+JV40+KC40 -> 204126.22 | KJ40: =SUM(KE40:KI40) -> 0 | KP40: =SUM(KK40:KO40) -> 0 | KV40: =SUM(KQ40:KU40) -> 0 | LB40: =SUM(KW40:LA40) -> 0 | LF40: =SUM(LC40:LE40) -> 0 | LG40: 440000
B41: Traite P F | D41: =SUM(C41:C41) -> 0 | J41: =SUM(E41:I41) -> 0 | O41: =SUM(K41:N41) -> 0 | T41: 285993.78 | U41: =SUM(P41:T41) -> 285993.78 | AA41: =SUM(V41:Z41) -> 0 | AB41: =AA41+U41+O41+J41+D41 -> 285993.78 | AH41: =SUM(AC41:AG41) -> 0 | AJ41: 210619.46 | AN41: =SUM(AI41:AM41) -> 210619.46 | AS41: 209675.8 | AT41: =SUM(AO41:AS41) -> 209675.8 | AZ41: =SUM(AU41:AY41) -> 0 | BA41: =AZ41+AT41+AN41+AH41 -> 420295.26 | BH41: 5685.837 | BI41: 113741.09 | BJ41: 154593.93 | BM41: =SUM(BH41:BL41) -> 274020.86 | BP41: 41312.655 | BR41: =SUM(BN41:BQ41) -> 41312.655 | BU41: 81782.129 | BX41: =SUM(BS41:BW41) -> 81782.129 | CA41: =SUM(BY41:BZ41) -> 0 | CB41: =CA41+BX41+BR41+BM41+BG41 -> 397115.64 | CF41: =SUM(CC41:CE41) -> 0 | CG41: 181524.71 | CJ41: 74514.147 | CK41: =SUM(CG41:CJ41) -> 256038.86 | CQ41: =SUM(CL41:CP41) -> 0 | CS41: 45188.049 | CW41: =SUM(CR41:CV41) -> 45188.049 | DB41: =SUM(CX41:DA41) -> 0 | DC41: =DB41+CW41+CQ41+CK41+CF41 -> 301226.91 | DD41: 167432.01 | DI41: =SUM(DD41:DH41) -> 167432.01 | DJ41: 65026.563 | DO41: =SUM(DJ41:DN41) -> 65026.563 | DQ41: 93484.955 | DU41: =SUM(DP41:DT41) -> 93484.955 | DV41: 35552.317 | EA41: =SUM(DV41:DZ41) -> 35552.317 | EB41: =DI41+DO41+DU41+EA41 -> 361495.84 | EC41: 39581.776 | EH41: =SUM(EC41:EG41) -> 39581.776 | EI41: 85989.368 | EN41: =SUM(EI41:EM41) -> 85989.368 | EQ41: 50803.77 | ET41: =SUM(EO41:ES41) -> 50803.77 | EU41: 17876.203 | EV41: 23597.149 | FA41: =20942.908+784.743+9195.21 -> 30922.861 | FB41: =SUM(EU41:FA41) -> 72396.213 | FC41: =EH41+EN41+ET41+FB41 -> 248771.13 | FG41: =SUM(FD41:FF41) -> 0 | FI41: 94754.874 | FK41: 101562.45 | FM41: =SUM(FH41:FL41) -> 196317.33 | FR41: =SUM(FN41:FQ41) -> 0 | FS41: 40092.293 | FX41: =SUM(FS41:FW41) -> 40092.293 | GD41: =SUM(FY41:GC41) -> 0 | GE41: =FG41+FM41+FR41+FX41+GD41 -> 236409.62 | GH41: 150617.5 | GK41: =SUM(GF41:GJ41) -> 150617.5 | GP41: =SUM(GL41:GO41) -> 0 | GS41: 82104.586 | GU41: 78756.577 | GV41: =SUM(GQ41:GU41) -> 160861.16 | HC41: =SUM(GW41:HB41) -> 0 | HD41: =GK41+GP41+GV41+HC41 -> 311478.66 | HI41: =SUM(HE41:HH41) -> 0 | HJ41: 91398.516 | HM41: 118411.42 | HO41: =SUM(HJ41:HN41) -> 209809.94 | HU41: =SUM(HP41:HT41) -> 0 | HV41: 73500.54 | HY41: =SUM(HV41:HX41) -> 73500.54 | IC41: =SUM(HZ41:IB41) -> 0 | ID41: =HI41+HO41+HU41+HY41+IC41 -> 283310.48 | IG41: =SUM(IE41:IF41) -> 0 | IM41: =SUM(IH41:IL41) -> 0 | IO41: 96490.644 | IQ41: =SUM(IN41:IP41) -> 96490.644 | IR41: 105882.05 | IW41: =SUM(IR41:IV41) -> 105882.05 | IY41: 118419.6 | JC41: =SUM(IX41:JB41) -> 118419.6 | JD41: =IG41+IM41+IQ41+IW41+JC41 -> 320792.3 | JJ41: =SUM(JE41:JI41) -> 0 | JP41: =SUM(JK41:JO41) -> 0 | JV41: =SUM(JQ41:JU41) -> 0 | KC41: =SUM(JW41:KB41) -> 0 | KD41: =JJ41+JP41+JV41+KC41 -> 0 | KJ41: =SUM(KE41:KI41) -> 0 | KP41: =SUM(KK41:KO41) -> 0 | KV41: =SUM(KQ41:KU41) -> 0 | LB41: =SUM(KW41:LA41) -> 0 | LF41: =SUM(LC41:LE41) -> 0 | LG41: 250000
B42: Traite encaissement | C42: 7951.071 | D42: =SUM(C42:C42) -> 7951.071 | E42: 9583.398 | G42: 8837.93 | I42: 5217.547 | J42: =SUM(E42:I42) -> 23638.875 | K42: 1350.562 | M42: 4294.904 | O42: =SUM(K42:N42) -> 5645.466 | U42: =SUM(P42:T42) -> 0 | AA42: =SUM(V42:Z42) -> 0 | AB42: =AA42+U42+O42+J42+D42 -> 37235.412 | AD42: =4602.637+2052.945 -> 6655.582 | AE42: =1549.775+1071.995 -> 2621.77 | AH42: =SUM(AC42:AG42) -> 9277.352 | AI42: 1940.975 | AK42: 479.372 | AN42: =SUM(AI42:AM42) -> 2420.347 | AP42: 769.183 | AT42: =SUM(AO42:AS42) -> 769.183 | AZ42: =SUM(AU42:AY42) -> 0 | BA42: =AZ42+AT42+AN42+AH42 -> 12466.882 | BC42: 23396.678 | BD42: 2000 | BE42: 1000 | BG42: =SUM(BB42:BF42) -> 26396.678 | BM42: =SUM(BH42:BL42) -> 0 | BN42: 1000 | BO42: 12065.166 | BR42: =SUM(BN42:BQ42) -> 13065.166 | BT42: 1470.638 | BX42: =SUM(BS42:BW42) -> 1470.638 | BZ42: 6637.406 | CA42: =SUM(BY42:BZ42) -> 6637.406 | CB42: =CA42+BX42+BR42+BM42+BG42 -> 47569.888 | CC42: 6598.877 | CF42: =SUM(CC42:CE42) -> 6598.877 | CH42: 2109.621 | CJ42: 8710.517 | CK42: =SUM(CG42:CJ42) -> 10820.138 | CL42: 12065.166 | CQ42: =SUM(CL42:CP42) -> 12065.166 | CS42: 5295.592 | CU42: 417.503 | CV42: 504.897 | CW42: =SUM(CR42:CV42) -> 6217.992 | CZ42: 12796.948 | DB42: =SUM(CX42:DA42) -> 12796.948 | DC42: =DB42+CW42+CQ42+CK42+CF42 -> 48499.121 | DD42: 8150.912 | DH42: 1180 | DI42: =SUM(DD42:DH42) -> 9330.912 | DN42: 4206.561 | DO42: =SUM(DJ42:DN42) -> 4206.561 | DP42: 549.258 | DU42: =SUM(DP42:DT42) -> 549.258 | DX42: 4094.785 | EA42: =SUM(DV42:DZ42) -> 4094.785 | EB42: =DI42+DO42+DU42+EA42 -> 18181.516 | ED42: 10783.309 | EF42: 1293.645 | EH42: =SUM(EC42:EG42) -> 12076.954 | EN42: =SUM(EI42:EM42) -> 0 | ET42: =SUM(EO42:ES42) -> 0 | EX42: 3929.194 | FB42: =SUM(EU42:FA42) -> 3929.194 | FC42: =EH42+EN42+ET42+FB42 -> 16006.148 | FD42: 8872.699 | FG42: =SUM(FD42:FF42) -> 8872.699 | FM42: =SUM(FH42:FL42) -> 0 | FR42: =SUM(FN42:FQ42) -> 0 | FX42: =SUM(FS42:FW42) -> 0 | FZ42: 4888.982 | GD42: =SUM(FY42:GC42) -> 4888.982 | GE42: =FG42+FM42+FR42+FX42+GD42 -> 13761.681 | GK42: =SUM(GF42:GJ42) -> 0 | GL42: 706.241 | GP42: =SUM(GL42:GO42) -> 706.241 | GS42: 949.258 | GV42: =SUM(GQ42:GU42) -> 949.258 | GX42: 750 | HA42: 174.255 | HC42: =SUM(GW42:HB42) -> 924.255 | HD42: =GK42+GP42+GV42+HC42 -> 2579.754 | HE42: 10705.492 | HI42: =SUM(HE42:HH42) -> 10705.492 | HL42: 9992.739 | HO42: =SUM(HJ42:HN42) -> 9992.739 | HP42: =1546.941+1943.21 -> 3490.151 | HS42: 279.952 | HU42: =SUM(HP42:HT42) -> 3770.103 | HV42: 2704.828 | HW42: 789.703 | HY42: =SUM(HV42:HX42) -> 3494.531 | IB42: 1860.672 | IC42: =SUM(HZ42:IB42) -> 1860.672 | ID42: =HI42+HO42+HU42+HY42+IC42 -> 29823.537 | IF42: 2760.77 | IG42: =SUM(IE42:IF42) -> 2760.77 | IL42: 1353.265 | IM42: =SUM(IH42:IL42) -> 1353.265 | IP42: 470.551 | IQ42: =SUM(IN42:IP42) -> 470.551 | IW42: =SUM(IR42:IV42) -> 0 | IZ42: 885.011 | JC42: =SUM(IX42:JB42) -> 885.011 | JD42: =IG42+IM42+IQ42+IW42+JC42 -> 5469.597 | JE42: 7628.392 | JF42: 709.916 | JI42: 2150 | JJ42: =SUM(JE42:JI42) -> 10488.308 | JP42: =SUM(JK42:JO42) -> 0 | JV42: =SUM(JQ42:JU42) -> 0 | KC42: =SUM(JW42:KB42) -> 0 | KD42: =JJ42+JP42+JV42+KC42 -> 10488.308 | LG42: =KJ42+KP42+KV42+LB42+LF42 -> 0
B43: Traite Impayé | C43: -4106.161 | D43: =SUM(C43:C43) -> -4106.161 | E43: -12322.41 | G43: -2824.827 | J43: =SUM(E43:I43) -> -15147.237 | N43: -1384.06 | O43: =SUM(K43:N43) -> -1384.06 | Q43: -6282.859 | S43: -1183.603 | U43: =SUM(P43:T43) -> -7466.462 | W43: -1350 | X43: -3115.057 | Y43: -868.7 | Z43: -1223.739 | AA43: =SUM(V43:Z43) -> -6557.496 | AB43: =AA43+U43+O43+J43+D43 -> -34661.416 | AD43: -3824.606 | AE43: -6392.388 | AH43: =SUM(AC43:AG43) -> -10216.994 | AK43: -1407 | AN43: =SUM(AI43:AM43) -> -1407 | AQ43: -5923.509 | AT43: =SUM(AO43:AS43) -> -5923.509 | AV43: -2988.398 | AX43: -1407.853 | AZ43: =SUM(AU43:AY43) -> -4396.251 | BA43: =AZ43+AT43+AN43+AH43 -> -21943.754 | BD43: -17437.172 | BG43: =SUM(BB43:BF43) -> -17437.172 | BH43: -2694.684 | BM43: =SUM(BH43:BL43) -> -2694.684 | BP43: -856.329 | BQ43: -1943.396 | BR43: =SUM(BN43:BQ43) -> -2799.725 | BU43: -5772.627 | BW43: -2907.475 | BX43: =SUM(BS43:BW43) -> -8680.102 | BZ43: -2335 | CA43: =SUM(BY43:BZ43) -> -2335 | CB43: =CA43+BX43+BR43+BM43+BG43 -> -33946.683 | CC43: -4078.301 | CD43: -16613.947 | CF43: =SUM(CC43:CE43) -> -20692.248 | CI43: -2332.5 | CK43: =SUM(CG43:CJ43) -> -2332.5 | CN43: -5250 | CP43: -7635.659 | CQ43: =SUM(CL43:CP43) -> -12885.659 | CU43: -4729.309 | CW43: =SUM(CR43:CV43) -> -4729.309 | CZ43: -1069 | DB43: =SUM(CX43:DA43) -> -1069 | DC43: =DB43+CW43+CQ43+CK43+CF43 -> -41708.716 | DE43: -32099.951 | DG43: -11205.77 | DI43: =SUM(DD43:DH43) -> -43305.721 | DJ43: -1179.92 | DM43: -2809.717 | DN43: -4430 | DO43: =SUM(DJ43:DN43) -> -8419.637 | DP43: -1216 | DS43: -1216 | DU43: =SUM(DP43:DT43) -> -2432 | DV43: -7644.97 | DX43: -1208.899 | DY43: -910 | EA43: =SUM(DV43:DZ43) -> -9763.869 | EB43: =DI43+DO43+DU43+EA43 -> -63921.227 | EE43: -20008.504 | EH43: =SUM(EC43:EG43) -> -20008.504 | EJ43: -5266.654 | EK43: -3552.322 | EM43: -1889.227 | EN43: =SUM(EI43:EM43) -> -10708.203 | EP43: -1191.247 | EQ43: -1319.616 | ET43: =SUM(EO43:ES43) -> -2510.863 | EX43: -4181.871 | FB43: =SUM(EU43:FA43) -> -4181.871 | FC43: =EH43+EN43+ET43+FB43 -> -37409.441 | FE43: -17978.444 | FG43: =SUM(FD43:FF43) -> -17978.444 | FK43: -4517.604 | FM43: =SUM(FH43:FL43) -> -4517.604 | FR43: =SUM(FN43:FQ43) -> 0 | FS43: -2372.247 | FU43: -3170 | FX43: =SUM(FS43:FW43) -> -5542.247 | FZ43: -1943.21 | GA43: -1374.425 | GB43: -1374 | GC43: -4114.023 | GD43: =SUM(FY43:GC43) -> -8805.658 | GE43: =FG43+FM43+FR43+FX43+GD43 -> -36843.953 | GG43: -12677.328 | GJ43: -1596.15 | GK43: =SUM(GF43:GJ43) -> -14273.478 | GP43: =SUM(GL43:GO43) -> 0 | GS43: -16731.619 | GT43: -893 | GV43: =SUM(GQ43:GU43) -> -17624.619 | GZ43: -5750.953 | HC43: =SUM(GW43:HB43) -> -5750.953 | HD43: =GK43+GP43+GV43+HC43 -> -37649.05 | HF43: -21896.966 | HH43: -2300 | HI43: =SUM(HE43:HH43) -> -24196.966 | HL43: -9936.019 | HO43: =SUM(HJ43:HN43) -> -9936.019 | HP43: -2300 | HS43: -5452.609 | HU43: =SUM(HP43:HT43) -> -7752.609 | HX43: -1164.181 | HY43: =SUM(HV43:HX43) -> -1164.181 | IB43: -1323.645 | IC43: =SUM(HZ43:IB43) -> -1323.645 | ID43: =HI43+HO43+HU43+HY43+IC43 -> -44373.42 | IE43: -1164.181 | IF43: -22300.82 | IG43: =SUM(IE43:IF43) -> -23465.001 | IJ43: -6265.594 | IL43: -3635.34 | IM43: =SUM(IH43:IL43) -> -9900.934 | IQ43: =SUM(IN43:IP43) -> 0 | IR43: -800 | IW43: =SUM(IR43:IV43) -> -800 | IY43: -800 | JA43: -791.552 | JB43: -829 | JC43: =SUM(IX43:JB43) -> -2420.552 | JD43: =IG43+IM43+IQ43+IW43+JC43 -> -36586.487 | JF43: -7069.268 | JG43: -4683.762 | JJ43: =SUM(JE43:JI43) -> -11753.03 | JP43: =SUM(JK43:JO43) -> 0 | JV43: =SUM(JQ43:JU43) -> 0 | KC43: =SUM(JW43:KB43) -> 0 | KD43: =JJ43+JP43+JV43+KC43 -> -11753.03 | LG43: =KJ43+KP43+KV43+LB43+LF43 -> 0
B44: VIREMENT | C44: 700.645 | D44: =SUM(C44:C44) -> 700.645 | E44: 884.793 | F44: 732.59 | G44: 3183.176 | H44: 504.353 | I44: 142026.82 | J44: =SUM(E44:I44) -> 147331.73 | K44: 3973.706 | L44: 122.122 | M44: 959.776 | N44: 638.935 | O44: =SUM(K44:N44) -> 5694.539 | P44: 1578.544 | Q44: 376.959 | R44: 657.018 | S44: 4156.52 | T44: 2384.481 | U44: =SUM(P44:T44) -> 9153.522 | V44: 695.344 | W44: 5643.219 | X44: 391.072 | Y44: =100.941+2807.547+813.828+567.066+1778.977 -> 6068.359 | Z44: 8490.68 | AA44: =SUM(V44:Z44) -> 21288.674 | AB44: =AA44+U44+O44+J44+D44 -> 184169.11 | AC44: 3079.377 | AE44: 7348.106 | AF44: 697.797 | AG44: 8423.447 | AH44: =SUM(AC44:AG44) -> 19548.727 | AI44: 1695.903 | AJ44: 782.332 | AL44: 1331.134 | AN44: =SUM(AI44:AM44) -> 3809.369 | AO44: 99.247 | AP44: 831.072 | AR44: 621.254 | AT44: =SUM(AO44:AS44) -> 1551.573 | AU44: 2822.322 | AV44: 3927.091 | AW44: 4235.377 | AX44: =561.766+1081.685+413.346 -> 2056.797 | AY44: 1333.652 | AZ44: =SUM(AU44:AY44) -> 14375.239 | BA44: =AZ44+AT44+AN44+AH44 -> 39284.908 | BB44: 123.602 | BC44: 6586.832 | BD44: 394.345 | BF44: =10485.76+122.756+708.548 -> 11317.064 | BG44: =SUM(BB44:BF44) -> 18421.843 | BH44: 121.783 | BI44: 3251.288 | BJ44: 5906.997 | BK44: 2899.014 | BL44: 996.266 | BM44: =SUM(BH44:BL44) -> 13175.348 | BN44: 2651.965 | BO44: 575.097 | BP44: 579.726 | BQ44: 7525.096 | BR44: =SUM(BN44:BQ44) -> 11331.884 | BS44: 11763.131 | BW44: 526.126 | BX44: =SUM(BS44:BW44) -> 12289.257 | CA44: =SUM(BY44:BZ44) -> 0 | CB44: =CA44+BX44+BR44+BM44+BG44 -> 55218.332 | CC44: 4912.906 | CD44: 2569.785 | CE44: 175.146 | CF44: =SUM(CC44:CE44) -> 7657.837 | CG44: 166283.81 | CH44: 412.374 | CJ44: 1280.259 | CK44: =SUM(CG44:CJ44) -> 167976.44 | CL44: 4626.436 | CM44: 644.815 | CN44: 2524.355 | CO44: 3126.313 | CP44: 126.842 | CQ44: =SUM(CL44:CP44) -> 11048.761 | CS44: 243.08 | CT44: 1182.854 | CU44: 1580.148 | CV44: 915.433 | CW44: =SUM(CR44:CV44) -> 3921.515 | CX44: 312.026 | CY44: 18463.503 | CZ44: 11603.573 | DA44: 471.72 | DB44: =SUM(CX44:DA44) -> 30850.822 | DC44: =DB44+CW44+CQ44+CK44+CF44 -> 221455.37 | DD44: 1266.421 | DE44: 166.816 | DF44: 533.166 | DH44: 1098.978 | DI44: =SUM(DD44:DH44) -> 3065.381 | DJ44: 2557.29 | DK44: 9219.316 | DL44: 1310.272 | DO44: =SUM(DJ44:DN44) -> 13086.878 | DP44: 889.824 | DQ44: 426.377 | DR44: 757.434 | DT44: 585.492 | DU44: =SUM(DP44:DT44) -> 2659.127 | DV44: 3095.332 | DW44: 3118.013 | DX44: 1560.257 | DY44: 221.639 | DZ44: 14850.795 | EA44: =SUM(DV44:DZ44) -> 22846.036 | EB44: =DI44+DO44+DU44+EA44 -> 41657.422 | EC44: 989.202 | ED44: 1742.71 | EE44: 197.972 | EF44: 110.788 | EH44: =SUM(EC44:EG44) -> 3040.672 | EI44: 412.056 | EJ44: 2029.195 | EK44: 1055.144 | EL44: 3280.236 | EM44: 46944.675 | EN44: =SUM(EI44:EM44) -> 53721.306 | EO44: 1017.537 | EP44: 2358.476 | ES44: 4338.061 | ET44: =SUM(EO44:ES44) -> 7714.074 | EU44: 2525.579 | EW44: 9393.622 | EX44: 705.516 | EY44: 4417 | EZ44: 423.066 | FA44: =922.989+1043.554+957.302 -> 2923.845 | FB44: =SUM(EU44:FA44) -> 20388.628 | FC44: =EH44+EN44+ET44+FB44 -> 84864.68 | FD44: 1169.74 | FE44: 29294.062 | FG44: =SUM(FD44:FF44) -> 30463.802 | FH44: 1473.168 | FL44: 978.566 | FM44: =SUM(FH44:FL44) -> 2451.734 | FN44: 7563.132 | FO44: 7382.952 | FP44: 623.85 | FQ44: 1131.97 | FR44: =SUM(FN44:FQ44) -> 16701.904 | FU44: 2000.578 | FV44: 483.666 | FW44: 334.249 | FX44: =SUM(FS44:FW44) -> 2818.493 | FZ44: 2354.127 | GA44: 699.348 | GC44: 1914.498 | GD44: =SUM(FY44:GC44) -> 4967.973 | GE44: =FG44+FM44+FR44+FX44+GD44 -> 57403.906 | GG44: 114.778 | GH44: 483.202 | GJ44: 1571.73 | GK44: =SUM(GF44:GJ44) -> 2169.71 | GL44: 123.507 | GM44: 8601.121 | GO44: 18695.119 | GP44: =SUM(GL44:GO44) -> 27419.747 | GQ44: 6231.946 | GR44: 1414.553 | GS44: 135.155 | GT44: 4982.745 | GU44: 3437.983 | GV44: =SUM(GQ44:GU44) -> 16202.382 | GY44: 4369.974 | GZ44: 2027.414 | HA44: 685.426 | HB44: 7962.079 | HC44: =SUM(GW44:HB44) -> 15044.893 | HD44: =GK44+GP44+GV44+HC44 -> 60836.732 | HE44: 416.35 | HF44: 243.351 | HH44: 7631.331 | HI44: =SUM(HE44:HH44) -> 8291.032 | HJ44: 282.413 | HL44: 7309.985 | HM44: 1726.054 | HN44: 114.57 | HO44: =SUM(HJ44:HN44) -> 9433.022 | HP44: 659.23 | HS44: 375.916 | HT44: 490.036 | HU44: =SUM(HP44:HT44) -> 1525.182 | HX44: 5287.31 | HY44: =SUM(HV44:HX44) -> 5287.31 | HZ44: 3350.943 | IA44: 704.564 | IB44: 575.686 | IC44: =SUM(HZ44:IB44) -> 4631.193 | ID44: =HI44+HO44+HU44+HY44+IC44 -> 29167.739 | IF44: 177.79 | IG44: =SUM(IE44:IF44) -> 177.79 | IH44: 997.394 | II44: 1405.526 | IJ44: 116.144 | IK44: 5422.822 | IL44: 5233.557 | IM44: =SUM(IH44:IL44) -> 13175.443 | IN44: 2183.751 | IO44: 6385.783 | IP44: 4585.8 | IQ44: =SUM(IN44:IP44) -> 13155.334 | IR44: 5313.141 | IS44: 2239.808 | IT44: 623.433 | IV44: 693.352 | IW44: =SUM(IR44:IV44) -> 8869.734 | IX44: 1896.394 | IY44: 902.628 | IZ44: 6509.621 | JA44: 727.46 | JB44: 115.218 | JC44: =SUM(IX44:JB44) -> 10151.321 | JD44: =IG44+IM44+IQ44+IW44+JC44 -> 45529.622 | JE44: 2195.809 | JF44: 5010.599 | JG44: 1700.057 | JH44: 8723.109 | JJ44: =SUM(JE44:JI44) -> 17629.574 | JP44: =SUM(JK44:JO44) -> 0 | JV44: =SUM(JQ44:JU44) -> 0 | KC44: =SUM(JW44:KB44) -> 0 | KD44: =JJ44+JP44+JV44+KC44 -> 17629.574 | KJ44: =SUM(KE44:KI44) -> 0 | KP44: =SUM(KK44:KO44) -> 0 | KV44: =SUM(KQ44:KU44) -> 0 | LB44: =SUM(KW44:LA44) -> 0 | LF44: =SUM(LC44:LE44) -> 0 | LG44: =KJ44+KP44+KV44+LB44+LF44 -> 0
B45: Chèque VERSABLE | C45: =464.476+387.59 -> 852.066 | D45: =SUM(C45:C45) -> 852.066 | E45: 4675.38 | F45: =6132.63+7839.975 -> 13972.605 | G45: 328.782 | H45: =4515.094+2854.007 -> 7369.101 | I45: =651.091+10303.77 -> 10954.861 | J45: =SUM(E45:I45) -> 37300.729 | K45: 10441.587 | L45: 4500.219 | M45: =11324.732+4963.833 -> 16288.565 | N45: 2673.389 | O45: =SUM(K45:N45) -> 33903.76 | P45: =12173.279+2556.691 -> 14729.97 | Q45: =13515.767+17079.467 -> 30595.234 | R45: 371.721 | S45: 1471.274 | T45: =3021.594+1290.608 -> 4312.202 | U45: =SUM(P45:T45) -> 51480.401 | V45: =1200.436+7435.622 -> 8636.058 | W45: =3955.039+4567.752 -> 8522.791 | X45: 10284.482 | Y45: 2880.538 | Z45: =33+13145.458 -> 13178.458 | AA45: =SUM(V45:Z45) -> 43502.327 | AB45: =AA45+U45+O45+J45+D45 -> 167039.28 | AC45: =3198.299+5100.824 -> 8299.123 | AD45: 8507.931 | AE45: 2086.287 | AF45: =15397.147+9515.46 -> 24912.607 | AG45: =4719.552+7014.676 -> 11734.228 | AH45: =SUM(AC45:AG45) -> 55540.176 | AI45: 801.012 | AJ45: =3391.891+8519.523 -> 11911.414 | AK45: 5367.596 | AL45: 12055.183 | AM45: =2122.563+80 -> 2202.563 | AN45: =SUM(AI45:AM45) -> 32337.768 | AO45: =1035.506+4420.835 -> 5456.341 | AP45: 314.032 | AQ45: =11735.43+16596.012 -> 28331.442 | AR45: =5114.162+10890.806 -> 16004.968 | AS45: 10657.174 | AT45: =SUM(AO45:AS45) -> 60763.957 | AV45: 5219.258 | AW45: =276.763+13532.017 -> 13808.78 | AX45: =778.86+207.59+179.624+216.204+1450.546+100+139.032+139.976+139.976+155.316+513.197+493.672+300.2+290.78+279.452+2713.674 -> 8098.099 | AY45: 531.3 | AZ45: =SUM(AU45:AY45) -> 27657.437 | BA45: =AZ45+AT45+AN45+AH45 -> 176299.34 | BB45: =3943.716+4792.239 -> 8735.955 | BC45: =9028.179+27461.777 -> 36489.956 | BD45: =3858.007 -> 3858.007 | BE45: =3240.946+7434.15 -> 10675.096 | BF45: 80 | BG45: =SUM(BB45:BF45) -> 59839.014 | BH45: 2964.122 | BI45: =682.092+14342.224 -> 15024.316 | BJ45: =5135.935+338.438 -> 5474.373 | BK45: =2578.709+3565.197 -> 6143.906 | BL45: 2287.101 | BM45: =SUM(BH45:BL45) -> 31893.818 | BN45: 4334.169 | BO45: =371.39+2410.788 -> 2782.178 | BP45: =7647.919+23529.961 -> 31177.88 | BQ45: 1615.916 | BR45: =SUM(BN45:BQ45) -> 39910.143 | BS45: =2419.756+2992.152 -> 5411.908 | BT45: =1057.522+7794.479 -> 8852.001 | BU45: 1552.388 | BV45: 666.803 | BW45: 941.522 | BX45: =SUM(BS45:BW45) -> 17424.622 | BY45: =13555.002+1097.112 -> 14652.114 | BZ45: =2218.648+1096.522 -> 3315.17 | CA45: =SUM(BY45:BZ45) -> 17967.284 | CB45: =CA45+BX45+BR45+BM45+BG45 -> 167034.88 | CC45: =2494.044+9071.204 -> 11565.248 | CD45: =8106.048+629.44 -> 8735.488 | CE45: =4717.3+1147.167 -> 5864.467 | CF45: =SUM(CC45:CE45) -> 26165.203 | CG45: =1211.394+4305.512 -> 5516.906 | CH45: 2295.04 | CI45: =14478.297+160 -> 14638.297 | CK45: =SUM(CG45:CJ45) -> 22450.243 | CL45: 1704.504 | CM45: =8078.142+3723.182 -> 11801.324 | CN45: 7804.034 | CO45: =3320.309+263.547 -> 3583.856 | CP45: 2608.491 | CQ45: =SUM(CL45:CP45) -> 27502.209 | CR45: =1098.598+7725.189 -> 8823.787 | CT45: 17523.018 | CU45: 4734.564 | CV45: =4961.376+96.257 -> 5057.633 | CW45: =SUM(CR45:CV45) -> 36139.002 | CX45: =661.284+3929.19 -> 4590.474 | CY45: =630.697+7414.464 -> 8045.161 | CZ45: =7133.707+3364.318 -> 10498.025 | DA45: 2716.524 | DB45: =SUM(CX45:DA45) -> 25850.184 | DC45: =DB45+CW45+CQ45+CK45+CF45 -> 138106.84 | DD45: =3059.848+2701.179 -> 5761.027 | DE45: =7340.31+7259.067 -> 14599.377 | DF45: =920+7547.057 -> 8467.057 | DG45: =3350+19790.895 -> 23140.895 | DH45: 155.818 | DI45: =SUM(DD45:DH45) -> 52124.174 | DJ45: =3186.727+191.07 -> 3377.797 | DK45: =2434.663+2004.639 -> 4439.302 | DL45: 3861.466 | DM45: 4012.044 | DO45: =SUM(DJ45:DN45) -> 15690.609 | DP45: 3909.368 | DQ45: 10506.484 | DR45: 6079.267 | DS45: 2714.648 | DT45: 3366.006 | DU45: =SUM(DP45:DT45) -> 26575.773 | DV45: 11249.824 | DW45: 1372.485 | DX45: =21941.937+1745.336 -> 23687.273 | DY45: 5449.137 | DZ45: 2190.648 | EA45: =SUM(DV45:DZ45) -> 43949.367 | EB45: =DI45+DO45+DU45+EA45 -> 138339.92 | EC45: 5209.193 | ED45: 13241.681 | EE45: 17973.364 | EF45: 8054.083 | EG45: 7530.692 | EH45: =SUM(EC45:EG45) -> 52009.013 | EI45: 4028.22 | EJ45: =4044.649+4274.162 -> 8318.811 | EK45: =1277.128+4301.98 -> 5579.108 | EL45: =11649.652-4000 -> 7649.652 | EM45: 5259.6 | EN45: =SUM(EI45:EM45) -> 30835.391 | EO45: =4305.475+3031.48 -> 7336.955 | EP45: =4099.992+3563.919 -> 7663.911 | EQ45: =1584.37+1018.49 -> 2602.86 | ER45: =9268.949+10696.693 -> 19965.642 | ES45: =3918.892+456.39 -> 4375.282 | ET45: =SUM(EO45:ES45) -> 41944.65 | EU45: 5456.065 | EV45: 10428.992 | EW45: =2977.673+8411.086 -> 11388.759 | EX45: 1298.264 | EY45: =9731.525 -> 9731.525 | EZ45: 1709.112 | FA45: =298.073+108.47 -> 406.543 | FB45: =SUM(EU45:FA45) -> 40419.26 | FC45: =EH45+EN45+ET45+FB45 -> 165208.31 | FD45: =3352.231+3821.033 -> 7173.264 | FE45: 22139.956 | FF45: =1294.864+3265.997 -> 4560.861 | FG45: =SUM(FD45:FF45) -> 33874.081 | FH45: =6725.377+350 -> 7075.377 | FI45: 9677.195 | FJ45: =3094.52 -> 3094.52 | FK45: 4355.522 | FL45: =3303.45+3911.757 -> 7215.207 | FM45: =SUM(FH45:FL45) -> 31417.821 | FN45: 5874.462 | FO45: 2074.535 | FP45: =450+264.23 -> 714.23 | FQ45: 2528.754 | FR45: =SUM(FN45:FQ45) -> 11191.981 | FS45: =583.525+10448.091 -> 11031.616 | FT45: 1367.44 | FU45: 1091.834 | FV45: 7306.515 | FW45: 1684.389 | FX45: =SUM(FS45:FW45) -> 22481.794 | FY45: 139.032 | FZ45: =1477.618+2715.879 -> 4193.497 | GA45: =16781.809+1902.562 -> 18684.371 | GB45: =950.79+11347.106 -> 12297.896 | GC45: 16495.946 | GD45: =SUM(FY45:GC45) -> 51810.742 | GE45: =FG45+FM45+FR45+FX45+GD45 -> 150776.42 | GF45: 187.259 | GG45: =10642.72+6363.879 -> 17006.599 | GH45: 108.47 | GI45: 8248.308 | GJ45: 890.673 | GK45: =SUM(GF45:GJ45) -> 26441.309 | GL45: =3847.021+108.47 -> 3955.491 | GM45: 306.974 | GN45: 139 | GO45: =31095.177+2694.989 -> 33790.166 | GP45: =SUM(GL45:GO45) -> 38191.631 | GQ45: 431.908 | GR45: =9936.881+2344.543 -> 12281.424 | GS45: 14460.071 | GT45: =6119.196+1623.976 -> 7743.172 | GU45: 1610.767 | GV45: =SUM(GQ45:GU45) -> 36527.342 | GW45: 3665.077 | GX45: 9151.323 | GY45: =11675.492+105.5 -> 11780.992 | GZ45: 1252.844 | HA45: 10654.668 | HB45: =1170+2308.428 -> 3478.428 | HC45: =SUM(GW45:HB45) -> 39983.332 | HD45: =GK45+GP45+GV45+HC45 -> 141143.61 | HE45: =2933.637+1242.149 -> 4175.786 | HF45: =695.74+5106.722 -> 5802.462 | HG45: =10508.114+17934.24 -> 28442.354 | HH45: =950+4041.248 -> 4991.248 | HI45: =SUM(HE45:HH45) -> 43411.85 | HJ45: =869.229+2691.917 -> 3561.146 | HK45: 531.075 | HL45: 2060.156 | HM45: 6758.968 | HN45: 9550.007 | HO45: =SUM(HJ45:HN45) -> 22461.352 | HQ45: 2186.565 | HR45: 1323.957 | HS45: 25016.317 | HT45: =13148.074+1527.922 -> 14675.996 | HU45: =SUM(HP45:HT45) -> 43202.835 | HV45: 14331.559 | HW45: =10966.298+2451.882 -> 13418.18 | HX45: =344.636+6350.161 -> 6694.797 | HY45: =SUM(HV45:HX45) -> 34444.536 | HZ45: =5344.943+183.99 -> 5528.933 | IA45: 2511.053 | IB45: =139.966+25229.429 -> 25369.395 | IC45: =SUM(HZ45:IB45) -> 33409.381 | ID45: =HI45+HO45+HU45+HY45+IC45 -> 176929.95 | IE45: =1170.565+13660.948 -> 14831.513 | IF45: =830+2192.706 -> 3022.706 | IG45: =SUM(IE45:IF45) -> 17854.219 | IH45: =11139.817+13456.107 -> 24595.924 | II45: =2500+462.256 -> 2962.256 | IJ45: =2669.647+13409.753 -> 16079.4 | IK45: =7555.682+20958.732 -> 28514.414 | IL45: =4222.502+5078.955 -> 9301.457 | IM45: =SUM(IH45:IL45) -> 81453.451 | IN45: =115+1512.664 -> 1627.664 | IO45: 4119.502 | IP45: 4969.577 | IQ45: =SUM(IN45:IP45) -> 10716.743 | IR45: 921.977 | IS45: =6521.87+14515.939 -> 21037.809 | IU45: =737.282+5229.09 -> 5966.372 | IV45: =19343.622+586.724 -> 19930.346 | IW45: =SUM(IR45:IV45) -> 47856.504 | IX45: 5503.386 | IY45: =10467.726+5078.908 -> 15546.634 | IZ45: =482.926+6561.862 -> 7044.788 | JA45: =6807.477+1315.182 -> 8122.659 | JB45: 2514.602 | JC45: =SUM(IX45:JB45) -> 38732.069 | JD45: =IG45+IM45+IQ45+IW45+JC45 -> 196612.99 | JE45: =1143.535+5301.219 -> 6444.754 | JF45: =4598.556+1850 -> 6448.556 | JH45: =16166.142+9125.157 -> 25291.299 | JI45: 5034.081 | JJ45: =SUM(JE45:JI45) -> 43218.69 | JP45: =SUM(JK45:JO45) -> 0 | JV45: =SUM(JQ45:JU45) -> 0 | KC45: =SUM(JW45:KB45) -> 0 | KD45: =JJ45+JP45+JV45+KC45 -> 43218.69 | KJ45: =SUM(KE45:KI45) -> 0 | KP45: =SUM(KK45:KO45) -> 0 | KV45: =SUM(KQ45:KU45) -> 0 | LB45: =SUM(KW45:LA45) -> 0 | LF45: =SUM(LC45:LE45) -> 0 | LG45: 175000
B46: Espece | C46: =21182.071+16412.497 -> 37594.568 | D46: =SUM(C46:C46) -> 37594.568 | E46: 3000 | F46: 10000 | G46: 24073.487 | H46: =7000+23427.088 -> 30427.088 | I46: 9036.729 | J46: =SUM(E46:I46) -> 76537.304 | K46: =4268.896+6264.663 -> 10533.559 | L46: =15937.237+3226.504 -> 19163.741 | M46: =1097.7+10295.553 -> 11393.253 | N46: 8288.238 | O46: =SUM(K46:N46) -> 49378.791 | P46: =10548.317+15989.963 -> 26538.28 | Q46: 11600 | R46: =5984.224 -> 5984.224 | S46: =2222.926+12000 -> 14222.926 | T46: 20062.134 | U46: =SUM(P46:T46) -> 78407.564 | V46: =8084.733+7976.961 -> 16061.694 | W46: =5138.495+40927.68 -> 46066.175 | X46: =3383.828+12662.865 -> 16046.693 | Y46: =6263.355+1742.73+2673.202+7256.934+7301.207+13225.893+8494.929 -> 46958.25 | Z46: =21944.425+3386.562 -> 25330.987 | AA46: =SUM(V46:Z46) -> 150463.8 | AB46: =AA46+U46+O46+J46+D46 -> 392382.03 | AC46: =7734.322+5236.425 -> 12970.747 | AD46: =3021.761+12746.73 -> 15768.491 | AE46: =3493.555+3000 -> 6493.555 | AF46: 5361.835 | AG46: =1285.112+2488.807 -> 3773.919 | AH46: =SUM(AC46:AG46) -> 44368.547 | AI46: =13576.309+2673.385 -> 16249.694 | AJ46: =8652.565+6090.857 -> 14743.422 | AK46: =9000+6536.042 -> 15536.042 | AL46: =14013.241+2718.333 -> 16731.574 | AM46: 6196.974 | AN46: =SUM(AI46:AM46) -> 69457.706 | AO46: 5844.802 | AP46: =12379.946+2480.197 -> 14860.143 | AQ46: =11365.279+16603.917 -> 27969.196 | AR46: 2725.222 | AS46: 9705.421 | AT46: =SUM(AO46:AS46) -> 61104.784 | AU46: =16058.447+7962.672 -> 24021.119 | AV46: =52287.448+2908.037 -> 55195.485 | AW46: =2228.726+2345.517 -> 4574.243 | AX46: 8741.068 | AY46: =9819.526+19256.829 -> 29076.355 | AZ46: =SUM(AU46:AY46) -> 121608.27 | BA46: =AZ46+AT46+AN46+AH46 -> 296539.31 | BB46: =10125.506+4595.221 -> 14720.727 | BC46: =3751.054+10201.717 -> 13952.771 | BD46: 1867.151 | BE46: =7219.764+16161.778 -> 23381.542 | BF46: =2577.047+5000+977.011 -> 8554.058 | BG46: =SUM(BB46:BF46) -> 62476.249 | BH46: 9723.711 | BI46: =8010.211+1187.898 -> 9198.109 | BJ46: =4499.637+17250 -> 21749.637 | BK46: =2903.197 -> 2903.197 | BL46: =5388.43+9034.738 -> 14423.168 | BM46: =SUM(BH46:BL46) -> 57997.822 | BN46: =17539.992+5444.982 -> 22984.974 | BO46: =3156.599+11041.212 -> 14197.811 | BP46: =2374.911+2700 -> 5074.911 | BQ46: =3335.909+5413.454 -> 8749.363 | BR46: =SUM(BN46:BQ46) -> 51007.059 | BS46: =9300.15+3756.174 -> 13056.324 | BT46: 3000 | BU46: =5000+30711.844 -> 35711.844 | BV46: =5177.776+8966.68 -> 14144.456 | BW46: =3511.66+7238.512 -> 10750.172 | BX46: =SUM(BS46:BW46) -> 76662.796 | BY46: =4093.022+39795.772 -> 43888.794 | BZ46: =3461.408+6192.345 -> 9653.753 | CA46: =SUM(BY46:BZ46) -> 53542.547 | CB46: =CA46+BX46+BR46+BM46+BG46 -> 301686.47 | CC46: =1688.481+5693.455 -> 7381.936 | CD46: =1906.796+5850 -> 7756.796 | CE46: =1772.532+9222.172 -> 10994.704 | CF46: =SUM(CC46:CE46) -> 26133.436 | CG46: 7440.46 | CH46: =5262.441+7264.916 -> 12527.357 | CJ46: =8284.183+8931.484 -> 17215.667 | CK46: =SUM(CG46:CJ46) -> 37183.484 | CL46: =8111.581+15287.887 -> 23399.468 | CM46: 1816.066 | CN46: 2943.901 | CO46: =1744.711+3500 -> 5244.711 | CP46: =880.441+11179.328 -> 12059.769 | CQ46: =SUM(CL46:CP46) -> 45463.915 | CR46: =2699.726+3000 -> 5699.726 | CS46: 2126.653 | CT46: =2747.292+41899.997 -> 44647.289 | CU46: =1935.146+5063.032 -> 6998.178 | CV46: =4817.18+5729.228 -> 10546.408 | CW46: =SUM(CR46:CV46) -> 70018.254 | CX46: =3775.739+10198.315 -> 13974.054 | CY46: =6300+4044.891 -> 10344.891 | CZ46: =2727.547+4221.654 -> 6949.201 | DA46: =8347.141+1857.702 -> 10204.843 | DB46: =SUM(CX46:DA46) -> 41472.989 | DC46: =DB46+CW46+CQ46+CK46+CF46 -> 220272.08 | DE46: =16768.684+5669.659 -> 22438.343 | DF46: =6665.709+5500 -> 12165.709 | DG46: 1484.862 | DH46: =4394.927+5199.345 -> 9594.272 | DI46: =SUM(DD46:DH46) -> 45683.186 | DJ46: =7776.968+6663.676 -> 14440.644 | DK46: 4000 | DL46: 5455.451 | DM46: 11347.013 | DN46: 19051.494 | DO46: =SUM(DJ46:DN46) -> 54294.602 | DP46: 43169.691 | DQ46: 3928.82 | DR46: 3000 | DS46: 8432.846 | DT46: 15739.34 | DU46: =SUM(DP46:DT46) -> 74270.697 | DV46: 9441.644 | DW46: 6825.451 | DX46: 8220.228 | DY46: 11468.504 | DZ46: 8950.232 | EA46: =SUM(DV46:DZ46) -> 44906.059 | EB46: =DI46+DO46+DU46+EA46 -> 219154.54 | EC46: 16550.378 | ED46: 2648.027 | EE46: 14091.616 | EF46: 3891.658 | EG46: 17414.03 | EH46: =SUM(EC46:EG46) -> 54595.709 | EI46: =2000+6888.923 -> 8888.923 | EJ46: =4662.997+4283.376 -> 8946.373 | EK46: 4296.431 | EL46: =12726.932+2309.203 -> 15036.135 | EM46: =5613.79+1378.878 -> 6992.668 | EN46: =SUM(EI46:EM46) -> 44160.53 | EO46: =4549.946+8271.461 -> 12821.407 | EP46: 2084.287 | EQ46: =1700+2194.093 -> 3894.093 | ER46: =5830.415+4099.093 -> 9929.508 | ES46: =3489.297+1998.777 -> 5488.074 | ET46: =SUM(EO46:ES46) -> 34217.369 | EU46: =6514.132+8141.729 -> 14655.861 | EV46: 49822.342 | EW46: 7596.482 | EX46: =3000+4235.303 -> 7235.303 | EY46: =3000+1643.338 -> 4643.338 | EZ46: 4808.514 | FA46: 3327.497 | FB46: =SUM(EU46:FA46) -> 92089.337 | FC46: =EH46+EN46+ET46+FB46 -> 225062.95 | FD46: =29585.963+5513.197 -> 35099.16 | FE46: =3000+2541.552 -> 5541.552 | FF46: =2864.282+5914.147 -> 8778.429 | FG46: =SUM(FD46:FF46) -> 49419.141 | FH46: =10154.21+5362.103 -> 15516.313 | FI46: =3000+5223.724 -> 8223.724 | FJ46: =3471.441+3155.237 -> 6626.678 | FK46: 9687.33 | FL46: 3270.442 | FM46: =SUM(FH46:FL46) -> 43324.487 | FO46: 9950.355 | FP46: =46986.777+7961.114 -> 54947.891 | FQ46: 10900.423 | FR46: =SUM(FN46:FQ46) -> 75798.669 | FS46: 3970.536 | FT46: 1500 | FU46: 8198.795 | FV46: 8980.573 | FW46: 6939.623 | FX46: =SUM(FS46:FW46) -> 29589.527 | FY46: 13573.378 | FZ46: =16764.037+5555.817 -> 22319.854 | GA46: 2986.573 | GC46: 16539.951 | GD46: =SUM(FY46:GC46) -> 55419.756 | GE46: =FG46+FM46+FR46+FX46+GD46 -> 253551.58 | GF46: 1082.596 | GG46: 8800.941 | GH46: 4100 | GI46: 9167 | GJ46: 16306.534 | GK46: =SUM(GF46:GJ46) -> 39457.071 | GL46: =53081.119+31678.418 -> 84759.537 | GM46: 689.474 | GN46: 9594.883 | GO46: =26966.219+8915.112 -> 35881.331 | GP46: =SUM(GL46:GO46) -> 130925.23 | GQ46: =3000+11534.822 -> 14534.822 | GR46: =3522.007+12396.006 -> 15918.013 | GS46: =3400+3050.882 -> 6450.882 | GT46: =10207.948+7800 -> 18007.948 | GU46: 6256.44 | GV46: =SUM(GQ46:GU46) -> 61168.105 | GW46: =7157.601+5794.777 -> 12952.378 | GX46: 5492.7 | GY46: 17379.17 | GZ46: =8000+7328.497 -> 15328.497 | HA46: =3307.732+20600 -> 23907.732 | HB46: =3713.736+4745.778 -> 8459.514 | HC46: =SUM(GW46:HB46) -> 83519.991 | HD46: =GK46+GP46+GV46+HC46 -> 315070.39 | HE46: 24692.801 | HF46: =11586.597+4764.987 -> 16351.584 | HG46: 9742.495 | HH46: 8381.043 | HI46: =SUM(HE46:HH46) -> 59167.923 | HJ46: =3000+7130.55 -> 10130.55 | HK46: 2025.242 | HL46: =12534.486+3824.493 -> 16358.979 | HM46: 4000 | HN46: =13158.196+29021.821 -> 42180.017 | HO46: =SUM(HJ46:HN46) -> 74694.788 | HP46: 14754.47 | HQ46: =68000+18634.333 -> 86634.333 | HR46: 1899.594 | HS46: =5600+17569.572 -> 23169.572 | HT46: =2297.75+7491.822 -> 9789.572 | HU46: =SUM(HP46:HT46) -> 136247.54 | HV46: =15547.946+7578.276 -> 23126.222 | HW46: 14400 | HX46: 10394.111 | HY46: =SUM(HV46:HX46) -> 47920.333 | HZ46: =8908.75+18896.739 -> 27805.489 | IA46: 1760.446 | IB46: =9626.977+17289.113 -> 26916.09 | IC46: =SUM(HZ46:IB46) -> 56482.025 | ID46: =HI46+HO46+HU46+HY46+IC46 -> 374512.61 | IE46: =13908.666+5189.726 -> 19098.392 | IF46: =2628.517+16962.325 -> 19590.842 | IG46: =SUM(IE46:IF46) -> 38689.234 | IH46: =6000+8508.55 -> 14508.55 | IJ46: =103077.035+8360.769 -> 111437.8 | IK46: 4070.115 | IL46: =10911.196+4767.675 -> 15678.871 | IM46: =SUM(IH46:IL46) -> 145695.34 | IN46: =12670.808+10040.303 -> 22711.111 | IO46: 9650 | IP46: =24924.722+10372.331 -> 35297.053 | IQ46: =SUM(IN46:IP46) -> 67658.164 | IR46: =24035.843+4163.499 -> 28199.342 | IS46: =10100+8095.521 -> 18195.521 | IT46: 16180.495 | IU46: =11744.037+8505.579 -> 20249.616 | IV46: =5430.254+11608.333 -> 17038.587 | IW46: =SUM(IR46:IV46) -> 99863.561 | IX46: =11264.758+5197.605 -> 16462.363 | IY46: =6035.81+3400 -> 9435.81 | IZ46: =4314 -> 4314 | JA46: =4518.572+13000 -> 17518.572 | JB46: =16521.696+2068.587 -> 18590.283 | JC46: =SUM(IX46:JB46) -> 66321.028 | JD46: =IG46+IM46+IQ46+IW46+JC46 -> 418227.33 | JE46: =8423.618+12537.539 -> 20961.157 | JF46: =6438.755+4291.442 -> 10730.197 | JG46: =6499.374+2024.274 -> 8523.648 | JH46: =5600+8175.829 -> 13775.829 | JI46: 21955.994 | JJ46: =SUM(JE46:JI46) -> 75946.825 | JP46: =SUM(JK46:JO46) -> 0 | JV46: =SUM(JQ46:JU46) -> 0 | KC46: =SUM(JW46:KB46) -> 0 | KD46: =JJ46+JP46+JV46+KC46 -> 75946.825 | LG46: 375000
B48: Solde | C48: =C39-C4 -> 65224.933 | D48: =D39-D4 -> 65224.933 | E48: =E39-E4 -> 166313.77 | F48: =F39-F4 -> -129484.6 | G48: =G39-G4 -> 36083.394 | H48: =H39-H4 -> 46002.075 | I48: =I39-I4 -> 29826.977 | J48: =J39-J4 -> 148741.62 | ... AA48: =AA39-AA4 -> -569825.36 | AB48: =+AB39-AB4 -> -76226.615 | AC48: =AC39-AC4 -> -110418.96 | AD48: =AD39-AD4 -> 119771.41 | AE48: =AE39-AE4 -> 172186.64 | AF48: =AF39-AF4 -> -78.831 | AG48: =AG39-AG4 -> 22435.759 | AH48: =AH39-AH4 -> 203896.02 | AI48: =AI39-AI4 -> 74248.324 | AJ48: =AJ39-AJ4 -> -2583.662 | ... LG48: =LG39-LG4 -> -1161
B49: SOLDE 31/12/2014 | C49: -48951.522 | D49: -48951.522 | AB49: -48951.522
B50: SOLDE CUMULE | C50: =C49+C48 -> 16273.411 | D50: =+C49+D48 -> 16273.411 | E50: =D50+E48 -> 182587.18 | F50: =E50+F48 -> 53102.582 | G50: =F50+G48 -> 89185.976 | H50: =G50+H48 -> 135188.05 | I50: =H50+I48 -> 165015.03 | J50: =D50+J48 -> 165015.03 | K50: =J50+K48 -> 194466.91 | L50: =K50+L48 -> 68233.616 | M50: =K50+M48 -> 210025.94 | N50: =M50+N48 -> 219662.54 | O50: =+J50+O48 -> 93429.243 | P50: =O50+P48 -> 105038.77 | Q50: =P50+Q48 -> 163633.81 | R50: =Q50+R48 -> 56917.571 | S50: =R50+S48 -> 130244.88 | T50: =S50+T48 -> 444647.22 | U50: =+O50+U48 -> 444647.22 | V50: =U50+V48 -> 111692.3 | W50: =V50+W48 -> -54658.171 | X50: =W50+X48 -> -87823.528 | Y50: =X50+Y48 -> -113532.55 | Z50: =Y50+Z48 -> -125178.14 | AA50: =+U50+AA48 -> -125178.14 | AB50: =+D49+AB48 -> -125178.14 | AC50: =AB50+AC48 -> -235597.1 | AD50: =AC50+AD48 -> -115825.69 | AE50: =AD50+AE48 -> 56360.95 | AF50: =AE50+AF48 -> 56282.119 | AG50: =AF50+AG48 -> 78717.878 | AH50: =AB50+AH48 -> 78717.878 | AI50: =AH50+AI48 -> 152966.2 | AJ50: =AI50+AJ48 -> 150382.54 | AK50: =AJ50+AK48 -> 191020.41 | AL50: =AK50+AL48 -> -74269.945 | AM50: =AL50+AM48 -> -84206.622 | AN50: =AH50+AN48 -> -84252.917 | AO50: =AN50+AO48 -> -117316.93 | AP50: =AO50+AP48 -> -98055.866 | AQ50: =AP50+AQ48 -> 35129.093 | AR50: =AQ50+AR48 -> -55537.282 | AS50: =AR50+AS48 -> 120857.59 | AT50: =AN50+AT48 -> 120857.59 | AU50: =AT50+AU48 -> -152307.82 | AV50: =AU50+AV48 -> -83330.157 | AW50: =AV50+AW48 -> -11065.428 | AX50: =AW50+AX48 -> 6418.553 | AY50: =AX50+AY48 -> 84305.508 | AZ50: =AT50+AZ48 -> 84305.508 | BA50: =AB50+BA48 -> 84305.508 | BB50: =BA50+BB48 -> -163436.49 | BC50: =BB50+BC48 -> -142489.02 | BD50: =BC50+BD48 -> -185973.99 | BE50: =BD50+BE48 -> -166179 | BF50: =BE50+BF48 -> -146656.53 | BG50: =BA50+BG48 -> -146656.53 | BH50: =BG50+BH48 -> -275425.83 | BI50: =BH50+BI48 -> -118136.98 | BJ50: =BI50+BJ48 -> 61700.556 | BK50: =BJ50+BK48 -> 111676.49 | BL50: =BK50+BL48 -> -117329.24 | BM50: =BG50+BM48 -> -117329.24 | BN50: =BM50+BN48 -> -166503.54 | BO50: =BN50+BO48 -> -236164.38 | BP50: =BO50+BP48 -> -68547.726 | BQ50: =BP50+BQ48 -> -52255.427 | BR50: =BM50+BR48 -> -52255.427 | BS50: =BR50+BS48 -> -221045.32 | BT50: =BS50+BT48 -> -241470.03 | BU50: =BT50+BU48 -> -51119.944 | BV50: =BU50+BV48 -> -203099.31 | BW50: =BV50+BW48 -> -204204.6 | BX50: =BR50+BX48 -> -204204.6 | BY50: =BX50+BY48 -> -145677.77 | BZ50: =BY50+BZ48 -> -418004.8 | CA50: =BX50+CA48 -> -418004.8 | CB50: =BA50+CB48 -> -418004.8 | CC50: =CB50+CC48 -> -344191.45 | CD50: =CC50+CD48 -> -306799.54 | CE50: =CD50+CE48 -> -288344.47 | CF50: =CB50+CF48 -> -288344.47 | CG50: =CF50+CG48 -> -248007.92 | CH50: =CG50+CH48 -> -256078.5 | CI50: =CH50+CI48 -> -190699.29 | CJ50: =CI50+CJ48 -> -166138.54 | CK50: =CF50+CK48 -> -166138.54 | CL50: =CK50+CL48 -> -125169.68 | CM50: =CL50+CM48 -> -65710.541 | CN50: =CM50+CN48 -> -260551.66 | CO50: =CN50+CO48 -> -283359.64 | CP50: =CO50+CP48 -> -221991.71 | CQ50: =CK50+CQ48 -> -221991.71 | CR50: =CQ50+CR48 -> -205183.36 | CS50: =CR50+CS48 -> -304570.5 | CT50: =CS50+CT48 -> -185854.97 | CU50: =CT50+CU48 -> -170150.66 | CV50: =CU50+CV48 -> -281842.07 | CW50: =CQ50+CW48 -> -281842.07 | CX50: =CW50+CX48 -> -277964.24 | CY50: =CX50+CY48 -> -162295.83 | CZ50: =CY50+CZ48 -> -125429.39 | DA50: =CZ50+DA48 -> -392107.79 | DB50: =CW50+DB48 -> -392107.79 | DC50: =CB50+DC48 -> -392107.79 | DD50: =DC50+DD48 -> -399480.27 | DE50: =DD50+DE48 -> -195831.26 | DF50: =DE50+DF48 -> -216413.82 | DG50: =DF50+DG48 -> -263544.88 | DH50: =DG50+DH48 -> -220627.26 | DI50: =DC50+DI48 -> -220627.26 | DJ50: =DI50+DJ48 -> -236264.21 | DK50: =DJ50+DK48 -> -218400.31 | DL50: =DK50+DL48 -> -157488.91 | DM50: =DL50+DM48 -> -142666.15 | DN50: =DM50+DN48 -> -177800.98 | DO50: =DI50+DO48 -> -177800.98 | DP50: =DO50+DP48 -> -182261.67 | DQ50: =DP50+DQ48 -> -78783.253 | DR50: =DQ50+DR48 -> -368959.07 | DS50: =DR50+DS48 -> -349608.5 | DT50: =DS50+DT48 -> -300718.05 | DU50: =DO50+DU48 -> -300718.05 | DV50: =DU50+DV48 -> -268743.82 | DW50: =DV50+DW48 -> -244133.66 | DX50: =DW50+DX48 -> -249817.35 | DY50: =DX50+DY48 -> -227388.75 | DZ50: =DY50+DZ48 -> -197273.55 | EA50: =DU50+EA48 -> -197273.55 | EB50: =DC50+EB48 -> -197273.55 | EC50: =EB50+EC48 -> -271680 | ED50: =EC50+ED48 -> -169046.22 | EE50: =ED50+EE48 -> -204337.81 | EF50: =EE50+EF48 -> -210999.16 | EG50: =EF50+EG48 -> -185792.34 | EH50: =EB50+EH48 -> -185792.34 | EI50: =EH50+EI48 -> -68775.816 | EJ50: =EI50+EJ48 -> -181006.28 | EK50: =EJ50+EK48 -> -179081.33 | EL50: =EK50+EL48 -> -220701.39 | EM50: =EL50+EM48 -> -163413.21 | EN50: =EH50+EN48 -> -163413.21 | EO50: =EN50+EO48 -> -266086.17 | EP50: =EO50+EP48 -> -277229.63 | EQ50: =EP50+EQ48 -> -161452.05 | ER50: =EQ50+ER48 -> -202209.3 | ES50: =ER50+ES48 -> -188611.18 | ET50: =EN50+ET48 -> -188611.18 | EU50: =ET50+EU48 -> -198101.66 | EV50: =EU50+EV48 -> -174939.2 | EW50: =EV50+EW48 -> -105286.77 | EX50: =EW50+EX48 -> -105892.62 | EY50: =EX50+EY48 -> -187101.37 | EZ50: =EY50+EZ48 -> -201830.48 | FA50: =EZ50+FA48 -> -248004.35 | FB50: =ET50+FB48 -> -248004.35 | FC50: =EB50+FC48 -> -248004.35 | FD50: =FC50+FD48 -> -357392.13 | FE50: =FD50+FE48 -> -374217.27 | FF50: =FE50+FF48 -> -194505.91 | FG50: =FC50+FG48 -> -194505.91 | FH50: =FG50+FH48 -> -341312.39 | FI50: =FH50+FI48 -> -226717.56 | FJ50: =FI50+FJ48 -> -192020.21 | FK50: =FJ50+FK48 -> -183345.67 | FL50: =FK50+FL48 -> -202988.15 | FM50: =FG50+FM48 -> -202988.15 | FN50: =FM50+FN48 -> -191045 | FO50: =FN50+FO48 -> -143770.99 | FP50: =FO50+FP48 -> -244707.87 | FQ50: =FP50+FQ48 -> -257139.41 | FR50: =FM50+FR48 -> -257139.41 | FS50: =FR50+FS48 -> -156530.99 | FT50: =FS50+FT48 -> -146866.56 | FU50: =FT50+FU48 -> -139096.86 | FV50: =FU50+FV48 -> -266675.51 | FW50: =FV50+FW48 -> -254349.53 | FX50: =FR50+FX48 -> -258001.47 | FY50: =FX50+FY48 -> -233120.38 | FZ50: =FY50+FZ48 -> -214796.06 | GA50: =FZ50+GA48 -> -172523.1 | GB50: =GA50+GB48 -> -225806.37 | GC50: =GB50+GC48 -> -371273.78 | GD50: =FX50+GD48 -> -371273.78 | GE50: =FC50+GE48 -> -371273.78 | GF50: =GE50+GF48 -> -348383.21 | GG50: =GF50+GG48 -> -266288.56 | GH50: =GG50+GH48 -> -111426.54 | GI50: =GH50+GI48 -> -96627.073 | GJ50: =GI50+GJ48 -> -179484.6 | GK50: =GE50+GK48 -> -179484.6 | GL50: =GK50+GL48 -> -91517.827 | GM50: =GL50+GM48 -> -232017.94 | GN50: =GM50+GN48 -> -192285.12 | GO50: =GN50+GO48 -> -111241.26 | GP50: =GK50+GP48 -> -111241.26 | GQ50: =GP50+GQ48 -> -440510.47 | GR50: =GQ50+GR48 -> -481605.35 | GS50: =GR50+GS48 -> -343837.38 | GT50: =GS50+GT48 -> -308271.37 | GU50: =GT50+GU48 -> -259856.89 | GV50: =GP50+GV48 -> -259856.89 | GW50: =GV50+GW48 -> -209626.88 | GX50: =GW50+GX48 -> -201257.03 | GY50: =GX50+GY48 -> -167731.78 | GZ50: =GY50+GZ48 -> -96935.004 | HA50: =GZ50+HA48 -> -53176.319 | HB50: =HA50+HB48 -> -238036.01 | HC50: =GV50+HC48 -> -238036.01 | HD50: =GE50+HD48 -> -238036.01 | HE50: =HD50+HE48 -> -346330.88 | HF50: =HE50+HF48 -> -177798.7 | HG50: =HF50+HG48 -> -139650.34 | HH50: =HG50+HH48 -> -237598.28 | HI50: =HD50+HI48 -> -237598.28 | HJ50: =HI50+HJ48 -> -173603.53 | HK50: =HJ50+HK48 -> -250175.85 | HL50: =HK50+HL48 -> -186554.25 | HM50: =HL50+HM48 -> -82662.754 | HN50: =HM50+HN48 -> -59042.816 | HO50: =HI50+HO48 -> -59042.816 | HP50: =HO50+HP48 -> -9831.68 | HQ50: =HP50+HQ48 -> -80505.482 | HR50: =HQ50+HR48 -> -358483.96 | HS50: =HR50+HS48 -> -253533.78 | HT50: =HS50+HT48 -> -228583.39 | HU50: =HO50+HU48 -> -228583.39 | HV50: =HU50+HV48 -> -159930.11 | HW50: =HV50+HW48 -> -131993.3 | HX50: =HW50+HX48 -> -75195.475 | HY50: =HU50+HY48 -> -75195.475 | HZ50: =HY50+HZ48 -> -194559.38 | IA50: =HZ50+IA48 -> -189584.5 | IB50: =IA50+IB48 -> -365542.88 | IC50: =HY50+IC48 -> -365542.88 | ID50: =HD50+ID48 -> -365542.88 | IE50: =ID50+IE48 -> -427906.59 | IF50: =IE50+IF48 -> -247928.07 | IG50: =ID50+IG48 -> -247928.07 | IH50: =IG50+IH48 -> -216416.17 | II50: =IH50+II48 -> -207353.1 | IJ50: =II50+IJ48 -> -177128.9 | IK50: =IJ50+IK48 -> -128232.31 | IL50: =IK50+IL48 -> -17504.318 | IM50: =IG50+IM48 -> -17504.318 | IN50: =IM50+IN48 -> -467326.39 | IO50: =IN50+IO48 -> -407167.99 | IP50: =IO50+IP48 -> -313395.89 | IQ50: =IM50+IQ48 -> -313395.89 | IR50: =IQ50+IR48 -> -248330.7 | IS50: =IR50+IS48 -> -166428.8 | IT50: =IS50+IT48 -> -189773.17 | IU50: =IT50+IU48 -> -329783.4 | IV50: =IU50+IV48 -> -292121.7 | IW50: =IQ50+IW48 -> -292121.7 | IX50: =IW50+IX48 -> -273711.68 | IY50: =IX50+IY48 -> -130219.49 | IZ50: =IY50+IZ48 -> -76279.072 | JA50: =IZ50+JA48 -> -45734.301 | JB50: =JA50+JB48 -> -353647.11 | JC50: =IW50+JC48 -> -353647.11 | JD50: =ID50+JD48 -> -353647.11 | JE50: =JD50+JE48 -> -391663.09 | JF50: =JE50+JF48 -> -180721.71 | JG50: =JF50+JG48 -> -175194.51 | JH50: =JG50+JH48 -> -119888.95 | JI50: =JH50+JI48 -> -97430.545 | JJ50: =+JD50+JJ48 -> -97430.545 | JK50: =JJ50+JK48 -> -97430.545 | JL50: =JK50+JL48 -> -97430.545 | JM50: =JL50+JM48 -> -97430.545 | JN50: =JM50+JN48 -> -97430.545 | JO50: =JN50+JO48 -> -97430.545 | JP50: =+JJ50+JP48 -> -97430.545 | JQ50: =JP50+JQ48 -> -97430.545 | JR50: =JQ50+JR48 -> -97430.545 | JS50: =JR50+JS48 -> -97430.545 | JT50: =JS50+JT48 -> -97430.545 | JU50: =JT50+JU48 -> -97430.545 | JV50: =+JP50+JV48 -> -97430.545 | JW50: =JV50+JW48 -> -97430.545 | JX50: =JW50+JX48 -> -97430.545 | JY50: =JX50+JY48 -> -97430.545 | JZ50: =JY50+JZ48 -> -97430.545 | KA50: =JZ50+KA48 -> -97430.545 | KB50: =KA50+KB48 -> -97430.545 | KC50: =+JV50+KC48 -> -97430.545 | KD50: =+JD50+KD48 -> -97430.545 | KE50: =KD50+KE48 -> -97430.545 | KF50: =KE50+KF48 -> -97430.545 | KG50: =KF50+KG48 -> -97430.545 | KH50: =KG50+KH48 -> -97430.545 | KI50: =KH50+KI48 -> -97430.545 | KJ50: =KD50+KJ48 -> -97430.545 | KK50: =KJ50+KK48 -> -97430.545 | KL50: =KK50+KL48 -> -97430.545 | KM50: =KL50+KM48 -> -97430.545 | KN50: =KM50+KN48 -> -97430.545 | KO50: =KN50+KO48 -> -97430.545 | KP50: =KJ50+KP48 -> -97430.545 | KQ50: =KP50+KQ48 -> -97430.545 | KR50: =KQ50+KR48 -> -97430.545 | KS50: =KR50+KS48 -> -97430.545 | KT50: =KS50+KT48 -> -97430.545 | KU50: =KT50+KU48 -> -97430.545 | KV50: =KP50+KV48 -> -97430.545 | KW50: =KV50+KW48 -> -97430.545 | KX50: =KW50+KX48 -> -97430.545 | KY50: =KX50+KY48 -> -97430.545 | KZ50: =KY50+KZ48 -> -97430.545 | LA50: =KZ50+LA48 -> -97430.545 | LB50: =KV50+LB48 -> -97430.545 | LC50: =LB50+LC48 -> -97430.545 | LD50: =LC50+LD48 -> -97430.545 | LE50: =LD50+LE48 -> -97430.545 | LF50: =LB50+LF48 -> -97430.545 | LG50: =KD50+LG48 -> -98591.545
B52: S N A
B53: Dépense | C53: =SUM(C54:C96) -> 8142.982 | D53: =SUM(D54:D96) -> 8142.982 | E53: =SUM(E54:E96) -> 5753.188 | F53: =SUM(F54:F96) -> 52372.651 | G53: =SUM(G54:G96) -> 133919.91 | H53: =SUM(H54:H96) -> 17672.519 | I53: =SUM(I54:I96) -> 86236.191 | J53: =SUM(J54:J96) -> 295954.46 | ... AZ53: =SUM(AZ54:AZ96) -> 84763.92 | BA53: =SUM(BA54:BA97) -> 1352772.9 | BB53: =SUM(BB54:BB97) -> 735449.82 | BC53: =SUM(BC54:BC97) -> 662543.2 | BD53: =SUM(BD54:BD97) -> 97602.016 | BE53: =SUM(BE54:BE97) -> 1559.311 | BF53: =SUM(BF54:BF97) -> 4873.494 | BG53: =SUM(BG54:BG97) -> 1502027.8 | BH53: =SUM(BH54:BH97) -> 13693.649 | ... JZ53: =SUM(JZ54:JZ97) -> 0 | KB53: =SUM(KB54:KB97) -> 0 | KC53: =SUM(KC54:KC97) -> 0 | KD53: =SUM(KD54:KD97) -> 1690343.2 | KE53: =SUM(KE54:KE97) -> 0 | KF53: =SUM(KF54:KF97) -> 0 | KG53: =SUM(KG54:KG97) -> 0 | KH53: =SUM(KH54:KH97) -> 0 | KI53: =SUM(KI54:KI97) -> 0 | ... LG53: =SUM(LG54:LG97) -> 651401.14
B54: Achat Matière 1èr import | D54: =SUM(C54:C54) -> 0 | J54: =SUM(E54:I54) -> 0 | O54: =SUM(K54:N54) -> 0 | U54: =SUM(P54:T54) -> 0 | AA54: =SUM(V54:Z54) -> 0 | AB54: =AA54+U54+O54+J54+D54 -> 0 | AH54: =SUM(AC54:AG54) -> 0 | AN54: =SUM(AI54:AM54) -> 0 | AT54: =SUM(AO54:AS54) -> 0 | AZ54: =SUM(AU54:AY54) -> 0 | BA54: =AZ54+AT54+AN54+AH54 -> 0 | BG54: =SUM(BB54:BF54) -> 0 | BM54: =SUM(BH54:BL54) -> 0 | BR54: =SUM(BN54:BQ54) -> 0 | BX54: =SUM(BS54:BW54) -> 0 | CA54: =SUM(BY54:BZ54) -> 0 | CB54: =CA54+BX54+BR54+BM54+BG54 -> 0 | CF54: =SUM(CC54:CE54) -> 0 | CK54: =SUM(CG54:CJ54) -> 0 | CQ54: =SUM(CL54:CP54) -> 0 | CW54: =SUM(CR54:CV54) -> 0 | DB54: =SUM(CX54:DA54) -> 0 | DC54: =DB54+CW54+CQ54+CK54+CF54 -> 0 | DI54: =SUM(DD54:DH54) -> 0 | DO54: =SUM(DJ54:DN54) -> 0 | DS54: 5568.868 | DU54: =SUM(DP54:DT54) -> 5568.868 | EA54: =SUM(DV54:DZ54) -> 0 | EB54: =EA54+DU54+DO54+DI54 -> 5568.868 | EH54: =SUM(EC54:EG54) -> 0 | EN54: =SUM(EI54:EM54) -> 0 | ET54: =SUM(EO54:ES54) -> 0 | FB54: =SUM(EU54:FA54) -> 0 | FC54: =ET54+FB54+EN54+EH54 -> 0 | FG54: =SUM(FD54:FF54) -> 0 | FM54: =SUM(FH54:FL54) -> 0 | FR54: =SUM(FN54:FQ54) -> 0 | FX54: =SUM(FS54:FW54) -> 0 | GD54: =SUM(FY54:GC54) -> 0 | GE54: =FG54+FM54+FR54+FX54+GD54 -> 0 | GG54: 2858.42 | GK54: =SUM(GF54:GJ54) -> 2858.42 | GP54: =SUM(GL54:GO54) -> 0 | GV54: =SUM(GQ54:GU54) -> 0 | HC54: =SUM(GW54:HB54) -> 0 | HD54: =GK54+GP54+GV54+HC54 -> 2858.42 | HI54: =SUM(HE54:HH54) -> 0 | HO54: =SUM(HJ54:HN54) -> 0 | HU54: =SUM(HP54:HT54) -> 0 | HY54: =SUM(HV54:HX54) -> 0 | IC54: =SUM(HZ54:IB54) -> 0 | ID54: =IC54+HY54+HU54+HO54+HI54 -> 0 | IG54: =SUM(IE54:IF54) -> 0 | IM54: =SUM(IH54:IL54) -> 0 | IP54: 49703.145 | IQ54: =SUM(IN54:IP54) -> 49703.145 | IW54: =SUM(IR54:IV54) -> 0 | JC54: =SUM(IX54:JB54) -> 0 | JD54: =IG54+IM54+IQ54+IW54+JC54 -> 49703.145 | JJ54: =SUM(JE54:JI54) -> 0 | JP54: =SUM(JK54:JO54) -> 0 | JV54: =SUM(JQ54:JU54) -> 0 | KC54: =SUM(JW54:KB54) -> 0 | KD54: =JJ54+JP54+JV54+KC54 -> 0 | KJ54: =SUM(KE54:KI54) -> 0 | KP54: =SUM(KK54:KO54) -> 0 | KV54: =SUM(KQ54:KU54) -> 0 | LB54: =SUM(KW54:LA54) -> 0 | LF54: =SUM(LC54:LE54) -> 0 | LG54: =LF54+LB54+KV54+KP54+KJ54 -> 0
B55: Achat Plomb | D55: =SUM(C55:C55) -> 0 | G55: =431632.649-437500 -> -5867.351 | J55: =SUM(E55:I55) -> -5867.351 | O55: =SUM(K55:N55) -> 0 | U55: =SUM(P55:T55) -> 0 | AA55: =SUM(V55:Z55) -> 0 | AB55: =AA55+U55+O55+J55+D55 -> -5867.351 | AH55: =SUM(AC55:AG55) -> 0 | AN55: =SUM(AI55:AM55) -> 0 | AT55: =SUM(AO55:AS55) -> 0 | AZ55: =SUM(AU55:AY55) -> 0 | BA55: =AZ55+AT55+AN55+AH55 -> 0 | BG55: =SUM(BB55:BF55) -> 0 | BM55: =SUM(BH55:BL55) -> 0 | BR55: =SUM(BN55:BQ55) -> 0 | BX55: =SUM(BS55:BW55) -> 0 | CA55: =SUM(BY55:BZ55) -> 0 | CB55: =CA55+BX55+BR55+BM55+BG55 -> 0 | CF55: =SUM(CC55:CE55) -> 0 | CK55: =SUM(CG55:CJ55) -> 0 | CQ55: =SUM(CL55:CP55) -> 0 | CW55: =SUM(CR55:CV55) -> 0 | DB55: =SUM(CX55:DA55) -> 0 | DC55: =DB55+CW55+CQ55+CK55+CF55 -> 0 | DI55: =SUM(DD55:DH55) -> 0 | DO55: =SUM(DJ55:DN55) -> 0 | DU55: =SUM(DP55:DT55) -> 0 | EA55: =SUM(DV55:DZ55) -> 0 | EB55: =EA55+DU55+DO55+DI55 -> 0 | EH55: =SUM(EC55:EG55) -> 0 | EN55: =SUM(EI55:EM55) -> 0 | ET55: =SUM(EO55:ES55) -> 0 | FB55: =SUM(EU55:FA55) -> 0 | FC55: =ET55+FB55+EN55+EH55 -> 0 | FG55: =SUM(FD55:FF55) -> 0 | FM55: =SUM(FH55:FL55) -> 0 | FR55: =SUM(FN55:FQ55) -> 0 | FX55: =SUM(FS55:FW55) -> 0 | GD55: =SUM(FY55:GC55) -> 0 | GE55: =FG55+FM55+FR55+FX55+GD55 -> 0 | GK55: =SUM(GF55:GJ55) -> 0 | GP55: =SUM(GL55:GO55) -> 0 | GT55: 289840.56 | GV55: =SUM(GQ55:GU55) -> 289840.56 | HC55: =SUM(GW55:HB55) -> 0 | HD55: =GK55+GP55+GV55+HC55 -> 289840.56 | HE55: 860595.22 | HI55: =SUM(HE55:HH55) -> 860595.22 | HO55: =SUM(HJ55:HN55) -> 0 | HU55: =SUM(HP55:HT55) -> 0 | HY55: =SUM(HV55:HX55) -> 0 | IC55: =SUM(HZ55:IB55) -> 0 | ID55: =IC55+HY55+HU55+HO55+HI55 -> 860595.22 | IG55: =SUM(IE55:IF55) -> 0 | IM55: =SUM(IH55:IL55) -> 0 | IQ55: =SUM(IN55:IP55) -> 0 | IW55: =SUM(IR55:IV55) -> 0 | JC55: =SUM(IX55:JB55) -> 0 | JD55: =IG55+IM55+IQ55+IW55+JC55 -> 0 | JJ55: =SUM(JE55:JI55) -> 0 | JP55: =SUM(JK55:JO55) -> 0 | JV55: =SUM(JQ55:JU55) -> 0 | KC55: =SUM(JW55:KB55) -> 0 | KD55: =JJ55+JP55+JV55+KC55 -> 0 | KJ55: =SUM(KE55:KI55) -> 0 | KP55: =SUM(KK55:KO55) -> 0 | KV55: =SUM(KQ55:KU55) -> 0 | LB55: =SUM(KW55:LA55) -> 0 | LF55: =SUM(LC55:LE55) -> 0 | LG55: =LF55+LB55+KV55+KP55+KJ55 -> 0
B56: Achat Plomb LOCAL | D56: =SUM(C56:C56) -> 0 | G56: 133037.35 | J56: =SUM(E56:I56) -> 133037.35 | O56: =SUM(K56:N56) -> 0 | U56: =SUM(P56:T56) -> 0 | AA56: =SUM(V56:Z56) -> 0 | AB56: =AA56+U56+O56+J56+D56 -> 133037.35 | AH56: =SUM(AC56:AG56) -> 0 | AI56: =118354.5+119050.5 -> 237405 | AL56: 115500.08 | AN56: =SUM(AI56:AM56) -> 352905.08 | AS56: =119607.66+120512.72 -> 240120.38 | AT56: =SUM(AO56:AS56) -> 240120.38 | AZ56: =SUM(AU56:AY56) -> 0 | BA56: =AZ56+AT56+AN56+AH56 -> 593025.46 | BC56: 122949.42 | BG56: =SUM(BB56:BF56) -> 122949.42 | BI56: 110835.54 | BM56: =SUM(BH56:BL56) -> 110835.54 | BN56: 98582.42 | BP56: 95449.52 | BR56: =SUM(BN56:BQ56) -> 194031.94 | BS56: =37780.324+97677.36 -> 135457.68 | BV56: 133595.38 | BX56: =SUM(BS56:BW56) -> 269053.06 | CA56: =SUM(BY56:BZ56) -> 0 | CB56: =CA56+BX56+BR56+BM56+BG56 -> 696869.96 | CD56: 101780.22 | CE56: 117399.88 | CF56: =SUM(CC56:CE56) -> 219180.1 | CJ56: 153749.78 | CK56: =SUM(CG56:CJ56) -> 153749.78 | CN56: 145472.08 | CQ56: =SUM(CL56:CP56) -> 145472.08 | CS56: 126109.46 | CV56: =65862.2+72268.42 -> 138130.62 | CW56: =SUM(CR56:CV56) -> 264240.08 | DB56: =SUM(CX56:DA56) -> 0 | DC56: =DB56+CW56+CQ56+CK56+CF56 -> 782642.04 | DD56: 129564.5 | DE56: 132947.56 | DH56: 111857.42 | DI56: =SUM(DD56:DH56) -> 374369.48 | DJ56: 127980.95 | DK56: 99476.86 | DN56: 99404.88 | DO56: =SUM(DJ56:DN56) -> 326862.69 | DS56: =57762.68+93743.24 -> 151505.92 | DU56: =SUM(DP56:DT56) -> 151505.92 | DV56: 132771.74 | DW56: 103258.76 | EA56: =SUM(DV56:DZ56) -> 236030.5 | EB56: =EA56+DU56+DO56+DI56 -> 1088768.6 | ED56: 136842.5 | EE56: 129798.14 | EH56: =SUM(EC56:EG56) -> 266640.64 | EJ56: 144889.16 | EL56: 130541.54 | EN56: =SUM(EI56:EM56) -> 275430.7 | EO56: 144814.82 | ES56: 115896.56 | ET56: =SUM(EO56:ES56) -> 260711.38 | EW56: 115970.9 | EZ56: 117680.72 | FB56: =SUM(EU56:FA56) -> 233651.62 | FC56: =ET56+FB56+EN56+EH56 -> 1036434.3 | FE56: 161838.68 | FG56: =SUM(FD56:FF56) -> 161838.68 | FH56: 133961.18 | FM56: =SUM(FH56:FL56) -> 133961.18 | FP56: 115822.22 | FR56: =SUM(FN56:FQ56) -> 115822.22 | FW56: 111436.16 | FX56: =SUM(FS56:FW56) -> 111436.16 | FZ56: 146227.28 | GC56: =112030.88+151579.76+205603.7+115078.82+149572.58 -> 733865.74 | GD56: =SUM(FY56:GC56) -> 880093.02 | GE56: =FG56+FM56+FR56+FX56+GD56 -> 1403151.3 | GH56: =145929.92+110990.12 -> 256920.04 | GK56: =SUM(GF56:GJ56) -> 256920.04 | GN56: =141395.18+103927.82 -> 245323 | GO56: =140505.46+125709.44 -> 266214.9 | GP56: =SUM(GL56:GO56) -> 511537.9 | GV56: =SUM(GQ56:GU56) -> 0 | GX56: 140505.46 | HC56: =SUM(GW56:HB56) -> 140505.46 | HD56: =GK56+GP56+GV56+HC56 -> 908963.4 | HH56: 135451.28 | HI56: =SUM(HE56:HH56) -> 135451.28 | HK56: 133285.75 | HN56: =125677.58+132443.7 -> 258121.28 | HO56: =SUM(HJ56:HN56) -> 391407.03 | HR56: =139921.068+139572.188+138524.948+78429.2 -> 496447.4 | HU56: =SUM(HP56:HT56) -> 496447.4 | HY56: =SUM(HV56:HX56) -> 0 | IC56: =SUM(HZ56:IB56) -> 0 | ID56: =IC56+HY56+HU56+HO56+HI56 -> 1023305.7 | IG56: =SUM(IE56:IF56) -> 0 | II56: =139293.364+136358.412 -> 275651.78 | IM56: =SUM(IH56:IL56) -> 275651.78 | IQ56: =SUM(IN56:IP56) -> 0 | IU56: =142576.596+135870.42 -> 278447.02 | IW56: =SUM(IR56:IV56) -> 278447.02 | JC56: =SUM(IX56:JB56) -> 0 | JD56: =IG56+IM56+IQ56+IW56+JC56 -> 554098.79 | JE56: =134124.02+113440.98 -> 247565 | JJ56: =SUM(JE56:JI56) -> 247565 | JP56: =SUM(JK56:JO56) -> 0 | JV56: =SUM(JQ56:JU56) -> 0 | KC56: =SUM(JW56:KB56) -> 0 | KD56: 750000 | KJ56: =SUM(KE56:KI56) -> 0 | KP56: =SUM(KK56:KO56) -> 0 | KV56: =SUM(KQ56:KU56) -> 0 | LB56: =SUM(KW56:LA56) -> 0 | LF56: =SUM(LC56:LE56) -> 0 | LG56: =LF56+LB56+KV56+KP56+KJ56 -> 0
B57: Autre achat import | D57: =SUM(C57:C57) -> 0 | J57: =SUM(E57:I57) -> 0 | O57: =SUM(K57:N57) -> 0 | U57: =SUM(P57:T57) -> 0 | AA57: =SUM(V57:Z57) -> 0 | AB57: =AA57+U57+O57+J57+D57 -> 0 | AH57: =SUM(AC57:AG57) -> 0 | AN57: =SUM(AI57:AM57) -> 0 | AT57: =SUM(AO57:AS57) -> 0 | AZ57: =SUM(AU57:AY57) -> 0 | BA57: =AZ57+AT57+AN57+AH57 -> 0 | BG57: =SUM(BB57:BF57) -> 0 | BM57: =SUM(BH57:BL57) -> 0 | BR57: =SUM(BN57:BQ57) -> 0 | BX57: =SUM(BS57:BW57) -> 0 | CA57: =SUM(BY57:BZ57) -> 0 | CB57: =CA57+BX57+BR57+BM57+BG57 -> 0 | CF57: =SUM(CC57:CE57) -> 0 | CK57: =SUM(CG57:CJ57) -> 0 | CQ57: =SUM(CL57:CP57) -> 0 | CW57: =SUM(CR57:CV57) -> 0 | DB57: =SUM(CX57:DA57) -> 0 | DC57: =DB57+CW57+CQ57+CK57+CF57 -> 0 | DI57: =SUM(DD57:DH57) -> 0 | DO57: =SUM(DJ57:DN57) -> 0 | DU57: =SUM(DP57:DT57) -> 0 | EA57: =SUM(DV57:DZ57) -> 0 | EB57: =EA57+DU57+DO57+DI57 -> 0 | EH57: =SUM(EC57:EG57) -> 0 | EN57: =SUM(EI57:EM57) -> 0 | ET57: =SUM(EO57:ES57) -> 0 | FB57: =SUM(EU57:FA57) -> 0 | FC57: =ET57+FB57+EN57+EH57 -> 0 | FG57: =SUM(FD57:FF57) -> 0 | FM57: =SUM(FH57:FL57) -> 0 | FR57: =SUM(FN57:FQ57) -> 0 | FX57: =SUM(FS57:FW57) -> 0 | GD57: =SUM(FY57:GC57) -> 0 | GE57: =FG57+FM57+FR57+FX57+GD57 -> 0 | GK57: =SUM(GF57:GJ57) -> 0 | GP57: =SUM(GL57:GO57) -> 0 | GV57: =SUM(GQ57:GU57) -> 0 | HC57: =SUM(GW57:HB57) -> 0 | HD57: =GK57+GP57+GV57+HC57 -> 0 | HI57: =SUM(HE57:HH57) -> 0 | HO57: =SUM(HJ57:HN57) -> 0 | HU57: =SUM(HP57:HT57) -> 0 | HY57: =SUM(HV57:HX57) -> 0 | IC57: =SUM(HZ57:IB57) -> 0 | ID57: =IC57+HY57+HU57+HO57+HI57 -> 0 | IG57: =SUM(IE57:IF57) -> 0 | IM57: =SUM(IH57:IL57) -> 0 | IQ57: =SUM(IN57:IP57) -> 0 | IW57: =SUM(IR57:IV57) -> 0 | JC57: =SUM(IX57:JB57) -> 0 | JD57: =IG57+IM57+IQ57+IW57+JC57 -> 0 | JJ57: =SUM(JE57:JI57) -> 0 | JP57: =SUM(JK57:JO57) -> 0 | JV57: =SUM(JQ57:JU57) -> 0 | KC57: =SUM(JW57:KB57) -> 0 | KD57: =JJ57+JP57+JV57+KC57 -> 0 | KJ57: =SUM(KE57:KI57) -> 0 | KP57: =SUM(KK57:KO57) -> 0 | KV57: =SUM(KQ57:KU57) -> 0 | LB57: =SUM(KW57:LA57) -> 0 | LF57: =SUM(LC57:LE57) -> 0 | LG57: =LF57+LB57+KV57+KP57+KJ57 -> 0
B58: Achat Matière 1èr LOCAL | D58: =SUM(C58:C58) -> 0 | E58: 489.428 | I58: 4668.697 | J58: =SUM(E58:I58) -> 5158.125 | K58: =7811.858+7917.214+3001.029 -> 18730.101 | O58: =SUM(K58:N58) -> 18730.101 | P58: 7811.858 | Q58: 13087.875 | S58: =570.94+7879.508 -> 8450.448 | U58: =SUM(P58:T58) -> 29350.181 | Y58: 7661.35 | AA58: =SUM(V58:Z58) -> 7661.35 | AB58: =AA58+U58+O58+J58+D58 -> 60899.757 | AC58: =715.58+524.792 -> 1240.372 | AG58: 6737.832 | AH58: =SUM(AC58:AG58) -> 7978.204 | AJ58: 12461.687 | AL58: =7382.91+478.79 -> 7861.7 | AN58: =SUM(AI58:AM58) -> 20323.387 | AO58: =17972.385+4587.272 -> 22559.657 | AT58: =SUM(AO58:AS58) -> 22559.657 | AU58: =81.92+8015.044+244.76 -> 8341.724 | AW58: 472.4 | AY58: 672.5 | AZ58: =SUM(AU58:AY58) -> 9486.624 | BA58: =AZ58+AT58+AN58+AH58 -> 60347.872 | BB58: =7646.299+1974.777 -> 9621.076 | BC58: 9816.998 | BF58: 2140.873 | BG58: =SUM(BB58:BF58) -> 21578.947 | BM58: =SUM(BH58:BL58) -> 0 | BQ58: 7548.469 | BR58: =SUM(BN58:BQ58) -> 7548.469 | BW58: 435 | BX58: =SUM(BS58:BW58) -> 435 | BY58: 7480.741 | CA58: =SUM(BY58:BZ58) -> 7480.741 | CB58: =CA58+BX58+BR58+BM58+BG58 -> 37043.157 | CF58: =SUM(CC58:CE58) -> 0 | CG58: =7676.401+4031.525 -> 11707.926 | CH58: =4555.996+363.48 -> 4919.476 | CK58: =SUM(CG58:CJ58) -> 16627.402 | CL58: 7563.52 | CP58: =763.252+3208.61 -> 3971.862 | CQ58: =SUM(CL58:CP58) -> 11535.382 | CR58: =6939.895 -> 6939.895 | CW58: =SUM(CR58:CV58) -> 6939.895 | DB58: =SUM(CX58:DA58) -> 0 | DC58: =DB58+CW58+CQ58+CK58+CF58 -> 35102.679 | DD58: 8316.06 | DG58: 2466.676 | DI58: =SUM(DD58:DH58) -> 10782.736 | DJ58: 3587.758 | DO58: =SUM(DJ58:DN58) -> 3587.758 | DP58: 7796.807 | DU58: =SUM(DP58:DT58) -> 7796.807 | DV58: 6392.04 | DW58: 4908.717 | EA58: =SUM(DV58:DZ58) -> 11300.757 | EB58: =EA58+DU58+DO58+DI58 -> 33468.058 | EF58: 7518.368 | EH58: =SUM(EC58:EG58) -> 7518.368 | EN58: =SUM(EI58:EM58) -> 0 | ET58: =SUM(EO58:ES58) -> 0 | EU58: 2206.238 | EV58: 7601.147 | EY58: 7924.739 | FB58: =SUM(EU58:FA58) -> 17732.124 | FC58: =ET58+FB58+EN58+EH58 -> 25250.492 | FF58: 620.397 | FG58: =SUM(FD58:FF58) -> 620.397 | FL58: 12209.189 | FM58: =SUM(FH58:FL58) -> 12209.189 | FN58: 7789.282 | FO58: 1734.343 | FR58: =SUM(FN58:FQ58) -> 9523.625 | FS58: =2268.689+5903.293 -> 8171.982 | FX58: =SUM(FS58:FW58) -> 8171.982 | FZ58: =7744.13+326.18 -> 8070.31 | GD58: =SUM(FY58:GC58) -> 8070.31 | GE58: =FG58+FM58+FR58+FX58+GD58 -> 38595.503 | GH58: 1480.509 | GK58: =SUM(GF58:GJ58) -> 1480.509 | GL58: 6833.29 | GP58: =SUM(GL58:GO58) -> 6833.29 | GQ58: 8203.179 | GU58: 4202.181 | GV58: =SUM(GQ58:GU58) -> 12405.36 | HB58: =477.22 -> 477.22 | HC58: =SUM(GW58:HB58) -> 477.22 | HD58: =GK58+GP58+GV58+HC58 -> 21196.379 | HE58: =7616.198+8023.901 -> 15640.099 | HI58: =SUM(HE58:HH58) -> 15640.099 | HJ58: =7759.18 -> 7759.18 | HO58: =SUM(HJ58:HN58) -> 7759.18 | HS58: 7774.231 | HU58: =SUM(HP58:HT58) -> 7774.231 | HY58: =SUM(HV58:HX58) -> 0 | IB58: =6619.34 -> 6619.34 | IC58: =SUM(HZ58:IB58) -> 6619.34 | ID58: =IC58+HY58+HU58+HO58+HI58 -> 37792.85 | IE58: =7872.061+7578.571 -> 15450.632 | IF58: 5188.427 | IG58: =SUM(IE58:IF58) -> 20639.059 | IH58: 5865.807 | II58: =544.97+14910.873 -> 15455.843 | IK58: =7826.909+7751.655+7698.977 -> 23277.541 | IM58: =SUM(IH58:IL58) -> 44599.191 | IQ58: =SUM(IN58:IP58) -> 0 | IW58: =SUM(IR58:IV58) -> 0 | JC58: =SUM(IX58:JB58) -> 0 | JD58: =IG58+IM58+IQ58+IW58+JC58 -> 65238.25 | JF58: =7826.909+7819.384 -> 15646.293 | JH58: =7826.909+5335.209+437.533 -> 13599.651 | JJ58: =SUM(JE58:JI58) -> 29245.944 | JP58: =SUM(JK58:JO58) -> 0 | JV58: =SUM(JQ58:JU58) -> 0 | KC58: =SUM(JW58:KB58) -> 0 | KD58: =JJ58+JP58+JV58+KC58 -> 29245.944 | KJ58: =SUM(KE58:KI58) -> 0 | KP58: =SUM(KK58:KO58) -> 0 | KV58: =SUM(KQ58:KU58) -> 0 | LB58: =SUM(KW58:LA58) -> 0 | LF58: =SUM(LC58:LE58) -> 0 | LG58: =LF58+LB58+KV58+KP58+KJ58 -> 0
B59: Autre achat matiere 1er | D59: =SUM(C59:C59) -> 0 | J59: =SUM(E59:I59) -> 0 | L59: =2807.25+4137 -> 6944.25 | M59: =6787.69+6894.335 -> 13682.025 | O59: =SUM(K59:N59) -> 20626.275 | Q59: =355.645 -> 355.645 | U59: =SUM(P59:T59) -> 355.645 | V59: 355.645 | AA59: =SUM(V59:Z59) -> 355.645 | AB59: =AA59+U59+O59+J59+D59 -> 21337.565 | AC59: 355.645 | AG59: 3583.923 | AH59: =SUM(AC59:AG59) -> 3939.568 | AI59: 355.645 | AN59: =SUM(AI59:AM59) -> 355.645 | AT59: =SUM(AO59:AS59) -> 0 | AU59: =355.6451+709.074 -> 1064.7191 | AW59: 198.74 | AZ59: =SUM(AU59:AY59) -> 1263.4591 | BA59: =AZ59+AT59+AN59+AH59 -> 5558.6721 | BC59: 355.645 | BG59: =SUM(BB59:BF59) -> 355.645 | BJ59: 3471.633 | BM59: =SUM(BH59:BL59) -> 3471.633 | BR59: =SUM(BN59:BQ59) -> 0 | BX59: =SUM(BS59:BW59) -> 0 | BZ59: =355.645+363.48 -> 719.125 | CA59: =SUM(BY59:BZ59) -> 719.125 | CB59: =CA59+BX59+BR59+BM59+BG59 -> 4546.403 | CC59: 650 | CF59: =SUM(CC59:CE59) -> 650 | CI59: =1231.25+2526.525 -> 3757.775 | CK59: =SUM(CG59:CJ59) -> 3757.775 | CQ59: =SUM(CL59:CP59) -> 0 | CW59: =SUM(CR59:CV59) -> 0 | DA59: =363.48+363.48+471.193+988.448 -> 2186.601 | DB59: =SUM(CX59:DA59) -> 2186.601 | DC59: =DB59+CW59+CQ59+CK59+CF59 -> 6594.376 | DH59: 1216.475 | DI59: =SUM(DD59:DH59) -> 1216.475 | DJ59: 109694.3 | DK59: 363.48 | DO59: =SUM(DJ59:DN59) -> 110057.78 | DQ59: 363.48 | DU59: =SUM(DP59:DT59) -> 363.48 | DV59: 363.48 | DW59: 3693.732 | EA59: =SUM(DV59:DZ59) -> 4057.212 | EB59: =EA59+DU59+DO59+DI59 -> 115694.95 | EH59: =SUM(EC59:EG59) -> 0 | EN59: =SUM(EI59:EM59) -> 0 | EP59: 544.97 | EQ59: 2994.4 | ET59: =SUM(EO59:ES59) -> 3539.37 | EY59: 4432.5 | FB59: =SUM(EU59:FA59) -> 4432.5 | FC59: =ET59+FB59+EN59+EH59 -> 7971.87 | FG59: =SUM(FD59:FF59) -> 0 | FL59: 1927.646 | FM59: =SUM(FH59:FL59) -> 1927.646 | FN59: =544.97+544.97 -> 1089.94 | FR59: =SUM(FN59:FQ59) -> 1089.94 | FX59: =SUM(FS59:FW59) -> 0 | GC59: 522.141 | GD59: =SUM(FY59:GC59) -> 522.141 | GE59: =FG59+FM59+FR59+FX59+GD59 -> 3539.727 | GF59: =1216.475+3693.75 -> 4910.225 | GK59: =SUM(GF59:GJ59) -> 4910.225 | GN59: 544.97 | GP59: =SUM(GL59:GO59) -> 544.97 | GT59: =988.448 -> 988.448 | GV59: =SUM(GQ59:GU59) -> 988.448 | GW59: =544.97+1970.591 -> 2515.561 | HB59: =1459.77+707.288 -> 2167.058 | HC59: =SUM(GW59:HB59) -> 4682.619 | HD59: =GK59+GP59+GV59+HC59 -> 11126.262 | HF59: 544.97 | HI59: =SUM(HE59:HH59) -> 544.97 | HO59: =SUM(HJ59:HN59) -> 0 | HT59: =544.97+544.97 -> 1089.94 | HU59: =SUM(HP59:HT59) -> 1089.94 | HY59: =SUM(HV59:HX59) -> 0 | IB59: 646 | IC59: =SUM(HZ59:IB59) -> 646 | ID59: =IC59+HY59+HU59+HO59+HI59 -> 2280.91 | IE59: 7141.349 | IG59: =SUM(IE59:IF59) -> 7141.349 | IJ59: 114.616 | IK59: =2690.347+1889.145 -> 4579.492 | IM59: =SUM(IH59:IL59) -> 4694.108 | IQ59: =SUM(IN59:IP59) -> 0 | IS59: 1220.908 | IV59: =544.97+544.97+544.97 -> 1634.91 | IW59: =SUM(IR59:IV59) -> 2855.818 | JA59: =303.013+807.5 -> 1110.513 | JB59: =4810.207+5245.662 -> 10055.869 | JC59: =SUM(IX59:JB59) -> 11166.382 | JD59: =IG59+IM59+IQ59+IW59+JC59 -> 25857.657 | JE59: 544.97 | JJ59: =SUM(JE59:JI59) -> 544.97 | JP59: =SUM(JK59:JO59) -> 0 | JV59: =SUM(JQ59:JU59) -> 0 | KC59: =SUM(JW59:KB59) -> 0 | KD59: =JJ59+JP59+JV59+KC59 -> 544.97 | KJ59: =SUM(KE59:KI59) -> 0 | KP59: =SUM(KK59:KO59) -> 0 | KV59: =SUM(KQ59:KU59) -> 0 | LB59: =SUM(KW59:LA59) -> 0 | LF59: =SUM(LC59:LE59) -> 0 | LG59: =LF59+LB59+KV59+KP59+KJ59 -> 0
B60: Douanes | D60: =SUM(C60:C60) -> 0 | F60: =5356.733+5446.636+6158.082+7416.686 -> 24378.137 | H60: =6611.811+2184.664+7860.781 -> 16657.256 | J60: =SUM(E60:I60) -> 41035.393 | L60: =9289.973+2467.527 -> 11757.5 | O60: =SUM(K60:N60) -> 11757.5 | S60: 259.268 | U60: =SUM(P60:T60) -> 259.268 | V60: =28369.019+5851.318 -> 34220.337 | AA60: =SUM(V60:Z60) -> 34220.337 | AB60: =AA60+U60+O60+J60+D60 -> 87272.498 | AD60: 8401.677 | AE60: =5690.95+5951.786 -> 11642.736 | AH60: =SUM(AC60:AG60) -> 20044.413 | AI60: =1820.994+689.602 -> 2510.596 | AJ60: 1992.149 | AK60: 5281.641 | AN60: =SUM(AI60:AM60) -> 9784.386 | AP60: =6730.671+6578.322 -> 13308.993 | AR60: 10124.18 | AT60: =SUM(AO60:AS60) -> 23433.173 | AW60: =1857.034 -> 1857.034 | AZ60: =SUM(AU60:AY60) -> 1857.034 | BA60: =AZ60+AT60+AN60+AH60 -> 55119.006 | BB60: =5937.183 -> 5937.183 | BC60: 6681.5 | BD60: 35844.371 | BG60: =SUM(BB60:BF60) -> 48463.054 | BJ60: 5178.198 | BK60: 1701.041 | BL60: =12958.596+78696.985+59023.471 -> 150679.05 | BM60: =SUM(BH60:BL60) -> 157558.29 | BN60: 77793.82 | BR60: =SUM(BN60:BQ60) -> 77793.82 | BU60: 110.107 | BV60: =4533.929+5500.45+7094.944 -> 17129.323 | BX60: =SUM(BS60:BW60) -> 17239.43 | CA60: =SUM(BY60:BZ60) -> 0 | CB60: =CA60+BX60+BR60+BM60+BG60 -> 301054.59 | CC60: 1747.428 | CD60: 4112.22 | CF60: =SUM(CC60:CE60) -> 5859.648 | CH60: 8377.084 | CK60: =SUM(CG60:CJ60) -> 8377.084 | CO60: =17234.351+6467.073 -> 23701.424 | CQ60: =SUM(CL60:CP60) -> 23701.424 | CR60: 82305.506 | CS60: =36594.547+36567.832+7108.151 -> 80270.53 | CW60: =SUM(CR60:CV60) -> 162576.04 | CY60: 3437.03 | DB60: =SUM(CX60:DA60) -> 3437.03 | DC60: =DB60+CW60+CQ60+CK60+CF60 -> 203951.22 | DD60: 39820.262 | DF60: 7960.018 | DI60: =SUM(DD60:DH60) -> 47780.28 | DL60: =7551.123+3150.568 -> 10701.691 | DM60: 78843.482 | DO60: =SUM(DJ60:DN60) -> 89545.173 | DR60: =8223.114+6178.734 -> 14401.848 | DU60: =SUM(DP60:DT60) -> 14401.848 | EA60: =SUM(DV60:DZ60) -> 0 | EB60: =EA60+DU60+DO60+DI60 -> 151727.3 | ED60: 5385.974 | EF60: 5213.393 | EH60: =SUM(EC60:EG60) -> 10599.367 | EI60: =5263.962+962.189 -> 6226.151 | EJ60: 9262.472 | EN60: =SUM(EI60:EM60) -> 15488.623 | ES60: 278.532 | ET60: =SUM(EO60:ES60) -> 278.532 | FB60: =SUM(EU60:FA60) -> 0 | FC60: =ET60+FB60+EN60+EH60 -> 26366.522 | FG60: =SUM(FD60:FF60) -> 0 | FL60: =7520.287+18965.214 -> 26485.501 | FM60: =SUM(FH60:FL60) -> 26485.501 | FP60: 27961.197 | FR60: =SUM(FN60:FQ60) -> 27961.197 | FX60: =SUM(FS60:FW60) -> 0 | GA60: =4745.628+5019.393+5632.048+8989.295 -> 24386.364 | GB60: 496.031 | GC60: =6529.847+6467.895+10148.458+75312.111+6982.747+4566.509+5674.27+7288.086 -> 122969.92 | GD60: =SUM(FY60:GC60) -> 147852.32 | GE60: =FG60+FM60+FR60+FX60+GD60 -> 202299.02 | GK60: =SUM(GF60:GJ60) -> 0 | GL60: 1849.186 | GM60: 2140.351 | GP60: =SUM(GL60:GO60) -> 3989.537 | GT60: 20367.095 | GV60: =SUM(GQ60:GU60) -> 20367.095 | GY60: 14195.428 | HC60: =SUM(GW60:HB60) -> 14195.428 | HD60: =GK60+GP60+GV60+HC60 -> 38552.06 | HG60: =4359.277+3749.39+8366.118+6771.45 -> 23246.235 | HI60: =SUM(HE60:HH60) -> 23246.235 | HL60: 382.859 | HM60: =7386.349+4427.169+71887.837 -> 83701.355 | HO60: =SUM(HJ60:HN60) -> 84084.214 | HU60: =SUM(HP60:HT60) -> 0 | HY60: =SUM(HV60:HX60) -> 0 | IC60: =SUM(HZ60:IB60) -> 0 | ID60: =IC60+HY60+HU60+HO60+HI60 -> 107330.45 | IE60: =4322.587+8748.883+5717.625+2187.905+8449.932+5289.167+8379.542 -> 43095.641 | IF60: =3245.681+1280.882 -> 4526.563 | IG60: =SUM(IE60:IF60) -> 47622.204 | IK60: 1000 | IM60: =SUM(IH60:IL60) -> 1000 | IQ60: =SUM(IN60:IP60) -> 0 | IS60: =6811.274+5442.262+5911.607+4420.694+7237.746 -> 29823.583 | IW60: =SUM(IR60:IV60) -> 29823.583 | JB60: =34688.524+33204.77 -> 67893.294 | JC60: =SUM(IX60:JB60) -> 67893.294 | JD60: =IG60+IM60+IQ60+IW60+JC60 -> 146339.08 | JE60: 162410.48 | JG60: =5737.912+469.189+6560.526+2645.78+111.699+6814.735 -> 22339.841 | JJ60: =SUM(JE60:JI60) -> 184750.32 | JP60: =SUM(JK60:JO60) -> 0 | JV60: =SUM(JQ60:JU60) -> 0 | KC60: =SUM(JW60:KB60) -> 0 | KD60: =JJ60+JP60+JV60+KC60 -> 184750.32 | KJ60: =SUM(KE60:KI60) -> 0 | KP60: =SUM(KK60:KO60) -> 0 | KV60: =SUM(KQ60:KU60) -> 0 | LB60: =SUM(KW60:LA60) -> 0 | LF60: =SUM(LC60:LE60) -> 0 | LG60: =LF60+LB60+KV60+KP60+KJ60 -> 0
B61: Fonderie Hnaya Chq | D61: =SUM(C61:C61) -> 0 | J61: =SUM(E61:I61) -> 0 | O61: =SUM(K61:N61) -> 0 | U61: =SUM(P61:T61) -> 0 | Z61: 45000 | AA61: =SUM(V61:Z61) -> 45000 | AB61: =AA61+U61+O61+J61+D61 -> 45000 | AH61: =SUM(AC61:AG61) -> 0 | AN61: =SUM(AI61:AM61) -> 0 | AT61: =SUM(AO61:AS61) -> 0 | AZ61: =SUM(AU61:AY61) -> 0 | BA61: =AZ61+AT61+AN61+AH61 -> 0 | BB61: 20000 | BG61: =SUM(BB61:BF61) -> 20000 | BM61: =SUM(BH61:BL61) -> 0 | BR61: =SUM(BN61:BQ61) -> 0 | BX61: =SUM(BS61:BW61) -> 0 | CA61: =SUM(BY61:BZ61) -> 0 | CB61: =CA61+BX61+BR61+BM61+BG61 -> 20000 | CF61: =SUM(CC61:CE61) -> 0 | CK61: =SUM(CG61:CJ61) -> 0 | CQ61: =SUM(CL61:CP61) -> 0 | CW61: =SUM(CR61:CV61) -> 0 | DB61: =SUM(CX61:DA61) -> 0 | DC61: =DB61+CW61+CQ61+CK61+CF61 -> 0 | DI61: =SUM(DD61:DH61) -> 0 | DO61: =SUM(DJ61:DN61) -> 0 | DU61: =SUM(DP61:DT61) -> 0 | EA61: =SUM(DV61:DZ61) -> 0 | EB61: =EA61+DU61+DO61+DI61 -> 0 | EH61: =SUM(EC61:EG61) -> 0 | EN61: =SUM(EI61:EM61) -> 0 | ET61: =SUM(EO61:ES61) -> 0 | FB61: =SUM(EU61:FA61) -> 0 | FC61: =ET61+FB61+EN61+EH61 -> 0 | FD61: 15000 | FG61: =SUM(FD61:FF61) -> 15000 | FM61: =SUM(FH61:FL61) -> 0 | FR61: =SUM(FN61:FQ61) -> 0 | FX61: =SUM(FS61:FW61) -> 0 | GD61: =SUM(FY61:GC61) -> 0 | GE61: =FG61+FM61+FR61+FX61+GD61 -> 15000 | GF61: 80000 | GK61: =SUM(GF61:GJ61) -> 80000 | GP61: =SUM(GL61:GO61) -> 0 | GV61: =SUM(GQ61:GU61) -> 0 | HC61: =SUM(GW61:HB61) -> 0 | HD61: =GK61+GP61+GV61+HC61 -> 80000 | HI61: =SUM(HE61:HH61) -> 0 | HO61: =SUM(HJ61:HN61) -> 0 | HU61: =SUM(HP61:HT61) -> 0 | HY61: =SUM(HV61:HX61) -> 0 | IC61: =SUM(HZ61:IB61) -> 0 | ID61: =IC61+HY61+HU61+HO61+HI61 -> 0 | IG61: =SUM(IE61:IF61) -> 0 | IM61: =SUM(IH61:IL61) -> 0 | IQ61: =SUM(IN61:IP61) -> 0 | IW61: =SUM(IR61:IV61) -> 0 | JC61: =SUM(IX61:JB61) -> 0 | JD61: =IG61+IM61+IQ61+IW61+JC61 -> 0 | JJ61: =SUM(JE61:JI61) -> 0 | JP61: =SUM(JK61:JO61) -> 0 | JV61: =SUM(JQ61:JU61) -> 0 | KC61: =SUM(JW61:KB61) -> 0 | KD61: =JJ61+JP61+JV61+KC61 -> 0 | KJ61: =SUM(KE61:KI61) -> 0 | KP61: =SUM(KK61:KO61) -> 0 | KV61: =SUM(KQ61:KU61) -> 0 | LB61: =SUM(KW61:LA61) -> 0 | LF61: =SUM(LC61:LE61) -> 0 | LG61: =LF61+LB61+KV61+KP61+KJ61 -> 0
B62: Leasing | D62: =SUM(C62:C62) -> 0 | J62: =SUM(E62:I62) -> 0 | K62: =1130.391+1165.39 -> 2295.781 | O62: =SUM(K62:N62) -> 2295.781 | U62: =SUM(P62:T62) -> 0 | V62: 3238.06 | AA62: =SUM(V62:Z62) -> 3238.06 | AB62: =AA62+U62+O62+J62+D62 -> 5533.841 | AH62: =SUM(AC62:AG62) -> 0 | AJ62: =1165.39+1130.391 -> 2295.781 | AN62: =SUM(AI62:AM62) -> 2295.781 | AT62: =SUM(AO62:AS62) -> 0 | AW62: 3238.06 | AZ62: =SUM(AU62:AY62) -> 3238.06 | BA62: =AZ62+AT62+AN62+AH62 -> 5533.841 | BG62: =SUM(BB62:BF62) -> 0 | BI62: =1130.391+1165.39 -> 2295.781 | BM62: =SUM(BH62:BL62) -> 2295.781 | BR62: =SUM(BN62:BQ62) -> 0 | BU62: 3238.06 | BX62: =SUM(BS62:BW62) -> 3238.06 | CA62: =SUM(BY62:BZ62) -> 0 | CB62: =CA62+BX62+BR62+BM62+BG62 -> 5533.841 | CF62: =SUM(CC62:CE62) -> 0 | CJ62: =1130.391+1165.39 -> 2295.781 | CK62: =SUM(CG62:CJ62) -> 2295.781 | CQ62: =SUM(CL62:CP62) -> 0 | CW62: =SUM(CR62:CV62) -> 0 | CX62: 3238.06 | DB62: =SUM(CX62:DA62) -> 3238.06 | DC62: =DB62+CW62+CQ62+CK62+CF62 -> 5533.841 | DI62: =SUM(DD62:DH62) -> 0 | DJ62: =1165.39+1130.391 -> 2295.781 | DO62: =SUM(DJ62:DN62) -> 2295.781 | DU62: =SUM(DP62:DT62) -> 0 | DV62: 3238.06 | DY62: 878.866 | EA62: =SUM(DV62:DZ62) -> 4116.926 | EB62: =EA62+DU62+DO62+DI62 -> 6412.707 | EH62: =SUM(EC62:EG62) -> 0 | EK62: =1130.391+1165.39 -> 2295.781 | EN62: =SUM(EI62:EM62) -> 2295.781 | ET62: =SUM(EO62:ES62) -> 0 | EX62: =879.964+3238.06 -> 4118.024 | FB62: =SUM(EU62:FA62) -> 4118.024 | FC62: =ET62+FB62+EN62+EH62 -> 6413.805 | FG62: =SUM(FD62:FF62) -> 0 | FL62: =1130.391+1165.39 -> 2295.781 | FM62: =SUM(FH62:FL62) -> 2295.781 | FR62: =SUM(FN62:FQ62) -> 0 | FX62: =SUM(FS62:FW62) -> 0 | FY62: =3238.06+879.964 -> 4118.024 | GD62: =SUM(FY62:GC62) -> 4118.024 | GE62: =FG62+FM62+FR62+FX62+GD62 -> 6413.805 | GK62: =SUM(GF62:GJ62) -> 0 | GL62: =1130.391+1165.39 -> 2295.781 | GP62: =SUM(GL62:GO62) -> 2295.781 | GV62: =SUM(GQ62:GU62) -> 0 | GX62: =3238.06+879.964 -> 4118.024 | HC62: =SUM(GW62:HB62) -> 4118.024 | HD62: =GK62+GP62+GV62+HC62 -> 6413.805 | HI62: =SUM(HE62:HH62) -> 0 | HM62: =1130.391+1165.39 -> 2295.781 | HO62: =SUM(HJ62:HN62) -> 2295.781 | HU62: =SUM(HP62:HT62) -> 0 | HY62: =SUM(HV62:HX62) -> 0 | HZ62: =879.964+3238.06 -> 4118.024 | IC62: =SUM(HZ62:IB62) -> 4118.024 | ID62: =IC62+HY62+HU62+HO62+HI62 -> 6413.805 | IG62: =SUM(IE62:IF62) -> 0 | IM62: =SUM(IH62:IL62) -> 0 | IN62: =1165.39+1130.391 -> 2295.781 | IQ62: =SUM(IN62:IP62) -> 2295.781 | IW62: =SUM(IR62:IV62) -> 0 | IX62: =3238.06+879.964 -> 4118.024 | JC62: =SUM(IX62:JB62) -> 4118.024 | JD62: =IG62+IM62+IQ62+IW62+JC62 -> 6413.805 | JJ62: =SUM(JE62:JI62) -> 0 | JP62: =SUM(JK62:JO62) -> 0 | JV62: =SUM(JQ62:JU62) -> 0 | KC62: =SUM(JW62:KB62) -> 0 | KD62: 6415 | KJ62: =SUM(KE62:KI62) -> 0 | KP62: =SUM(KK62:KO62) -> 0 | KV62: =SUM(KQ62:KU62) -> 0 | LB62: =SUM(KW62:LA62) -> 0 | LF62: =SUM(LC62:LE62) -> 0 | LG62: 6415
B63: Transport | C63: 3873 | D63: =SUM(C63:C63) -> 3873 | E63: 5121.66 | F63: 5594.644 | G63: =3872.66+2192.353 -> 6065.013 | J63: =SUM(E63:I63) -> 16781.317 | K63: 1000 | L63: 3301.6 | O63: =SUM(K63:N63) -> 4301.6 | P63: =4420.58+3859.57+3859.57+3955.688+3859.57+1929.985+4131.284 -> 26016.247 | R63: =1974.806+3880.083+597.536 -> 6452.425 | S63: 106.263 | U63: =SUM(P63:T63) -> 32574.935 | V63: 5000 | Y63: =3862.008+4977.7 -> 8839.708 | AA63: =SUM(V63:Z63) -> 13839.708 | AB63: =AA63+U63+O63+J63+D63 -> 71370.56 | AC63: =637.7+1176.54 -> 1814.24 | AG63: =3850.218+500 -> 4350.218 | AH63: =SUM(AC63:AG63) -> 6164.458 | AJ63: =3424.85+3712.01 -> 7136.86 | AK63: 2356.724 | AM63: 114.426 | AN63: =SUM(AI63:AM63) -> 9608.01 | AO63: 3367.65 | AP63: =1465.77 -> 1465.77 | AR63: 3725.27 | AT63: =SUM(AO63:AS63) -> 8558.69 | AU63: =490.228+199.7+1849.88+377.7+1096.601 -> 4014.109 | AX63: =283.7+3849.528 -> 4133.228 | AZ63: =SUM(AU63:AY63) -> 8147.337 | BA63: =AZ63+AT63+AN63+AH63 -> 32478.495 | BB63: =3811.41+1314.22 -> 5125.63 | BG63: =SUM(BB63:BF63) -> 5125.63 | BH63: =591.13+2600 -> 3191.13 | BJ63: 3801.806 | BM63: =SUM(BH63:BL63) -> 6992.936 | BN63: 1083.74 | BO63: =48.644+692.5 -> 741.144 | BP63: =328.14+4101.54+351.264 -> 4780.944 | BR63: =SUM(BN63:BQ63) -> 6605.828 | BT63: 3270.135 | BU63: 127.822 | BV63: 650.1 | BX63: =SUM(BS63:BW63) -> 4048.057 | BZ63: =836.272+3657.912 -> 4494.184 | CA63: =SUM(BY63:BZ63) -> 4494.184 | CB63: =CA63+BX63+BR63+BM63+BG63 -> 27266.635 | CC63: 3832.86 | CD63: 324.773 | CF63: =SUM(CC63:CE63) -> 4157.633 | CG63: 885.256 | CJ63: 3200.266 | CK63: =SUM(CG63:CJ63) -> 4085.522 | CL63: 3574.65 | CP63: 3856.905 | CQ63: =SUM(CL63:CP63) -> 7431.555 | CR63: 3689.628 | CU63: =3680.92+6287.243 -> 9968.163 | CW63: =SUM(CR63:CV63) -> 13657.791 | CX63: =610.94+610.94+3316.89+199.7 -> 4738.47 | CY63: =48.644+4098.88 -> 4147.524 | DA63: 48.644 | DB63: =SUM(CX63:DA63) -> 8934.638 | DC63: =DB63+CW63+CQ63+CK63+CF63 -> 38267.139 | DF63: 4323.657 | DG63: 2484.99 | DI63: =SUM(DD63:DH63) -> 6808.647 | DO63: =SUM(DJ63:DN63) -> 0 | DQ63: 407.185 | DS63: =1571.4+6381.576 -> 7952.976 | DT63: 1746.31 | DU63: =SUM(DP63:DT63) -> 10106.471 | DV63: =1000+1541.231 -> 2541.231 | DX63: 3847.947 | EA63: =SUM(DV63:DZ63) -> 6389.178 | EB63: =EA63+DU63+DO63+DI63 -> 23304.296 | ED63: =4788.28+216.2 -> 5004.48 | EE63: 1188.4 | EG63: 1954.93 | EH63: =SUM(EC63:EG63) -> 8147.81 | EJ63: =4064.36+3574.4 -> 7638.76 | EN63: =SUM(EI63:EM63) -> 7638.76 | EO63: =2113.147+2000 -> 4113.147 | EQ63: 3633.57 | ES63: =4100.318+33.245 -> 4133.563 | ET63: =SUM(EO63:ES63) -> 11880.28 | EX63: 2000 | EZ63: 6252.928 | FB63: =SUM(EU63:FA63) -> 8252.928 | FC63: =ET63+FB63+EN63+EH63 -> 35919.778 | FG63: =SUM(FD63:FF63) -> 0 | FH63: 2163.159 | FI63: 278.739 | FJ63: 4047.974 | FL63: 2106.234 | FM63: =SUM(FH63:FL63) -> 8596.106 | FP63: 3767.836 | FR63: =SUM(FN63:FQ63) -> 3767.836 | FS63: 3969.284 | FX63: =SUM(FS63:FW63) -> 3969.284 | GC63: =8285.324+220.334 -> 8505.658 | GD63: =SUM(FY63:GC63) -> 8505.658 | GE63: =FG63+FM63+FR63+FX63+GD63 -> 24838.884 | GF63: 5323.9 | GG63: =285.47+3852.87 -> 4138.34 | GH63: 3694.94 | GI63: =3796.148+4018.272+6550.24 -> 14364.66 | GJ63: =1376.474+11352.345 -> 12728.819 | GK63: =SUM(GF63:GJ63) -> 40250.659 | GN63: =6452.105+4499.26+1864.9 -> 12816.265 | GP63: =SUM(GL63:GO63) -> 12816.265 | GQ63: 3894.796 | GS63: 685.5 | GT63: =6580.13+3703.7 -> 10283.83 | GV63: =SUM(GQ63:GU63) -> 14864.126 | GY63: =2009.804+562.09 -> 2571.894 | GZ63: =23367.577+419.428 -> 23787.005 | HC63: =SUM(GW63:HB63) -> 26358.899 | HD63: =GK63+GP63+GV63+HC63 -> 94289.949 | HE63: 138.9 | HI63: =SUM(HE63:HH63) -> 138.9 | HJ63: =3694.94+402.305 -> 4097.245 | HK63: =360.518+259.812 -> 620.33 | HL63: 480.17 | HM63: 2259.689 | HN63: =2560.41+1837.336+6275.838 -> 10673.584 | HO63: =SUM(HJ63:HN63) -> 18131.018 | HP63: 95.164 | HQ63: 70.384 | HU63: =SUM(HP63:HT63) -> 165.548 | HY63: =SUM(HV63:HX63) -> 0 | IB63: =4158.22+961.02+3764.3+4163.73 -> 13047.27 | IC63: =SUM(HZ63:IB63) -> 13047.27 | ID63: =IC63+HY63+HU63+HO63+HI63 -> 31482.736 | IF63: 5700 | IG63: =SUM(IE63:IF63) -> 5700 | IH63: =1829.264+3694.94+4979.379+3355.398+1087.1 -> 14946.081 | II63: =1945.514+109.16 -> 2054.674 | IJ63: =3853.108+5318.462 -> 9171.57 | IL63: 2024.425 | IM63: =SUM(IH63:IL63) -> 28196.75 | IN63: =278.272 -> 278.272 | IQ63: =SUM(IN63:IP63) -> 278.272 | IU63: =105.638+37.67+37.67 -> 180.978 | IV63: =30.118+30.118+126.17 -> 186.406 | IW63: =SUM(IR63:IV63) -> 367.384 | IX63: 4070.972 | JC63: =SUM(IX63:JB63) -> 4070.972 | JD63: =IG63+IM63+IQ63+IW63+JC63 -> 38613.378 | JE63: =3694.94+2560.41 -> 6255.35 | JG63: =618.61+618.61 -> 1237.22 | JI63: =9280.901+90.652+90.652 -> 9462.205 | JJ63: =SUM(JE63:JI63) -> 16954.775 | JP63: =SUM(JK63:JO63) -> 0 | JV63: =SUM(JQ63:JU63) -> 0 | KC63: =SUM(JW63:KB63) -> 0 | KD63: =JJ63+JP63+JV63+KC63 -> 16954.775 | KJ63: =SUM(KE63:KI63) -> 0 | KP63: =SUM(KK63:KO63) -> 0 | KV63: =SUM(KQ63:KU63) -> 0 | LB63: =SUM(KW63:LA63) -> 0 | LF63: =SUM(LC63:LE63) -> 0 | LG63: =LF63+LB63+KV63+KP63+KJ63 -> 0
B64: Energie | D64: =SUM(C64:C64) -> 0 | J64: =SUM(E64:I64) -> 0 | O64: =SUM(K64:N64) -> 0 | S64: 1188.5 | U64: =SUM(P64:T64) -> 1188.5 | AA64: =SUM(V64:Z64) -> 0 | AB64: =AA64+U64+O64+J64+D64 -> 1188.5 | AH64: =SUM(AC64:AG64) -> 0 | AI64: 1188.5 | AN64: =SUM(AI64:AM64) -> 1188.5 | AT64: =SUM(AO64:AS64) -> 0 | AW64: 1188.5 | AZ64: =SUM(AU64:AY64) -> 1188.5 | BA64: =AZ64+AT64+AN64+AH64 -> 2377 | BB64: 1188.5 | BG64: =SUM(BB64:BF64) -> 1188.5 | BK64: 1188.5 | BM64: =SUM(BH64:BL64) -> 1188.5 | BR64: =SUM(BN64:BQ64) -> 0 | BX64: =SUM(BS64:BW64) -> 0 | BZ64: 1188.5 | CA64: =SUM(BY64:BZ64) -> 1188.5 | CB64: =CA64+BX64+BR64+BM64+BG64 -> 3565.5 | CF64: =SUM(CC64:CE64) -> 0 | CK64: =SUM(CG64:CJ64) -> 0 | CP64: 1188.5 | CQ64: =SUM(CL64:CP64) -> 1188.5 | CW64: =SUM(CR64:CV64) -> 0 | DB64: =SUM(CX64:DA64) -> 0 | DC64: =DB64+CW64+CQ64+CK64+CF64 -> 1188.5 | DG64: 2376.5 | DI64: =SUM(DD64:DH64) -> 2376.5 | DO64: =SUM(DJ64:DN64) -> 0 | DU64: =SUM(DP64:DT64) -> 0 | EA64: =SUM(DV64:DZ64) -> 0 | EB64: =EA64+DU64+DO64+DI64 -> 2376.5 | ED64: 1188.5 | EH64: =SUM(EC64:EG64) -> 1188.5 | EJ64: 1188.5 | EN64: =SUM(EI64:EM64) -> 1188.5 | ET64: =SUM(EO64:ES64) -> 0 | FB64: =SUM(EU64:FA64) -> 0 | FC64: =ET64+FB64+EN64+EH64 -> 2377 | FG64: =SUM(FD64:FF64) -> 0 | FM64: =SUM(FH64:FL64) -> 0 | FP64: 2376.5 | FR64: =SUM(FN64:FQ64) -> 2376.5 | FX64: =SUM(FS64:FW64) -> 0 | GD64: =SUM(FY64:GC64) -> 0 | GE64: =FG64+FM64+FR64+FX64+GD64 -> 2376.5 | GK64: =SUM(GF64:GJ64) -> 0 | GP64: =SUM(GL64:GO64) -> 0 | GQ64: 2376.5 | GV64: =SUM(GQ64:GU64) -> 2376.5 | HC64: =SUM(GW64:HB64) -> 0 | HD64: =GK64+GP64+GV64+HC64 -> 2376.5 | HI64: =SUM(HE64:HH64) -> 0 | HJ64: 1188.5 | HO64: =SUM(HJ64:HN64) -> 1188.5 | HU64: =SUM(HP64:HT64) -> 0 | HY64: =SUM(HV64:HX64) -> 0 | IC64: =SUM(HZ64:IB64) -> 0 | ID64: =IC64+HY64+HU64+HO64+HI64 -> 1188.5 | IG64: =SUM(IE64:IF64) -> 0 | IM64: =SUM(IH64:IL64) -> 0 | IN64: 2376.5 | IQ64: =SUM(IN64:IP64) -> 2376.5 | IW64: =SUM(IR64:IV64) -> 0 | JC64: =SUM(IX64:JB64) -> 0 | JD64: =IG64+IM64+IQ64+IW64+JC64 -> 2376.5 | JH64: 2376.5 | JJ64: =SUM(JE64:JI64) -> 2376.5 | JP64: =SUM(JK64:JO64) -> 0 | JV64: =SUM(JQ64:JU64) -> 0 | KC64: =SUM(JW64:KB64) -> 0 | KD64: =JJ64+JP64+JV64+KC64 -> 2376.5 | KJ64: =SUM(KE64:KI64) -> 0 | KP64: =SUM(KK64:KO64) -> 0 | KV64: =SUM(KQ64:KU64) -> 0 | LB64: =SUM(KW64:LA64) -> 0 | LF64: =SUM(LC64:LE64) -> 0 | LG64: =LF64+LB64+KV64+KP64+KJ64 -> 0
B65: Steg | D65: =SUM(C65:C65) -> 0 | J65: =SUM(E65:I65) -> 0 | O65: =SUM(K65:N65) -> 0 | U65: =SUM(P65:T65) -> 0 | X65: =30223.596+7293.46 -> 37517.056 | AA65: =SUM(V65:Z65) -> 37517.056 | AB65: =AA65+U65+O65+J65+D65 -> 37517.056 | AH65: =SUM(AC65:AG65) -> 0 | AN65: =SUM(AI65:AM65) -> 0 | AT65: =SUM(AO65:AS65) -> 0 | AY65: =27429.034+8480.616 -> 35909.65 | AZ65: =SUM(AU65:AY65) -> 35909.65 | BA65: =AZ65+AT65+AN65+AH65 -> 35909.65 | BG65: =SUM(BB65:BF65) -> 0 | BM65: =SUM(BH65:BL65) -> 0 | BR65: =SUM(BN65:BQ65) -> 0 | BU65: 7360.867 | BW65: =24809.486+7290.342 -> 32099.828 | BX65: =SUM(BS65:BW65) -> 39460.695 | CA65: =SUM(BY65:BZ65) -> 0 | CB65: =CA65+BX65+BR65+BM65+BG65 -> 39460.695 | CF65: =SUM(CC65:CE65) -> 0 | CK65: =SUM(CG65:CJ65) -> 0 | CQ65: =SUM(CL65:CP65) -> 0 | CW65: =SUM(CR65:CV65) -> 0 | DA65: =6362.283+23756.519 -> 30118.802 | DB65: =SUM(CX65:DA65) -> 30118.802 | DC65: =DB65+CW65+CQ65+CK65+CF65 -> 30118.802 | DI65: =SUM(DD65:DH65) -> 0 | DO65: =SUM(DJ65:DN65) -> 0 | DU65: =SUM(DP65:DT65) -> 0 | EA65: =SUM(DV65:DZ65) -> 0 | EB65: =EA65+DU65+DO65+DI65 -> 0 | EE65: =24512.78+9018.47 -> 33531.25 | EH65: =SUM(EC65:EG65) -> 33531.25 | EN65: =SUM(EI65:EM65) -> 0 | ET65: =SUM(EO65:ES65) -> 0 | FA65: =30016.852+8923.155 -> 38940.007 | FB65: =SUM(EU65:FA65) -> 38940.007 | FC65: =ET65+FB65+EN65+EH65 -> 72471.257 | FG65: =SUM(FD65:FF65) -> 0 | FM65: =SUM(FH65:FL65) -> 0 | FR65: =SUM(FN65:FQ65) -> 0 | FX65: =SUM(FS65:FW65) -> 0 | GB65: =10023.629+29914.648 -> 39938.277 | GD65: =SUM(FY65:GC65) -> 39938.277 | GE65: =FG65+FM65+FR65+FX65+GD65 -> 39938.277 | GK65: =SUM(GF65:GJ65) -> 0 | GP65: =SUM(GL65:GO65) -> 0 | GV65: =SUM(GQ65:GU65) -> 0 | HA65: =8632.558+28859.082 -> 37491.64 | HC65: =SUM(GW65:HB65) -> 37491.64 | HD65: =GK65+GP65+GV65+HC65 -> 37491.64 | HI65: =SUM(HE65:HH65) -> 0 | HK65: 131.8 | HO65: =SUM(HJ65:HN65) -> 131.8 | HU65: =SUM(HP65:HT65) -> 0 | HY65: =SUM(HV65:HX65) -> 0 | HZ65: 32.8 | IB65: =10385.09+26857.86 -> 37242.95 | IC65: =SUM(HZ65:IB65) -> 37275.75 | ID65: =IC65+HY65+HU65+HO65+HI65 -> 37407.55 | IG65: =SUM(IE65:IF65) -> 0 | IM65: =SUM(IH65:IL65) -> 0 | IQ65: =SUM(IN65:IP65) -> 0 | IW65: =SUM(IR65:IV65) -> 0 | JA65: =7888.755+31452.396 -> 39341.151 | JC65: =SUM(IX65:JB65) -> 39341.151 | JD65: =IG65+IM65+IQ65+IW65+JC65 -> 39341.151 | JF65: 578.7 | JJ65: =SUM(JE65:JI65) -> 578.7 | JP65: =SUM(JK65:JO65) -> 0 | JV65: =SUM(JQ65:JU65) -> 0 | KC65: =SUM(JW65:KB65) -> 0 | KD65: 38000 | KJ65: =SUM(KE65:KI65) -> 0 | KP65: =SUM(KK65:KO65) -> 0 | KV65: =SUM(KQ65:KU65) -> 0 | LB65: =SUM(KW65:LA65) -> 0 | LF65: =SUM(LC65:LE65) -> 0 | LG65: 38000
B66: Sonede | D66: =SUM(C66:C66) -> 0 | J66: =SUM(E66:I66) -> 0 | O66: =SUM(K66:N66) -> 0 | U66: =SUM(P66:T66) -> 0 | AA66: =SUM(V66:Z66) -> 0 | AB66: =AA66+U66+O66+J66+D66 -> 0 | AH66: =SUM(AC66:AG66) -> 0 | AI66: 11719.8 | AN66: =SUM(AI66:AM66) -> 11719.8 | AT66: =SUM(AO66:AS66) -> 0 | AU66: 466.6 | AZ66: =SUM(AU66:AY66) -> 466.6 | BA66: =AZ66+AT66+AN66+AH66 -> 12186.4 | BG66: =SUM(BB66:BF66) -> 0 | BM66: =SUM(BH66:BL66) -> 0 | BR66: =SUM(BN66:BQ66) -> 0 | BX66: =SUM(BS66:BW66) -> 0 | CA66: =SUM(BY66:BZ66) -> 0 | CB66: =CA66+BX66+BR66+BM66+BG66 -> 0 | CF66: =SUM(CC66:CE66) -> 0 | CK66: =SUM(CG66:CJ66) -> 0 | CQ66: =SUM(CL66:CP66) -> 0 | CR66: 261.4 | CW66: =SUM(CR66:CV66) -> 261.4 | DB66: =SUM(CX66:DA66) -> 0 | DC66: =DB66+CW66+CQ66+CK66+CF66 -> 261.4 | DI66: =SUM(DD66:DH66) -> 0 | DO66: =SUM(DJ66:DN66) -> 0 | DQ66: 11619.1 | DR66: 257 | DU66: =SUM(DP66:DT66) -> 11876.1 | EA66: =SUM(DV66:DZ66) -> 0 | EB66: =EA66+DU66+DO66+DI66 -> 11876.1 | EH66: =SUM(EC66:EG66) -> 0 | EN66: =SUM(EI66:EM66) -> 0 | ET66: =SUM(EO66:ES66) -> 0 | EZ66: 79.5 | FB66: =SUM(EU66:FA66) -> 79.5 | FC66: =ET66+FB66+EN66+EH66 -> 79.5 | FG66: =SUM(FD66:FF66) -> 0 | FM66: =SUM(FH66:FL66) -> 0 | FO66: 205.2 | FR66: =SUM(FN66:FQ66) -> 205.2 | FX66: =SUM(FS66:FW66) -> 0 | GD66: =SUM(FY66:GC66) -> 0 | GE66: =FG66+FM66+FR66+FX66+GD66 -> 205.2 | GK66: =SUM(GF66:GJ66) -> 0 | GP66: =SUM(GL66:GO66) -> 0 | GT66: 235.4 | GV66: =SUM(GQ66:GU66) -> 235.4 | HC66: =SUM(GW66:HB66) -> 0 | HD66: =GK66+GP66+GV66+HC66 -> 235.4 | HI66: =SUM(HE66:HH66) -> 0 | HL66: 11290.4 | HO66: =SUM(HJ66:HN66) -> 11290.4 | HU66: =SUM(HP66:HT66) -> 0 | HY66: =SUM(HV66:HX66) -> 0 | IB66: 170.7 | IC66: =SUM(HZ66:IB66) -> 170.7 | ID66: =IC66+HY66+HU66+HO66+HI66 -> 11461.1 | IG66: =SUM(IE66:IF66) -> 0 | IM66: =SUM(IH66:IL66) -> 0 | IQ66: =SUM(IN66:IP66) -> 0 | IW66: =SUM(IR66:IV66) -> 0 | JC66: =SUM(IX66:JB66) -> 0 | JD66: =IG66+IM66+IQ66+IW66+JC66 -> 0 | JE66: 162 | JJ66: =SUM(JE66:JI66) -> 162 | JP66: =SUM(JK66:JO66) -> 0 | JV66: =SUM(JQ66:JU66) -> 0 | KC66: =SUM(JW66:KB66) -> 0 | KD66: =JJ66+JP66+JV66+KC66 -> 162 | KJ66: =SUM(KE66:KI66) -> 0 | KP66: =SUM(KK66:KO66) -> 0 | KV66: =SUM(KQ66:KU66) -> 0 | LB66: =SUM(KW66:LA66) -> 0 | LF66: =SUM(LC66:LE66) -> 0 | LG66: =LF66+LB66+KV66+KP66+KJ66 -> 0
B67: Telecommunication | D67: =SUM(C67:C67) -> 0 | J67: =SUM(E67:I67) -> 0 | O67: =SUM(K67:N67) -> 0 | U67: =SUM(P67:T67) -> 0 | AA67: =SUM(V67:Z67) -> 0 | AB67: =AA67+U67+O67+J67+D67 -> 0 | AH67: =SUM(AC67:AG67) -> 0 | AN67: =SUM(AI67:AM67) -> 0 | AT67: =SUM(AO67:AS67) -> 0 | AZ67: =SUM(AU67:AY67) -> 0 | BA67: =AZ67+AT67+AN67+AH67 -> 0 | BC67: =1573.315+108.5 -> 1681.815 | BG67: =SUM(BB67:BF67) -> 1681.815 | BM67: =SUM(BH67:BL67) -> 0 | BR67: =SUM(BN67:BQ67) -> 0 | BX67: =SUM(BS67:BW67) -> 0 | CA67: =SUM(BY67:BZ67) -> 0 | CB67: =CA67+BX67+BR67+BM67+BG67 -> 1681.815 | CF67: =SUM(CC67:CE67) -> 0 | CK67: =SUM(CG67:CJ67) -> 0 | CQ67: =SUM(CL67:CP67) -> 0 | CW67: =SUM(CR67:CV67) -> 0 | DB67: =SUM(CX67:DA67) -> 0 | DC67: =DB67+CW67+CQ67+CK67+CF67 -> 0 | DI67: =SUM(DD67:DH67) -> 0 | DM67: =1665.9+108.5 -> 1774.4 | DO67: =SUM(DJ67:DN67) -> 1774.4 | DU67: =SUM(DP67:DT67) -> 0 | EA67: =SUM(DV67:DZ67) -> 0 | EB67: =EA67+DU67+DO67+DI67 -> 1774.4 | EH67: =SUM(EC67:EG67) -> 0 | EN67: =SUM(EI67:EM67) -> 0 | ET67: =SUM(EO67:ES67) -> 0 | FB67: =SUM(EU67:FA67) -> 0 | FC67: =ET67+FB67+EN67+EH67 -> 0 | FG67: =SUM(FD67:FF67) -> 0 | FM67: =SUM(FH67:FL67) -> 0 | FR67: =SUM(FN67:FQ67) -> 0 | FX67: =SUM(FS67:FW67) -> 0 | GD67: =SUM(FY67:GC67) -> 0 | GE67: =FG67+FM67+FR67+FX67+GD67 -> 0 | GK67: =SUM(GF67:GJ67) -> 0 | GP67: =SUM(GL67:GO67) -> 0 | GT67: 1381.78 | GV67: =SUM(GQ67:GU67) -> 1381.78 | HC67: =SUM(GW67:HB67) -> 0 | HD67: =GK67+GP67+GV67+HC67 -> 1381.78 | HI67: =SUM(HE67:HH67) -> 0 | HO67: =SUM(HJ67:HN67) -> 0 | HU67: =SUM(HP67:HT67) -> 0 | HY67: =SUM(HV67:HX67) -> 0 | IC67: =SUM(HZ67:IB67) -> 0 | ID67: =IC67+HY67+HU67+HO67+HI67 -> 0 | IG67: =SUM(IE67:IF67) -> 0 | II67: 547.105 | IM67: =SUM(IH67:IL67) -> 547.105 | IQ67: =SUM(IN67:IP67) -> 0 | IW67: =SUM(IR67:IV67) -> 0 | JC67: =SUM(IX67:JB67) -> 0 | JD67: =IG67+IM67+IQ67+IW67+JC67 -> 547.105 | JJ67: =SUM(JE67:JI67) -> 0 | JP67: =SUM(JK67:JO67) -> 0 | JV67: =SUM(JQ67:JU67) -> 0 | KC67: =SUM(JW67:KB67) -> 0 | KD67: =JJ67+JP67+JV67+KC67 -> 0 | KJ67: =SUM(KE67:KI67) -> 0 | KP67: =SUM(KK67:KO67) -> 0 | KV67: =SUM(KQ67:KU67) -> 0 | LB67: =SUM(KW67:LA67) -> 0 | LF67: =SUM(LC67:LE67) -> 0 | LG67: =LF67+LB67+KV67+KP67+KJ67 -> 0
B68: Salaire | D68: =SUM(C68:C68) -> 0 | J68: =SUM(E68:I68) -> 0 | N68: =270.455+873.728 -> 1144.183 | O68: =SUM(K68:N68) -> 1144.183 | U68: =SUM(P68:T68) -> 0 | Z68: =391.137+55692.941+20976.928 -> 77061.006 | AA68: =SUM(V68:Z68) -> 77061.006 | AB68: =AA68+U68+O68+J68+D68 -> 78205.189 | AC68: 1500 | AD68: 678.589 | AE68: 169.48 | AF68: =370.274+600+600 -> 1570.274 | AG68: =300+850 -> 1150 | AH68: =SUM(AC68:AG68) -> 5068.343 | AJ68: =500+1000 -> 1500 | AN68: =SUM(AI68:AM68) -> 1500 | AT68: =SUM(AO68:AS68) -> 0 | AZ68: =SUM(AU68:AY68) -> 0 | BA68: =AZ68+AT68+AN68+AH68 -> 6568.343 | BB68: =65743.127+22187.054+556.723 -> 88486.904 | BF68: 396.89 | BG68: =SUM(BB68:BF68) -> 88883.794 | BJ68: 500 | BL68: =300+400 -> 700 | BM68: =SUM(BH68:BL68) -> 1200 | BP68: =600+500+1500+400 -> 3000 | BR68: =SUM(BN68:BQ68) -> 3000 | BX68: =SUM(BS68:BW68) -> 0 | BZ68: =54114.05+24274.114+500 -> 78888.164 | CA68: =SUM(BY68:BZ68) -> 78888.164 | CB68: =CA68+BX68+BR68+BM68+BG68 -> 171971.96 | CD68: 860 | CF68: =SUM(CC68:CE68) -> 860 | CG68: =119.776+344.75+222.812 -> 687.338 | CI68: 373.249 | CJ68: =150+150 -> 300 | CK68: =SUM(CG68:CJ68) -> 1360.587 | CQ68: =SUM(CL68:CP68) -> 0 | CW68: =SUM(CR68:CV68) -> 0 | DA68: =720.529+55832.038+23856.221 -> 80408.788 | DB68: =SUM(CX68:DA68) -> 80408.788 | DC68: =DB68+CW68+CQ68+CK68+CF68 -> 82629.375 | DH68: =86.066+183.333 -> 269.399 | DI68: =SUM(DD68:DH68) -> 269.399 | DO68: =SUM(DJ68:DN68) -> 0 | DU68: =SUM(DP68:DT68) -> 0 | EA68: =SUM(DV68:DZ68) -> 0 | EB68: =EA68+DU68+DO68+DI68 -> 269.399 | EC68: =23856.223+54657.87+450 -> 78964.093 | EF68: 50 | EG68: 50 | EH68: =SUM(EC68:EG68) -> 79064.093 | EN68: =SUM(EI68:EM68) -> 0 | EP68: 578.088 | ET68: =SUM(EO68:ES68) -> 578.088 | EV68: 500 | FB68: =SUM(EU68:FA68) -> 500 | FC68: =ET68+FB68+EN68+EH68 -> 80142.181 | FD68: =56020.977+23856.222+772.774+350.196 -> 81000.169 | FE68: 2500 | FG68: =SUM(FD68:FF68) -> 83500.169 | FK68: =21000+1800 -> 22800 | FM68: =SUM(FH68:FL68) -> 22800 | FP68: 500 | FR68: =SUM(FN68:FQ68) -> 500 | FX68: =SUM(FS68:FW68) -> 0 | FY68: 2000 | GC68: =60988.017+23956.695 -> 84944.712 | GD68: =SUM(FY68:GC68) -> 86944.712 | GE68: =FG68+FM68+FR68+FX68+GD68 -> 193744.88 | GF68: 2000 | GK68: =SUM(GF68:GJ68) -> 2000 | GL68: =1000+200 -> 1200 | GM68: 600 | GN68: 400 | GP68: =SUM(GL68:GO68) -> 2200 | GQ68: =400+400 -> 800 | GR68: 400 | GS68: =400+400+500 -> 1300 | GT68: =400+500 -> 900 | GU68: 400 | GV68: =SUM(GQ68:GU68) -> 3800 | GX68: 300 | GY68: 400 | GZ68: 400 | HA68: =400+400 -> 800 | HB68: =2000+408.834+1200+24306.694+56942.501 -> 84858.029 | HC68: =SUM(GW68:HB68) -> 86758.029 | HD68: =GK68+GP68+GV68+HC68 -> 94758.029 | HH68: 800 | HI68: =SUM(HE68:HH68) -> 800 | HK68: 600 | HO68: =SUM(HJ68:HN68) -> 600 | HQ68: =4800+29400 -> 34200 | HT68: 2000 | HU68: =SUM(HP68:HT68) -> 36200 | HX68: 1000 | HY68: =SUM(HV68:HX68) -> 1000 | IB68: =55643.08+23857.29+1703.92 -> 81204.29 | IC68: =SUM(HZ68:IB68) -> 81204.29 | ID68: =IC68+HY68+HU68+HO68+HI68 -> 119804.29 | IG68: =SUM(IE68:IF68) -> 0 | IJ68: =500+400+500+400 -> 1800 | IK68: =500+400+600 -> 1500 | IM68: =SUM(IH68:IL68) -> 3300 | IQ68: =SUM(IN68:IP68) -> 0 | IW68: =SUM(IR68:IV68) -> 0 | JB68: =59516.078+1331.333+23450.254 -> 84297.665 | JC68: =SUM(IX68:JB68) -> 84297.665 | JD68: =IG68+IM68+IQ68+IW68+JC68 -> 87597.665 | JJ68: =SUM(JE68:JI68) -> 0 | JP68: =SUM(JK68:JO68) -> 0 | JV68: =SUM(JQ68:JU68) -> 0 | KC68: =SUM(JW68:KB68) -> 0 | KD68: 85000 | KJ68: =SUM(KE68:KI68) -> 0 | KP68: =SUM(KK68:KO68) -> 0 | KV68: =SUM(KQ68:KU68) -> 0 | LB68: =SUM(KW68:LA68) -> 0 | LF68: =SUM(LC68:LE68) -> 0 | LG68: 85000
B69: Avance | D69: =SUM(C69:C69) -> 0 | J69: =SUM(E69:I69) -> 0 | N69: 250 | O69: =SUM(K69:N69) -> 250 | S69: 4900 | U69: =SUM(P69:T69) -> 4900 | AA69: =SUM(V69:Z69) -> 0 | AB69: =AA69+U69+O69+J69+D69 -> 5150 | AH69: =SUM(AC69:AG69) -> 0 | AN69: =SUM(AI69:AM69) -> 0 | AP69: =150+550+400 -> 1100 | AS69: 500 | AT69: =SUM(AO69:AS69) -> 1600 | AW69: 180 | AX69: 5150 | AZ69: =SUM(AU69:AY69) -> 5330 | BA69: =AZ69+AT69+AN69+AH69 -> 6930 | BC69: =450+200 -> 650 | BD69: 150 | BG69: =SUM(BB69:BF69) -> 800 | BM69: =SUM(BH69:BL69) -> 0 | BO69: =600+6400 -> 7000 | BR69: =SUM(BN69:BQ69) -> 7000 | BX69: =SUM(BS69:BW69) -> 0 | BY69: 50 | BZ69: 500 | CA69: =SUM(BY69:BZ69) -> 550 | CB69: =CA69+BX69+BR69+BM69+BG69 -> 8350 | CD69: 450 | CF69: =SUM(CC69:CE69) -> 450 | CK69: =SUM(CG69:CJ69) -> 0 | CN69: =900+6450 -> 7350 | CQ69: =SUM(CL69:CP69) -> 7350 | CW69: =SUM(CR69:CV69) -> 0 | CY69: 50 | DB69: =SUM(CX69:DA69) -> 50 | DC69: =DB69+CW69+CQ69+CK69+CF69 -> 7850 | DE69: 150 | DH69: 380 | DI69: =SUM(DD69:DH69) -> 530 | DM69: 600 | DO69: =SUM(DJ69:DN69) -> 600 | DP69: =6800+500 -> 7300 | DU69: =SUM(DP69:DT69) -> 7300 | EA69: =SUM(DV69:DZ69) -> 0 | EB69: =EA69+DU69+DO69+DI69 -> 8430 | EG69: 150 | EH69: =SUM(EC69:EG69) -> 150 | EN69: =SUM(EI69:EM69) -> 0 | EO69: =350+6950 -> 7300 | ET69: =SUM(EO69:ES69) -> 7300 | EU69: 100 | FB69: =SUM(EU69:FA69) -> 100 | FC69: =ET69+FB69+EN69+EH69 -> 7550 | FF69: 150 | FG69: =SUM(FD69:FF69) -> 150 | FM69: =SUM(FH69:FL69) -> 0 | FP69: =700+400 -> 1100 | FR69: =SUM(FN69:FQ69) -> 1100 | FU69: 100 | FX69: =SUM(FS69:FW69) -> 100 | GB69: 7100 | GD69: =SUM(FY69:GC69) -> 7100 | GE69: =FG69+FM69+FR69+FX69+GD69 -> 8450 | GK69: =SUM(GF69:GJ69) -> 0 | GP69: =SUM(GL69:GO69) -> 0 | GQ69: =7300+800 -> 8100 | GV69: =SUM(GQ69:GU69) -> 8100 | HC69: =SUM(GW69:HB69) -> 0 | HD69: =GK69+GP69+GV69+HC69 -> 8100 | HI69: =SUM(HE69:HH69) -> 0 | HJ69: 150 | HO69: =SUM(HJ69:HN69) -> 150 | HQ69: =950+6500 -> 7450 | HU69: =SUM(HP69:HT69) -> 7450 | HY69: =SUM(HV69:HX69) -> 0 | IC69: =SUM(HZ69:IB69) -> 0 | ID69: =IC69+HY69+HU69+HO69+HI69 -> 7600 | IG69: =SUM(IE69:IF69) -> 0 | IM69: =SUM(IH69:IL69) -> 0 | IP69: =6750+750 -> 7500 | IQ69: =SUM(IN69:IP69) -> 7500 | IV69: 300 | IW69: =SUM(IR69:IV69) -> 300 | JC69: =SUM(IX69:JB69) -> 0 | JD69: =IG69+IM69+IQ69+IW69+JC69 -> 7800 | JJ69: =SUM(JE69:JI69) -> 0 | JP69: =SUM(JK69:JO69) -> 0 | JV69: =SUM(JQ69:JU69) -> 0 | KC69: =SUM(JW69:KB69) -> 0 | KD69: =JJ69+JP69+JV69+KC69 -> 0 | KJ69: =SUM(KE69:KI69) -> 0 | KP69: =SUM(KK69:KO69) -> 0 | KV69: =SUM(KQ69:KU69) -> 0 | LB69: =SUM(KW69:LA69) -> 0 | LF69: =SUM(LC69:LE69) -> 0 | LG69: =LF69+LB69+KV69+KP69+KJ69 -> 0
B70: Prime | D70: =SUM(C70:C70) -> 0 | I70: =40711.068+11380.464+859.098+341.196 -> 53291.826 | J70: =SUM(E70:I70) -> 53291.826 | O70: =SUM(K70:N70) -> 0 | U70: =SUM(P70:T70) -> 0 | AA70: =SUM(V70:Z70) -> 0 | AB70: =AA70+U70+O70+J70+D70 -> 53291.826 | AH70: =SUM(AC70:AG70) -> 0 | AN70: =SUM(AI70:AM70) -> 0 | AT70: =SUM(AO70:AS70) -> 0 | AZ70: =SUM(AU70:AY70) -> 0 | BA70: =AZ70+AT70+AN70+AH70 -> 0 | BG70: =SUM(BB70:BF70) -> 0 | BM70: =SUM(BH70:BL70) -> 0 | BR70: =SUM(BN70:BQ70) -> 0 | BX70: =SUM(BS70:BW70) -> 0 | CA70: =SUM(BY70:BZ70) -> 0 | CB70: =CA70+BX70+BR70+BM70+BG70 -> 0 | CF70: =SUM(CC70:CE70) -> 0 | CK70: =SUM(CG70:CJ70) -> 0 | CQ70: =SUM(CL70:CP70) -> 0 | CW70: =SUM(CR70:CV70) -> 0 | DB70: =SUM(CX70:DA70) -> 0 | DC70: =DB70+CW70+CQ70+CK70+CF70 -> 0 | DI70: =SUM(DD70:DH70) -> 0 | DO70: =SUM(DJ70:DN70) -> 0 | DU70: =SUM(DP70:DT70) -> 0 | EA70: =SUM(DV70:DZ70) -> 0 | EB70: =EA70+DU70+DO70+DI70 -> 0 | EH70: =SUM(EC70:EG70) -> 0 | EN70: =SUM(EI70:EM70) -> 0 | ET70: =SUM(EO70:ES70) -> 0 | FB70: =SUM(EU70:FA70) -> 0 | FC70: =ET70+FB70+EN70+EH70 -> 0 | FG70: =SUM(FD70:FF70) -> 0 | FM70: =SUM(FH70:FL70) -> 0 | FR70: =SUM(FN70:FQ70) -> 0 | FX70: =SUM(FS70:FW70) -> 0 | GD70: =SUM(FY70:GC70) -> 0 | GE70: =FG70+FM70+FR70+FX70+GD70 -> 0 | GK70: =SUM(GF70:GJ70) -> 0 | GP70: =SUM(GL70:GO70) -> 0 | GV70: =SUM(GQ70:GU70) -> 0 | HC70: =SUM(GW70:HB70) -> 0 | HD70: =GK70+GP70+GV70+HC70 -> 0 | HI70: =SUM(HE70:HH70) -> 0 | HJ70: 2530 | HO70: =SUM(HJ70:HN70) -> 2530 | HQ70: =8400+1540+600 -> 10540 | HU70: =SUM(HP70:HT70) -> 10540 | HX70: 140 | HY70: =SUM(HV70:HX70) -> 140 | IC70: =SUM(HZ70:IB70) -> 0 | ID70: =IC70+HY70+HU70+HO70+HI70 -> 13210 | IG70: =SUM(IE70:IF70) -> 0 | IM70: =SUM(IH70:IL70) -> 0 | IQ70: =SUM(IN70:IP70) -> 0 | IW70: =SUM(IR70:IV70) -> 0 | JC70: =SUM(IX70:JB70) -> 0 | JD70: =IG70+IM70+IQ70+IW70+JC70 -> 0 | JJ70: =SUM(JE70:JI70) -> 0 | JP70: =SUM(JK70:JO70) -> 0 | JV70: =SUM(JQ70:JU70) -> 0 | KC70: =SUM(JW70:KB70) -> 0 | KD70: =JJ70+JP70+JV70+KC70 -> 0 | KJ70: =SUM(KE70:KI70) -> 0 | KP70: =SUM(KK70:KO70) -> 0 | KV70: =SUM(KQ70:KU70) -> 0 | LB70: =SUM(KW70:LA70) -> 0 | LF70: =SUM(LC70:LE70) -> 0 | LG70: =LF70+LB70+KV70+KP70+KJ70 -> 0
B71: Charge Social | D71: =SUM(C71:C71) -> 0 | J71: =SUM(E71:I71) -> 0 | O71: =SUM(K71:N71) -> 0 | R71: =117032.657 -> 117032.66 | T71: =29.08+186.535+4885.572 -> 5101.187 | U71: =SUM(P71:T71) -> 122133.84 | AA71: =SUM(V71:Z71) -> 0 | AB71: =AA71+U71+O71+J71+D71 -> 122133.84 | AH71: =SUM(AC71:AG71) -> 0 | AN71: =SUM(AI71:AM71) -> 0 | AT71: =SUM(AO71:AS71) -> 0 | AZ71: =SUM(AU71:AY71) -> 0 | BA71: =AZ71+AT71+AN71+AH71 -> 0 | BF71: 42.355 | BG71: =SUM(BB71:BF71) -> 42.355 | BM71: =SUM(BH71:BL71) -> 0 | BN71: 42.355 | BR71: =SUM(BN71:BQ71) -> 42.355 | BX71: =SUM(BS71:BW71) -> 0 | CA71: =SUM(BY71:BZ71) -> 0 | CB71: =CA71+BX71+BR71+BM71+BG71 -> 84.71 | CF71: =SUM(CC71:CE71) -> 0 | CK71: =SUM(CG71:CJ71) -> 0 | CN71: 42.355 | CO71: =103439.505+4141.091 -> 107580.6 | CQ71: =SUM(CL71:CP71) -> 107622.95 | CW71: =SUM(CR71:CV71) -> 0 | DB71: =SUM(CX71:DA71) -> 0 | DC71: =DB71+CW71+CQ71+CK71+CF71 -> 107622.95 | DI71: =SUM(DD71:DH71) -> 0 | DN71: 42.355 | DO71: =SUM(DJ71:DN71) -> 42.355 | DU71: =SUM(DP71:DT71) -> 0 | EA71: =SUM(DV71:DZ71) -> 0 | EB71: =EA71+DU71+DO71+DI71 -> 42.355 | EH71: =SUM(EC71:EG71) -> 0 | EN71: =SUM(EI71:EM71) -> 0 | EQ71: 42.355 | ET71: =SUM(EO71:ES71) -> 42.355 | FB71: =SUM(EU71:FA71) -> 0 | FC71: =ET71+FB71+EN71+EH71 -> 42.355 | FG71: =SUM(FD71:FF71) -> 0 | FM71: =SUM(FH71:FL71) -> 0 | FR71: =SUM(FN71:FQ71) -> 0 | FU71: 42.355 | FW71: =4695.214+101747.21 -> 106442.42 | FX71: =SUM(FS71:FW71) -> 106484.78 | GD71: =SUM(FY71:GC71) -> 0 | GE71: =FG71+FM71+FR71+FX71+GD71 -> 106484.78 | GK71: =SUM(GF71:GJ71) -> 0 | GP71: =SUM(GL71:GO71) -> 0 | GR71: 42.355 | GV71: =SUM(GQ71:GU71) -> 42.355 | HC71: =SUM(GW71:HB71) -> 0 | HD71: =GK71+GP71+GV71+HC71 -> 42.355 | HI71: =SUM(HE71:HH71) -> 0 | HO71: =SUM(HJ71:HN71) -> 0 | HS71: 42.355 | HU71: =SUM(HP71:HT71) -> 42.355 | HY71: =SUM(HV71:HX71) -> 0 | IC71: =SUM(HZ71:IB71) -> 0 | ID71: =IC71+HY71+HU71+HO71+HI71 -> 42.355 | IG71: =SUM(IE71:IF71) -> 0 | IM71: =SUM(IH71:IL71) -> 0 | IQ71: =SUM(IN71:IP71) -> 0 | IT71: =42.355+42.355 -> 84.71 | IW71: =SUM(IR71:IV71) -> 84.71 | IZ71: =4683.843+100831.187 -> 105515.03 | JC71: =SUM(IX71:JB71) -> 105515.03 | JD71: =IG71+IM71+IQ71+IW71+JC71 -> 105599.74 | JJ71: =SUM(JE71:JI71) -> 0 | JP71: =SUM(JK71:JO71) -> 0 | JV71: =SUM(JQ71:JU71) -> 0 | KC71: =SUM(JW71:KB71) -> 0 | KD71: =JJ71+JP71+JV71+KC71 -> 0 | KJ71: =SUM(KE71:KI71) -> 0 | KP71: =SUM(KK71:KO71) -> 0 | KV71: =SUM(KQ71:KU71) -> 0 | LB71: =SUM(KW71:LA71) -> 0 | LF71: =SUM(LC71:LE71) -> 0 | LG71: =LF71+LB71+KV71+KP71+KJ71 -> 0
